 Dungeon Crawl Stone Soup version 0.30-a0-165-g1891117ce2 (webtiles) character file.

Game seed: 10750224001183729634

868775 qw the Demon Slayer (level 27, -1/179 HPs)
             Began as a Gargoyle Fighter on Sept 27, 2022.
             Was a High Priest of the Shining One.
             Slain by a quicksilver ooze (13 damage)
             ... created by the Royal Jelly
             ... on level 5 of the Pits of Slime on Sept 28, 2022.
             The game lasted 00:52:58 (91248 turns).

qw the Demon Slayer (Gargoyle Fighter)             Turns: 91248, Time: 00:52:58

Health: -1/179     AC: 62    Str: 41    XL:     27
Magic:  52/54      EV: 11    Int: 24    God:    the Shining One [*****.]
Gold:   7428       SH: 29    Dex:  9    Spells: 26/26 levels left

rFire   + . .      SeeInvis .    o - +4 broad axe "Duaxaom" {spect, +Blink MP+9 Str+2}
rCold   + . .      Faith    .    e - +2 tower shield
rNeg    + + +      Spirit   .    L - +11 gold dragon scales
rPois   inf        Reflect  +    (helmet restricted)
rElec   +          Harm     .    F - +2 cloak {Will+}
rCorr   +          Rampage  +    C - +4 pair of gloves of Instinct {Will- MP+9 Str+2 Int+3}
Will    ++...                    u - +1 pair of boots "Codd" {Rampage rCorr Int+7 Dex-5}
Stlth   ..........               K - amulet of reflection
HPRegen 0.39/turn                J - ring "Cuiploschuv" {rPois Str+5 Dex+6}
MPRegen 0.34/turn                N - +4 ring of protection

@: about to teleport, engulfed, corroded, flying, glowing
A: sickness immunity, AC +20, big wings, negative energy resistance 1,
electricity resistance, torment resistance 1, petrification resistance, horns 1,
clever 1, deformed body, frail 1, low MP 1
}: 9/15 runes: serpentine, barnacled, silver, golden, demonic, glowing, magical,
fiery, dark
a: Renounce Religion, Evoke Blink, Divine Shield, Cleansing Flame, Summon Divine
Warrior


You were on level 5 of the Pits of Slime.
You worshipped the Shining One.
The Shining One was extremely pleased with you.
You visited 11 branches of the dungeon, and saw 54 of its levels.
You visited Pandemonium 1 time, and saw 16 of its levels.
You also visited: Sewer.

You collected 13906 gold pieces.
You spent 6478 gold pieces at shops.


Innate Abilities, Weirdness & Mutations

You are immune to sickness and miasma.
Your stone body is resilient. (AC +20)
You are immune to poison.
Your large and strong wings let you fly.
You resist negative energy. (rN+)
You are resistant to electric shocks. (rElec)
You are resistant to unholy torment.
You are immune to petrification.
You have a pair of small horns on your head.
Your mind is acute. (Int +4, Str/Dex -1)
Armour fits poorly on your strangely shaped body.
You are frail. (-10% HP)
Your magical capacity is low. (-10% MP)


   Skills:
 O Level 27 Fighting
 - Level 5.3 Short Blades
 + Level 18.7 Axes
 - Level 15.0 Throwing
 O Level 27 Armour
 - Level 11.0 Dodging
 - Level 24.0 Shields
 O Level 27 Invocations


You had 26 spell levels left.
You didn't know any spells.
Your spell library was empty.

Inventory:

Hand Weapons
 o - the +4 broad axe "Duaxaom" (weapon) {spect, +Blink MP+9 Str+2}
   (Okawaru gifted it to you on level 2 of the Lair of Beasts)

   When its wielder attacks, the weapon's spirit leaps out and strikes again.
   The spirit shares a part of any damage it takes with its wielder.
   Str:       It affects your strength (+2).
   MP:        It affects your magic capacity (+9).
   +Blink:    It lets you blink.
 E - a +8 broad axe of holy wrath
Missiles
 b - 29 boomerangs (quivered)
Armour
 e - a +2 tower shield (worn)
 f - the +3 pair of mountain boots {steadfast, rC+}
   (You bought it in a shop on level 2 of the Orcish Mines)

   It prevents involuntary movement, except for blinking, teleportation, or
   banishment.
   rC:        It protects you from cold.
 r - the +0 pair of gloves of Gaona {rC+ Str+2}
   (You found it on level 4 of the Dungeon)

   Str:       It affects your strength (+2).
   rC:        It protects you from cold.
 u - the +1 pair of boots "Codd" (worn) {Rampage rCorr Int+7 Dex-5}
   (You bought it in a shop on level 2 of the Snake Pit)

   Int:       It affects your intelligence (+7).
   Dex:       It affects your dexterity (-5).
   rCorr:     It protects you from acid and corrosion.
   Rampage:   It bestows one free step when moving towards enemies.
 C - the +4 pair of gloves of Instinct (worn) {Will- MP+9 Str+2 Int+3}
   (You acquired it on level 3 of the Depths)

   Str:       It affects your strength (+2).
   Int:       It affects your intelligence (+3).
   MP:        It affects your magic capacity (+9).
   Will:      It decreases your willpower.
 D - the +7 chain mail of Lom Todi {Will+ rCorr Dex+2}
   (You bought it in a shop on level 1 of the Shoals)

   Dex:       It affects your dexterity (+2).
   rCorr:     It protects you from acid and corrosion.
   Will:      It increases your willpower.
 F - a +2 cloak of willpower (worn)
 L - +11 gold dragon scales (worn)
Jewellery
 h - a ring of fire
 x - a ring of fire
 A - a ring of resist corrosion
 B - the ring "Ifad" {Will+ Int+3 Slay+3}
   (You took it off an ironbound convoker on level 5 of the Vaults)

   [ring of willpower]

   Int:       It affects your intelligence (+3).
   Slay:      It affects your accuracy & damage with ranged weapons and melee
   (+3).
   Will:      It increases your willpower.
 G - a ring of resist corrosion
 H - a ring of protection from cold
 I - the ring of Xivifes {rElec rF+ rN+ Will-}
   (You found it on level 3 of the Crypt)

   [ring of protection from fire]

   rF:        It protects you from fire.
   rElec:     It insulates you from electricity.
   rN:        It protects you from negative energy.
   Will:      It decreases your willpower.
 J - the ring "Cuiploschuv" (left hand) {rPois Str+5 Dex+6}
   (You acquired it on level 3 of the Snake Pit)

   [ring of dexterity]

   Str:       It affects your strength (+5).
   Dex:       It affects your dexterity (+6).
   rPois:     It protects you from poison.
 K - an amulet of reflection (around neck)
 N - a +4 ring of protection (right hand)
 Y - the ring of Balance {+Blink rF- rC+ Int+8 Dex+3}
   (You took it off a balrug in Pandemonium)

   [ring of protection from cold]

   Int:       It affects your intelligence (+8).
   Dex:       It affects your dexterity (+3).
   rF:        It makes you vulnerable to fire.
   rC:        It protects you from cold.
   +Blink:    It lets you blink.
Scrolls
 n - 2 scrolls of identify
 s - 4 scrolls of teleportation
 O - 3 scrolls of brand weapon
Potions
 c - 19 potions of curing
 d - 13 potions of might
 j - 9 potions of lignification
 k - 3 potions of cancellation
 m - 12 potions of attraction
 q - 8 potions of haste
 t - a potion of resistance
 v - 6 potions of magic

Dungeon Overview and Level Annotations

Branches:
Dungeon (15/15)            Temple (0/1) D:7            Lair (5/5) D:8
 Shoals (4/4) Lair:2        Snake (4/4) Lair:3        Slime (5/5) Lair:4
    Orc (2/2) D:12            Elf (0/3) Orc:2        Vaults (5/5) D:13
  Crypt (3/3) Vaults:3       Tomb (3/3) Crypt:3      Depths (4/4) D:15
    Zot (4/5) Depths:4      Sewer (visited)

Altars:
Cheibriados
Dithmenos
Elyvilon
Fedhas
Gozag
Hepliaklqana
Makhleb
Okawaru
Qazlal
Sif Muna
Trog
Uskayaw
Xom
Yredelemnul
Zin
The Shining One
Jiyva

Shops:
D:1 ?   D:2 *   Orc:2 [([(   Shoals:1 *?   Shoals:2 (   Shoals:4 :   Snake:2 (*
Snake:3 *   Snake:4 :   Vaults:4 *((*[   Vaults:5 (:

Portals:
Hell: Depths:1 Depths:2 Depths:3 Depths:4
Abyss: Vaults:1 Depths:1 Depths:3 Depths:4
Pandemonium: Depths:2 Depths:3 Depths:4
Ziggurat: Depths:3
Trove: D:11 (give +4 demon whip)

Annotations:
D:10 2 transporters, Vuocosy's ghost, journeyman HaHu
Shoals:1 6 transporters
Shoals:2 1 runed translucent door, qw's ghost, adept GrFi
Slime:5 Royal Jelly
Vaults:1 2 transporters, qw's ghost, adept GrFi
Depths:2 5 transporters
Zot:3 2 transporters


Message History

Your spectral weapon shares its damage with you!
The Royal Jelly hits your +4 broad axe "Duaxaom" {spect, +Blink MP+9 Str+2}.
Your spectral weapon shares its damage with you!
Your +4 broad axe "Duaxaom" {spect, +Blink MP+9 Str+2} is splashed with acid.
Your spectral weapon shares its damage with you!
The Royal Jelly closely misses your +4 broad axe "Duaxaom" {spect, +Blink MP+9 Str+2}.
You block the quicksilver ooze's attack. x3
The quicksilver ooze hits you but does no damage.
The acid blob hits you but does no damage.
The azure jelly completely misses your +4 broad axe "Duaxaom" {spect, +Blink MP+9 Str+2}.
The azure jelly hits your +4 broad axe "Duaxaom" {spect, +Blink MP+9 Str+2} but does no damage.
The azure jelly hits your +4 broad axe "Duaxaom" {spect, +Blink MP+9 Str+2}!
Your spectral weapon shares its damage with you!
The azure jelly hits your +4 broad axe "Duaxaom" {spect, +Blink MP+9 Str+2} but does no damage.
The rockslime hits your +4 broad axe "Duaxaom" {spect, +Blink MP+9 Str+2}!
Your spectral weapon shares its damage with you!
Your +4 broad axe "Duaxaom" {spect, +Blink MP+9 Str+2} is shoved backwards!
Your +4 broad axe "Duaxaom" {spect, +Blink MP+9 Str+2} fades away.
The quicksilver ooze hits you. The quicksilver ooze engulfs you!
The quicksilver ooze closely misses you.
The quicksilver ooze hits you. The quicksilver ooze barely misses you.
The rockslime quivers.
You hit the rockslime but do no damage.
You headbutt the rockslime, but do no damage.
The rockslime is almost dead.
You closely miss the quicksilver ooze. You slice the quicksilver ooze!!
You kill the quicksilver ooze!
That felt strangely unrewarding.
You closely miss the quicksilver ooze. You slash the acid blob!
Your hands burn!
You completely miss the quicksilver ooze.
You slash the quicksilver ooze!
Your +4 broad axe "Duaxaom" {spect, +Blink MP+9 Str+2} hits the quicksilver ooze!!
Your +4 broad axe "Duaxaom" {spect, +Blink MP+9 Str+2} misses the quicksilver ooze.
The quicksilver ooze closely misses you.
You block the quicksilver ooze's attack.
The acid blob spits acid at you.
The splash of acid reflects off an invisible shield around you!
The splash of acid hits the acid blob.
The acid blob completely resists.
The quicksilver ooze hits you!
You die...

#..................## #$
##...................####
##....................#...
#.......................#.
#....................#####
#.....................# #?
##......JJ¤..........###$)
#.....JJJ...........###[:
###....J@J............##$
##....(JJ.............##
#......................#
##.....................#
##.....................
#........<.............
.....###................
##..# ###..............
#.# ##.............


You could see the Royal Jelly, an acid blob, an azure jelly, 2 rockslimes, 4
quicksilver oozes and a friendly +4 broad axe "Duaxaom" {spect, +Blink MP+9
Str+2} (summoned).

Vanquished Creatures
  Cerebov (Pan)
  Ignacio (Pan)
  Lom Lobon (Pan)
  Mnoleg (Pan)
  5 ancient liches
  24 royal mummies
  5 Killer Klowns (Zot:4)
  5 pandemonium lords (Pan)
  Margery (Vaults:4)
  3 curse toes (Zot:2)
  9 golden dragons
  3 caustic shrikes (Depths:4)
  the Enchantress (Depths:3)
  3 bone dragons
  10 Brimstone Fiends (Pan)
  6 Tzitzimimeh (Pan)
  An Ice Fiend (Pan)
  18 tentacled monstrosities
  A shard shrike skeleton (Tomb:2)
  A Hell Sentinel (Pan)
  19 titans
  7 liches
  Asterion (Depths:2)
  7 deep elf blademasters
  7 deep elf master archers
  A kraken (Shoals:4)
  14 Executioners (Pan)
  25 acid blobs
  14 sphinxes
  7 ancient champions
  7 death cobs
  10 quicksilver dragons
  16 shadow dragons
  Gastronok (D:10)
  14 storm dragons
  2 revenants
  Roxanne (D:15)
  2 nagarajas (Snake:4)
  Donald (Vaults:1)
  Ilsuiw (Shoals:4)
  7 tengu reavers
  13 draconian monks
  11 azure jellies
  21 frost giants
  2 iron dragons
  14 rockslimes
  7 draconian knights
  25 fire giants
  6 demonspawn warmongers (Pan)
  10 draconian scorchers
  2 ghouls (Crypt:1)
  23 vault wardens
  A caustic shrike zombie (Crypt:3)
  3 ghost moths
  17 draconian shifters
  8 cacodemons (Pan)
  25 balrugs (Pan)
  Aizul (Vaults:2)
  Louise (D:15)
  5 curse skulls
  5 draconian stormcallers
  4 spriggan defenders (Depths:3)
  28 very ugly things
  An orc warlord (Orc:2)
  4 draconian annihilators
  15 quicksilver oozes
  4 demonspawn blood saints (Pan)
  A demonspawn corrupter (Pan)
  23 ironbound preservers
  5 war gargoyles
  9 reapers (Pan)
  6 vampire knights
  11 ironbound thunderhulks
  29 stone giants
  16 bennus
  6 demonspawn black suns (Pan)
  8 lorocyprocas (Pan)
  13 black draconians
  9 dire elephants
  17 green draconians
  21 purple draconians
  7 deep elf annihilators
  13 red draconians
  10 spark wasps
  15 white draconians
  17 yellow draconians
  3 merfolk javelineers
  15 green deaths (Pan)
  10 merfolk impalers
  14 blizzard demons (Pan)
  A crystal guardian (Vaults:1)
  5 fire dragons
  Josephine (D:10)
  14 ettins
  4 deep elf death magi
  An eidolon (Crypt:1)
  An entropy weaver (shapeshifter) (Vaults:5)
  3 entropy weavers
  12 yaktaur captains
  A deep elf high priest (Vaults:5)
  2 hell beasts (Pan)
  9 jiangshi
  17 mummy priests
  Harold (Lair:1)
  17 great orbs of eyes
  9 ice dragons
  A peacekeeper (Vaults:1)
  8 hydras
  A quicksilver dragon skeleton (Tomb:2)
  4 spriggan air magi
  33 vault guards
  5 rakshasas
  Erica (Lair:2)
  A catoblepas (D:13)
  3 salamander tyrants (Snake:4)
  A bennu zombie (Crypt:1)
  4 ogre magi
  A spriggan skeleton (Pan)
  6 anacondas
  2 alligator snapping turtles
  9 centaur warriors
  3 merfolk avatars
  5 ironbound frosthearts
  3 boulder beetles
  A fenstrider witch skeleton (Pan)
  7 two-headed ogres
  A death knight (D:14)
  5 tengu warriors
  35 death scarabs
  13 naga warriors
  2 satyrs
  11 merfolk aquamancers
  2 orc high priests (Orc:2)
  A hell hog (Depths:2)
  13 deep troll earth magi
  8 deep troll shamans
  9 vampire magi
  10 naga sharpshooters
  5 spriggan berserkers
  Nergalle (Orc:1)
  9 hell knights
  7 shock serpents
  62 sun demons
  2 death yaks (Lair:2)
  23 soul eaters
  A storm dragon zombie (Crypt:2)
  2 salamander mystics (Snake:4)
  6 shadow wraiths
  8 deep elf knights
  6 iron trolls
  14 sixfirhies
  Amaemon (Lair:1)
  An iron giant zombie (Crypt:1)
  47 skeletal warriors
  A titan skeleton (Tomb:1)
  69 deep trolls
  5 naga ritualists
  A cherub (Pan)
  22 sea snakes
  3 flayed ghosts
  A glowing orange brain (shapeshifter) (Vaults:3)
  6 shadow demons (Pan)
  A swamp dragon (shapeshifter) (Depths:3)
  6 glowing orange brains
  11 wizards
  4 lindwurms
  A spriggan simulacrum (Tomb:2)
  6 orc knights
  11 deep elf archers
  An anaconda skeleton (Crypt:3)
  14 ironbound convokers
  2 harpies (shapeshifter)
  13 harpies
  7 necromancers
  12 phantasmal warriors
  5 mana vipers
  5 deep elf zephyrmancers
  9 deep elf pyromancers
  53 ugly things
  A wolf spider (D:15)
  7 fauns
  2 shining eyes
  3 orc sorcerers (Orc:2)
  21 manticores
  9 salamanders
  35 large abominations (Pan)
  An iron dragon zombie (Crypt:3)
  A moth of wrath (shapeshifter) (Vaults:5)
  10 cyclopes
  A jorogumo skeleton (Crypt:2)
  22 moths of wrath
  An eleionoma skeleton (Crypt:1)
  2 elephants (Lair:2)
  11 merfolk sirens
  An eye of devastation (shapeshifter) (Depths:4)
  46 black mambas
  Joseph (D:10)
  A guardian serpent (shapeshifter) (D:10)
  3 guardian serpents
  A stone giant skeleton (Crypt:3)
  4 rust devils
  9 water nymphs
  14 vault sentinels
  2 torpor snails
  20 cane toads
  47 smoke demons
  7 gargoyles
  14 orange demons
  2 eyes of devastation (Depths:2)
  16 naga magi
  4 unseen horrors
  8 fire giant skeletons (Crypt:3)
  4 hellions
  An elephant slug zombie (Crypt:1)
  3 kobold demonologists (D:10)
  3 naga skeletons
  An unseen horror (shapeshifter) (Vaults:5)
  12 rime drakes
  5 freezing wraiths
  4 ice devils
  3 tormentors
  15 demonic crawlers (Pan)
  9 efreet (Pan)
  4 tengu conjurers
  24 yaktaurs
  24 hellwings
  11 red devils
  17 komodo dragons
  5 polar bears
  37 guardian mummies
  2 harpy zombies (Crypt:3)
  A queen bee (Lair:2)
  24 merfolk
  12 trolls
  22 wind drakes
  4 harpy skeletons
  Grinder (D:4)
  A wind drake (shapeshifter) (D:13)
  6 hornets
  A tarantella (Vaults:1)
  15 blink frogs
  73 slime creatures
  A culicivora zombie (Crypt:1)
  6 dream sheep (Lair:5)
  A guardian serpent skeleton (Crypt:1)
  An ettin zombie (Crypt:3)
  14 snapping turtles
  3 spriggans
  8 fire dragon skeletons (Crypt:3)
  6 flying skulls (Tomb:1)
  8 shadows
  2 culicivoras (shapeshifter) (D:13)
  24 ynoxinuls
  A spriggan (shapeshifter) (D:11)
  15 wyverns
  19 ushabtiu
  78 yaks
  4 vampires
  13 wraiths
  16 water elementals
  7 basilisks
  4 vampire mosquitoes
  Grum (D:10)
  37 chaos spawn
  6 redbacks
  A steam dragon (D:9)
  14 neqoxecs
  A warg (shapeshifter) (Vaults:5)
  4 wargs
  25 nagas
  5 acid dragons
  2 floating eyes
  A cane toad zombie (Crypt:2)
  A hell hound (Depths:2)
  17 water moccasins
  A faun skeleton (Crypt:2)
  42 orc warriors
  A sky beast (D:7)
  A meliai simulacrum (D:10)
  4 black bears
  8 ice beasts
  14 ogres
  6 wolves
  5 boggarts (D:15)
  3 centaurs
  A blink frog skeleton (Crypt:1)
  A phantom (D:5)
  A kobold brigand (D:9)
  12 bullfrogs
  A necrophage (Crypt:1)
  4 gnoll sergeants
  A komodo dragon skeleton (Crypt:2)
  3 scorpions
  A water moccasin zombie (Crypt:1)
  8 wights
  39 killer bees
  4 electric eels
  6 howler monkeys
  A yak skeleton (Crypt:2)
  A troll skeleton (Crypt:2)
  7 crimson imps (Pan)
  2 hounds
  17 orc priests
  4 jellies
  An iron imp (D:8)
  3 iguanas
  30 orc wizards
  7 hell rats
  2 centaur simulacra (D:10)
  A sky beast zombie (Crypt:1)
  45 mummies
  Robin (D:4)
  21 gnolls
  2 river rats (Sewer)
  11 adders
  A shadow imp (D:7)
  A swamp drake skeleton (Crypt:1)
  3 white imps (D:10)
  7 worms
  A dart slug (D:1)
  86 orcs
  3 bats
  8 endoplasms
  A giant cockroach (D:2)
  16 goblins
  8 hobgoblins (D:4)
  20 kobolds
  2 quokkas
  9 ball pythons
  An endoplasm zombie (Crypt:2)
  A frilled lizard (D:3)
  10 rats
  A block of ice (Pan)
  A butterfly (Lair:4)
  5 tentacles (Shoals:4)
3094 creatures vanquished.

Vanquished Creatures (collateral kills)
  6 royal mummies
  3 Brimstone Fiends (Pan)
  3 pandemonium lords (Pan)
  A tentacled monstrosity (Pan)
  2 deep elf blademasters (Tomb:1)
  A titan (Tomb:1)
  4 acid blobs (Slime:5)
  An Executioner (Pan)
  An ancient champion (Tomb:3)
  A demonspawn warmonger (Pan)
  2 azure jellies (Slime:5)
  A fire giant (Tomb:1)
  3 balrugs (Pan)
  3 rockslimes (Slime:5)
  A cacodemon (Pan)
  A curse skull (Pan)
  2 demonspawn blood saints (Pan)
  3 quicksilver oozes (Slime:5)
  7 reapers (Pan)
  3 very ugly things (Pan)
  4 bennus (Tomb:3)
  2 lorocyprocas (Pan)
  7 mummy priests
  A rakshasa (Pan)
  A hell beast (Pan)
  4 death scarabs (Tomb:1)
  A deep elf knight (Tomb:1)
  6 soul eaters (Pan)
  6 sun demons (Pan)
  3 skeletal warriors (Tomb:3)
  A shadow demon (Pan)
  3 wizards (Pan)
  A deep elf archer (Crypt:3)
  2 ugly things (Pan)
  3 large abominations (Pan)
  2 orange demons (Pan)
  A centaur skeleton (Tomb:3)
  A hellion (Pan)
  7 smoke demons (Pan)
  An eye of devastation (Slime:5)
  A demonic crawler (Pan)
  A tormentor (Pan)
  4 guardian mummies (Tomb:1)
  A red devil (Pan)
  2 wind drakes (Pan)
  A harpy skeleton (Pan)
  2 slime creatures
  An ettin skeleton (Tomb:3)
  2 ushabtiu (Tomb:2)
  2 ynoxinuls (Pan)
  4 chaos spawn (Pan)
  A golden eye (Slime:5)
  A neqoxec (Pan)
  A crimson imp (Pan)
  8 mummies
  A fire vortex (Pan)
139 creatures vanquished.

Vanquished Creatures (others)
  Gloorx Vloq (Pan)
  A demonspawn warmonger (Pan)
  A vault warden (Vaults:5)
  A balrug (Pan)
  A rakshasa (Pan)
  2 spriggan air magi
  A sun demon (Pan)
  A shadow wraith (Vaults:4)
  A sixfirhy (Pan)
  2 wizards
  A deep elf zephyrmancer (Vaults:5)
  A deep elf pyromancer (Vaults:5)
  A manticore (Shoals:3)
  A cyclops (shapeshifter) (Depths:4)
  A wind drake (Pan)
  A naga (Snake:4)
  6 ball lightnings (Pan)
  A bush (Lair:5)
  44 fungi
  153 plants
  7 tentacles (Shoals:4)
  9 withered plants
238 creatures vanquished.

Grand Total: 3471 creatures vanquished

Notes
Turn   | Place    | Note
-------+----------+-------------------------------------------
     0 | D:1      | qw the Gargoyle Fighter began the quest for the Orb.
     0 | D:1      | Reached XP level 1. HP: 14/14 MP: 1/1
     0 | D:1      | 0 ||| qw: Version: 0.2-a-10-g37ed214
     0 | D:1      | 0 ||| qw: Game counter: 719
     0 | D:1      | 0 ||| qw: Always use a shield: true
     0 | D:1      | 0 ||| qw: God list: Okawaru
     0 | D:1      | 0 ||| qw: Allow faded altars: false
     0 | D:1      | 0 ||| qw: Do Orc after D:15 true
     0 | D:1      | 0 ||| qw: Do second Lair branch before Depths: true
     0 | D:1      | 0 ||| qw: Lair rune preference: random
     0 | D:1      | 0 ||| qw: Plans: Normal, Zot:1-4, God:TSO, Crypt, Tomb,
                  | Pan, Slime:5, Hells, Abyss, Orb
     0 | D:1      | 0 ||| PLANNING D:1-11
    21 | D:1      | Found Jopsiaju's Magic Scroll Emporium.
    49 | D:1      | 49 ||| SHOPLISTING scroll of enchant armour (75 gold, have
                  | 0).
    49 | D:1      | 49 ||| SHOPLISTING scroll of identify (20 gold, have 0).
    49 | D:1      | 49 ||| SHOPLISTING scroll of teleportation (30 gold, have
                  | 0).
    81 | D:1      | 81 ||| Stepping ~*~*~tactically~*~*~ (stealth).
    82 | D:1      | 82 ||| Stepping ~*~*~tactically~*~*~ (stealth).
    92 | D:1      | Reached XP level 2. HP: 13/19 MP: 2/2
   453 | D:1      | 453 ||| DROPPING +0 club.
   630 | D:1      | Found a faded altar of an unknown god.
  1113 | D:1      | 1113 ||| UPGRADING to +4 ring of protection.
  1114 | D:1      | 1114 ||| READING 2 scrolls labelled QANENN MALEIS.
  1117 | D:1      | 1117 ||| READING 2 scrolls labelled CIYGEN HUZU.
  1118 | D:1      | 1118 ||| READING scroll labelled VYTUNNYECK.
  1119 | D:1      | 1119 ||| DROPPING scroll of noise.
  1235 | D:2      | Reached skill level 3 in Axes
  1250 | D:2      | Reached XP level 3. HP: 23/23 MP: 3/3
  1306 | D:2      | Found Minluu Akea's General Store.
  1314 | D:2      | 1314 ||| SHOPLISTING ring of resist corrosion (240 gold,
                  | have 21).
  1314 | D:2      | 1314 ||| SHOPLISTING scroll of teleportation (36 gold, have
                  | 21).
  1466 | D:2      | Reached skill level 1 in Throwing
  1785 | D:2      | Reached XP level 4. HP: 27/28 MP: 4/4
  1813 | D:2      | Found a bloodstained altar of Trog.
  2107 | D:2      | 2107 ||| DROPPING orb of light.
  2108 | D:2      | 2108 ||| READING scroll labelled GOOBAI XEOM POTH.
  2109 | D:2      | 2109 ||| READING 4 scrolls labelled JIRAD USIOWI.
  2110 | D:2      | 2110 ||| READING scroll labelled REM NUNNETU.
  2111 | D:2      | 2111 ||| DRINKING 3 black potions.
  2143 | D:2      | 2143 ||| DRINKING 3 fizzy white potions.
  2144 | D:2      | 2144 ||| DRINKING 2 smoky brown potions.
  2145 | D:2      | 2145 ||| READING 3 scrolls of identify.
  2145 | D:2      | 2145 ||| IDENTIFYING ruby potion
  2146 | D:2      | 2146 ||| READING 2 scrolls of identify.
  2146 | D:2      | 2146 ||| IDENTIFYING lumpy puce potion
  2147 | D:2      | 2147 ||| DROPPING potion of berserk rage.
  2148 | D:2      | 2148 ||| DROPPING potion of degeneration.
  2200 | D:3      | Found a stormy altar of Qazlal.
  2201 | D:3      | 2201 ||| PLANNING SEWER
  2527 | D:3      | Found a glowing drain.
  2532 | D:3      | 2532 ||| FLEEEEING.
  2533 | D:3      | 2533 ||| FLEEEEING.
  2534 | D:3      | 2534 ||| FLEEEEING.
  2535 | D:3      | 2535 ||| FLEEEEING.
  2536 | D:3      | 2536 ||| FLEEEEING.
  2537 | D:3      | 2537 ||| FLEEEEING.
  2538 | D:3      | 2538 ||| FLEEEEING.
  2539 | D:3      | 2539 ||| FLEEEEING.
  2540 | D:3      | 2540 ||| FLEEEEING.
  2541 | D:3      | 2541 ||| FLEEEEING.
  2542 | D:3      | 2542 ||| FLEEEEING.
  2543 | D:3      | 2543 ||| FLEEEEING.
  2544 | D:3      | 2544 ||| FLEEEEING.
  2545 | D:3      | 2545 ||| FLEEEEING.
  2547 | D:3      | 2547 ||| FLEEEEING.
  2548 | D:3      | 2548 ||| FLEEEEING.
  2549 | D:3      | 2549 ||| FLEEEEING.
  2550 | D:3      | 2550 ||| FLEEEEING.
  2551 | D:3      | 2551 ||| FLEEEEING.
  2552 | D:3      | 2552 ||| FLEEEEING.
  2553 | D:3      | 2553 ||| FLEEEEING.
  2554 | D:3      | 2554 ||| FLEEEEING.
  2555 | D:3      | 2555 ||| FLEEEEING.
  2556 | D:3      | 2556 ||| FLEEEEING.
  2558 | D:3      | 2558 ||| FLEEEEING.
  2559 | D:3      | 2559 ||| FLEEEEING.
  2560 | D:3      | 2560 ||| FLEEEEING.
  2561 | D:3      | 2561 ||| FLEEEEING.
  2562 | D:3      | 2562 ||| FLEEEEING.
  2563 | D:3      | 2563 ||| FLEEEEING.
  2564 | D:3      | 2564 ||| FLEEEEING.
  2565 | D:3      | 2565 ||| FLEEEEING.
  2567 | D:3      | 2567 ||| FLEEEEING.
  2568 | D:3      | 2568 ||| FLEEEEING.
  2569 | D:3      | 2569 ||| FLEEEEING.
  2570 | D:3      | 2570 ||| FLEEEEING.
  2571 | D:3      | 2571 ||| FLEEEEING.
  2572 | D:3      | 2572 ||| FLEEEEING.
  2573 | D:3      | 2573 ||| FLEEEEING.
  2574 | D:3      | 2574 ||| FLEEEEING.
  2575 | D:3      | 2575 ||| FLEEEEING.
  2576 | D:3      | 2576 ||| FLEEEEING.
  2577 | D:3      | 2577 ||| FLEEEEING.
  2578 | D:3      | 2578 ||| FLEEEEING.
  2579 | D:3      | 2579 ||| FLEEEEING.
  2580 | D:3      | 2580 ||| FLEEEEING.
  2581 | D:3      | 2581 ||| FLEEEEING.
  2582 | D:3      | 2582 ||| FLEEEEING.
  2583 | D:3      | 2583 ||| FLEEEEING.
  2584 | D:3      | 2584 ||| FLEEEEING.
  2585 | D:3      | 2585 ||| FLEEEEING.
  2586 | D:3      | 2586 ||| STAIRDANCE
  2593 | D:3      | 2593 ||| STAIRDANCE
  2636 | D:3      | 2636 ||| FLEEEEING.
  2637 | D:3      | 2637 ||| FLEEEEING.
  2638 | D:3      | 2638 ||| FLEEEEING.
  2639 | D:3      | 2639 ||| FLEEEEING.
  2654 | D:3      | 2654 ||| FLEEEEING.
  2655 | D:3      | 2655 ||| FLEEEEING.
  2659 | D:3      | 2659 ||| FLEEEEING.
  2660 | D:3      | 2660 ||| FLEEEEING.
  2661 | D:3      | 2661 ||| FLEEEEING.
  2662 | D:3      | 2662 ||| FLEEEEING.
  2663 | D:3      | 2663 ||| FLEEEEING.
  2664 | D:3      | 2664 ||| FLEEEEING.
  2677 | D:3      | 2677 ||| FLEEEEING.
  2678 | D:3      | 2678 ||| FLEEEEING.
  2679 | D:3      | 2679 ||| FLEEEEING.
  2692 | D:3      | 2692 ||| FLEEEEING.
  2693 | D:3      | 2693 ||| FLEEEEING.
  2694 | D:3      | 2694 ||| FLEEEEING.
  2696 | D:3      | 2696 ||| STAIRDANCE
  2700 | D:3      | 2700 ||| STAIRDANCE
  2704 | D:3      | 2704 ||| STAIRDANCE
  2708 | D:3      | 2708 ||| STAIRDANCE
  2712 | D:3      | 2712 ||| STAIRDANCE
  2716 | D:3      | 2716 ||| STAIRDANCE
  2727 | D:3      | 2727 ||| STAIRDANCE
  2789 | Sewer    | Entered a sewer
  2791 | Sewer    | 2791 ||| Stepping ~*~*~tactically~*~*~ (stealth).
  2803 | Sewer    | 2803 ||| Stepping ~*~*~tactically~*~*~ (stealth).
  2804 | Sewer    | 2804 ||| Stepping ~*~*~tactically~*~*~ (stealth).
  2805 | Sewer    | 2805 ||| Stepping ~*~*~tactically~*~*~ (stealth).
  2881 | Sewer    | Reached XP level 5. HP: 22/32 MP: 5/5
  2985 | Sewer    | 2985 ||| READING scroll of enchant weapon.
  2985 | Sewer    | 2985 ||| ENCHANTING +1 war axe.
  2996 | Sewer    | 2996 ||| READING 3 scrolls labelled ILECIUHERCH.
  2997 | Sewer    | 2997 ||| READING scroll labelled UTHRONU DYDDAI.
  2998 | Sewer    | 2998 ||| READING scroll labelled YSMEV ENUIXT.
  3099 | Sewer    | 3099 ||| READING 2 scrolls of identify.
  3099 | Sewer    | 3099 ||| IDENTIFYING fizzy black potion
  3100 | Sewer    | 3100 ||| DROPPING potion of invisibility.
  3101 | Sewer    | 3101 ||| DROPPING 2 scrolls of blinking.
  3106 | D:3      | 3106 ||| PLANNING D:1-11
  3186 | D:3      | 3186 ||| Stepping ~*~*~tactically~*~*~ (hiding).
  3695 | D:3      | Found a shimmering blue altar of Sif Muna.
  3701 | D:3      | Reached XP level 6. HP: 31/38 MP: 6/6
  3758 | D:3      | 3758 ||| DROPPING +0 mace.
  3878 | D:3      | 3878 ||| UPGRADING to +0 chain mail.
  3888 | D:3      | 3888 ||| DROPPING +0 scale mail.
  3933 | D:4      | 3933 ||| STAIRDANCE
  3938 | D:4      | 3938 ||| STAIRDANCE
  4087 | D:4      | 4087 ||| Stepping ~*~*~tactically~*~*~ (stealth).
  4090 | D:4      | 4090 ||| Stepping ~*~*~tactically~*~*~ (stealth).
  4099 | D:4      | Found a shadowy altar of Dithmenos.
  4112 | D:4      | 4112 ||| FLEEEEING.
  4114 | D:4      | 4114 ||| FLEEEEING.
  4115 | D:4      | 4115 ||| FLEEEEING.
  4116 | D:4      | 4116 ||| FLEEEEING.
  4117 | D:4      | 4117 ||| FLEEEEING.
  4118 | D:4      | 4118 ||| FLEEEEING.
  4119 | D:4      | 4119 ||| FLEEEEING.
  4125 | D:4      | 4125 ||| FLEEEEING.
  4126 | D:4      | 4126 ||| FLEEEEING.
  4127 | D:4      | 4127 ||| FLEEEEING.
  4128 | D:4      | 4128 ||| FLEEEEING.
  4131 | D:4      | 4131 ||| FLEEEEING.
  4132 | D:4      | 4132 ||| FLEEEEING.
  4135 | D:4      | 4135 ||| FLEEEEING.
  4136 | D:4      | 4136 ||| FLEEEEING.
  4137 | D:4      | 4137 ||| FLEEEEING.
  4138 | D:4      | 4138 ||| FLEEEEING.
  4139 | D:4      | 4139 ||| FLEEEEING.
  4143 | D:4      | 4143 ||| FLEEEEING.
  4144 | D:4      | 4144 ||| FLEEEEING.
  4145 | D:4      | 4145 ||| FLEEEEING.
  4146 | D:4      | 4146 ||| FLEEEEING.
  4147 | D:4      | 4147 ||| FLEEEEING.
  4148 | D:4      | 4148 ||| FLEEEEING.
  4154 | D:4      | 4154 ||| FLEEEEING.
  4155 | D:4      | 4155 ||| FLEEEEING.
  4156 | D:4      | 4156 ||| FLEEEEING.
  4161 | D:4      | 4161 ||| STAIRDANCE
  4286 | D:4      | 4286 ||| Stepping ~*~*~tactically~*~*~ (stealth).
  4288 | D:4      | 4288 ||| Stepping ~*~*~tactically~*~*~ (stealth).
  4289 | D:4      | Noticed Robin
  4290 | D:4      | 4290 ||| Stepping ~*~*~tactically~*~*~ (stealth).
  4303 | D:4      | 4303 ||| Stepping ~*~*~tactically~*~*~ (stealth).
  4314 | D:4      | 4314 ||| Stepping ~*~*~tactically~*~*~ (hiding).
  4323 | D:4      | Killed Robin
  4415 | D:4      | Found a burning altar of Makhleb.
  4421 | D:4      | Found a hide-covered altar of Uskayaw.
  4460 | D:4      | 4460 ||| Stepping ~*~*~tactically~*~*~ (stealth).
  4467 | D:4      | 4467 ||| Stepping ~*~*~tactically~*~*~ (stealth).
  4473 | D:4      | 4473 ||| Stepping ~*~*~tactically~*~*~ (stealth).
  4498 | D:4      | 4498 ||| Stepping ~*~*~tactically~*~*~ (stealth).
  4501 | D:4      | 4501 ||| Stepping ~*~*~tactically~*~*~ (stealth).
  4502 | D:4      | 4502 ||| Stepping ~*~*~tactically~*~*~ (stealth).
  4706 | D:4      | HP: 9/38 [ogre/+0 giant club (18)]
  4707 | D:4      | 4707 ||| READING scroll of teleportation.
  5136 | D:4      | 5136 ||| Stepping ~*~*~tactically~*~*~ (stealth).
  5146 | D:4      | Reached skill level 6 in Axes
  5146 | D:4      | Reached XP level 7. HP: 29/43 MP: 7/7
  5257 | D:4      | Found a basalt altar of Yredelemnul.
  5265 | D:4      | Noticed Grinder
  5268 | D:4      | Paralysed by Grinder for 3 turns
  5279 | D:4      | Killed Grinder
  5393 | D:4      | Identified the +0 pair of gloves of Gaona {rC+ Str+2}
  5447 | D:4      | 5447 ||| UPGRADING to +0 helmet.
  5452 | D:4      | 5452 ||| UPGRADING to +0 plate armour.
  5462 | D:4      | 5462 ||| DROPPING +0 chain mail.
  5463 | D:4      | 5463 ||| UPGRADING to +0 pair of gloves of Gaona {rC+
                  | Str+2}.
  5468 | D:4      | 5468 ||| READING 2 scrolls of identify.
  5468 | D:4      | 5468 ||| IDENTIFYING fuming sapphire potion
  5469 | D:4      | 5469 ||| DROPPING potion of flight.
  5490 | D:5      | Entered Level 5 of the Dungeon
  5762 | D:5      | 5762 ||| DROPPING +2 mace of protection.
  5814 | D:5      | Found a glowing silver altar of Zin.
  5888 | D:5      | 5888 ||| Stepping ~*~*~tactically~*~*~ (stealth).
  5890 | D:5      | 5890 ||| Stepping ~*~*~tactically~*~*~ (stealth).
  5891 | D:5      | 5891 ||| Stepping ~*~*~tactically~*~*~ (stealth).
  5894 | D:5      | 5894 ||| Stepping ~*~*~tactically~*~*~ (stealth).
  5902 | D:5      | Reached XP level 8. HP: 40/48 MP: 8/8
  5952 | D:5      | 5952 ||| Stepping ~*~*~tactically~*~*~ (stealth).
  5954 | D:5      | 5954 ||| DRINKING potion of curing.
  5954 | D:5      | 5954 ||| (to cure confusion)
  5955 | D:5      | 5955 ||| Stepping ~*~*~tactically~*~*~ (hiding).
  5957 | D:5      | 5957 ||| Stepping ~*~*~tactically~*~*~ (stealth).
  6006 | D:5      | 6006 ||| FLEEEEING.
  6007 | D:5      | 6007 ||| FLEEEEING.
  6008 | D:5      | 6008 ||| FLEEEEING.
  6009 | D:5      | 6009 ||| FLEEEEING.
  6010 | D:5      | 6010 ||| FLEEEEING.
  6011 | D:5      | 6011 ||| FLEEEEING.
  6012 | D:5      | 6012 ||| FLEEEEING.
  6013 | D:5      | 6013 ||| FLEEEEING.
  6014 | D:5      | 6014 ||| FLEEEEING.
  6015 | D:5      | 6015 ||| FLEEEEING.
  6016 | D:5      | 6016 ||| FLEEEEING.
  6017 | D:5      | 6017 ||| FLEEEEING.
  6018 | D:5      | 6018 ||| FLEEEEING.
  6019 | D:5      | 6019 ||| FLEEEEING.
  6020 | D:5      | 6020 ||| FLEEEEING.
  6021 | D:5      | 6021 ||| FLEEEEING.
  6022 | D:5      | 6022 ||| FLEEEEING.
  6023 | D:5      | 6023 ||| FLEEEEING.
  6024 | D:5      | 6024 ||| FLEEEEING.
  6025 | D:5      | 6025 ||| FLEEEEING.
  6026 | D:5      | 6026 ||| FLEEEEING.
  6027 | D:5      | 6027 ||| FLEEEEING.
  6032 | D:5      | 6032 ||| FLEEEEING.
  6033 | D:5      | 6033 ||| FLEEEEING.
  6034 | D:5      | 6034 ||| FLEEEEING.
  6035 | D:5      | 6035 ||| FLEEEEING.
  6036 | D:5      | 6036 ||| FLEEEEING.
  6037 | D:5      | 6037 ||| FLEEEEING.
  6038 | D:5      | 6038 ||| FLEEEEING.
  6039 | D:5      | 6039 ||| FLEEEEING.
  6040 | D:5      | 6040 ||| FLEEEEING.
  6139 | D:5      | Found an iron altar of Okawaru.
  6140 | D:5      | 6140 ||| PLANNING OKAWARU WORSHIP
  6140 | D:5      | 6140 ||| READING scroll labelled ZUECZE PEHEA.
  6141 | D:5      | 6141 ||| DRINKING 3 emerald potions.
  6150 | D:5      | Became a worshipper of Warmaster Okawaru
  6151 | D:5      | 6151 ||| PLANNING D:1-11
  6275 | D:5      | Found an opulent altar of Gozag.
  6299 | D:5      | 6299 ||| Stepping ~*~*~tactically~*~*~ (hiding).
  6301 | D:5      | 6301 ||| Stepping ~*~*~tactically~*~*~ (stealth).
  6302 | D:5      | 6302 ||| Stepping ~*~*~tactically~*~*~ (hiding).
  6635 | D:6      | 6635 ||| Stepping ~*~*~tactically~*~*~ (stealth).
  6696 | D:6      | Reached * piety under Okawaru
  6837 | D:6      | 6837 ||| Stepping ~*~*~tactically~*~*~ (hiding).
  6838 | D:6      | 6838 ||| Stepping ~*~*~tactically~*~*~ (hiding).
  6842 | D:6      | 6842 ||| INVOKING Heroism.
  6849 | D:6      | 6849 ||| Stepping ~*~*~tactically~*~*~ (hiding).
  6854 | D:6      | 6854 ||| INVOKING Heroism.
  6859 | D:6      | Reached skill level 1 in Invocations
  6975 | D:6      | Reached XP level 9. HP: 54/54 MP: 8/10
  7037 | D:6      | 7037 ||| INVOKING Heroism.
  7155 | D:6      | 7155 ||| READING scroll of enchant weapon.
  7155 | D:6      | 7155 ||| ENCHANTING +2 war axe.
  7249 | D:6      | 7249 ||| READING scroll labelled SAOWAO ZOLIP.
  7250 | D:6      | 7250 ||| READING scroll labelled IRCHAE UNUQYT.
  7251 | D:6      | 7251 ||| READING scroll labelled RYAHUTW KAETA.
  7274 | D:7      | 7274 ||| PLANNING OSSUARY
  7315 | D:7      | Reached skill level 3 in Invocations
  7332 | D:7      | 7332 ||| Stepping ~*~*~tactically~*~*~ (stealth).
  7334 | D:7      | 7334 ||| INVOKING Heroism.
  7345 | D:7      | Reached skill level 6 in Fighting
  7369 | D:7      | 7369 ||| Stepping ~*~*~tactically~*~*~ (stealth).
  7370 | D:7      | 7370 ||| Stepping ~*~*~tactically~*~*~ (stealth).
  7371 | D:7      | 7371 ||| Stepping ~*~*~tactically~*~*~ (stealth).
  7374 | D:7      | 7374 ||| Stepping ~*~*~tactically~*~*~ (stealth).
  7376 | D:7      | 7376 ||| INVOKING Heroism.
  7395 | D:7      | 7395 ||| INVOKING Heroism.
  7550 | D:7      | 7550 ||| Stepping ~*~*~tactically~*~*~ (hiding).
  7554 | D:7      | 7554 ||| Stepping ~*~*~tactically~*~*~ (hiding).
  7555 | D:7      | 7555 ||| Stepping ~*~*~tactically~*~*~ (hiding).
  7567 | D:7      | 7567 ||| Stepping ~*~*~tactically~*~*~ (stealth).
  7572 | D:7      | 7572 ||| Stepping ~*~*~tactically~*~*~ (stealth).
  7628 | D:7      | 7628 ||| INVOKING Heroism.
  7629 | D:7      | 7629 ||| Stepping ~*~*~tactically~*~*~ (stealth).
  7653 | D:7      | Reached skill level 9 in Axes
  7719 | D:7      | 7719 ||| INVOKING Heroism.
  7743 | D:7      | 7743 ||| INVOKING Heroism.
  7761 | D:7      | HP: 7/55 [gnoll sergeant/+3 trident of protection (10)]
  7762 | D:7      | 7762 ||| READING scroll of teleportation.
  7762 | D:7      | HP: 3/55 [gnoll sergeant/+3 trident of protection (4)]
  7763 | D:7      | 7763 ||| DRINKING 2 potions of heal wounds.
  7764 | D:7      | 7764 ||| INVOKING Heroism.
  7783 | D:7      | Reached ** piety under Okawaru
  7788 | D:7      | 7788 ||| FLEEEEING.
  7789 | D:7      | 7789 ||| FLEEEEING.
  7790 | D:7      | 7790 ||| FLEEEEING.
  7791 | D:7      | 7791 ||| FLEEEEING.
  7792 | D:7      | 7792 ||| FLEEEEING.
  7793 | D:7      | 7793 ||| FLEEEEING.
  7794 | D:7      | 7794 ||| FLEEEEING.
  7795 | D:7      | 7795 ||| FLEEEEING.
  7796 | D:7      | 7796 ||| STAIRDANCE
  8002 | D:6      | 8002 ||| UPGRADING to +1 helmet.
  8012 | D:6      | 8012 ||| DROPPING +0 helmet.
  8013 | D:6      | 8013 ||| READING scroll labelled ZIMUISTRIRR.
  8014 | D:6      | 8014 ||| DRINKING 2 sapphire potions.
  8015 | D:6      | 8015 ||| READING 2 scrolls of identify.
  8015 | D:6      | 8015 ||| IDENTIFYING viscous emerald potion
  8016 | D:6      | 8016 ||| DROPPING potion of brilliance.
  8018 | D:7      | 8018 ||| RIP OSSUARY
  8019 | D:7      | 8019 ||| PLANNING D:1-11
  8125 | D:7      | Found a staircase to the Ecumenical Temple.
  8140 | D:7      | Identified the +3 plate armour of Soft Rains {rF+}
  8251 | D:7      | Found a white marble altar of Elyvilon.
  8257 | D:7      | Reached skill level 6 in Armour
  8331 | D:7      | 8331 ||| UPGRADING to +0 kite shield.
  8341 | D:7      | 8341 ||| DROPPING +0 buckler.
  8342 | D:7      | 8342 ||| UPGRADING to +3 plate armour of Soft Rains {rF+}.
  8352 | D:7      | 8352 ||| DROPPING +0 plate armour.
  8353 | D:7      | 8353 ||| READING 4 scrolls of identify.
  8353 | D:7      | 8353 ||| IDENTIFYING murky white potion
  8354 | D:7      | 8354 ||| READING 3 scrolls of identify.
  8354 | D:7      | 8354 ||| IDENTIFYING orange potion
  8355 | D:7      | 8355 ||| READING 2 scrolls of identify.
  8355 | D:7      | 8355 ||| IDENTIFYING inky potion
  8439 | D:8      | 8439 ||| Stepping ~*~*~tactically~*~*~ (stealth).
  8450 | D:8      | Reached XP level 10. HP: 60/60 MP: 13/13
  8537 | D:8      | Found a snail-covered altar of Cheibriados.
  8718 | D:8      | 8718 ||| Stepping ~*~*~tactically~*~*~ (hiding).
  8721 | D:8      | 8721 ||| FLEEEEING.
  8729 | D:8      | Reached skill level 6 in Shields
  8743 | D:8      | 8743 ||| INVOKING Heroism.
  8754 | D:8      | 8754 ||| Stepping ~*~*~tactically~*~*~ (stealth).
  8986 | D:8      | 8986 ||| INVOKING Heroism.
  9044 | D:8      | Found a staircase to the Lair.
  9045 | D:8      | 9045 ||| INVOKING Heroism.
  9147 | D:8      | 9147 ||| Stepping ~*~*~tactically~*~*~ (stealth).
  9149 | D:8      | 9149 ||| INVOKING Heroism.
  9251 | D:8      | 9251 ||| PLANNING LAIR
  9251 | D:8      | 9251 ||| DROPPING amulet of faith.
  9252 | D:8      | 9252 ||| READING scroll labelled YWOKLYD XAPUFE.
  9253 | D:8      | 9253 ||| READING 2 scrolls of identify.
  9253 | D:8      | 9253 ||| IDENTIFYING metallic yellow potion
  9276 | Lair:1   | Entered Level 1 of the Lair of Beasts
  9276 | Lair:1   | Found a shimmering blue altar of Sif Muna.
  9435 | Lair:1   | Noticed a black mamba
  9436 | Lair:1   | 9436 ||| INVOKING Heroism.
  9449 | Lair:1   | Killed a black mamba
  9449 | Lair:1   | Reached *** piety under Okawaru
  9510 | Lair:1   | Noticed a black mamba
  9511 | Lair:1   | 9511 ||| INVOKING Heroism.
  9519 | Lair:1   | Killed a black mamba
  9546 | Lair:1   | Noticed a cane toad
  9547 | Lair:1   | 9547 ||| INVOKING Heroism.
  9558 | Lair:1   | Killed a cane toad
  9715 | Lair:1   | Noticed Amaemon
  9715 | Lair:1   | Noticed an orange demon
  9716 | Lair:1   | 9716 ||| Stepping ~*~*~tactically~*~*~ (hiding).
  9717 | Lair:1   | 9717 ||| Stepping ~*~*~tactically~*~*~ (hiding).
  9718 | Lair:1   | 9718 ||| INVOKING Heroism.
  9736 | Lair:1   | Killed an orange demon
  9737 | Lair:1   | Reached skill level 9 in Shields
  9744 | Lair:1   | 9744 ||| INVOKING Heroism.
  9760 | Lair:1   | Killed Amaemon
  9770 | Lair:1   | 9770 ||| DROPPING +0 flail.
  9871 | Lair:1   | Noticed a cane toad
  9872 | Lair:1   | 9872 ||| INVOKING Heroism.
  9876 | Lair:1   | Noticed Harold
  9877 | Lair:1   | 9877 ||| Stepping ~*~*~tactically~*~*~ (hiding).
  9884 | Lair:1   | Killed a cane toad
  9885 | Lair:1   | Reached XP level 11. HP: 32/67 MP: 12/14
  9894 | Lair:1   | 9894 ||| INVOKING Heroism.
  9896 | Lair:1   | HP: 9/67 [komodo dragon (9)]
  9897 | Lair:1   | 9897 ||| READING 3 scrolls of teleportation.
  9897 | Lair:1   | HP: 3/67 [Harold/+0 war axe (6)]
  9898 | Lair:1   | 9898 ||| DRINKING 2 potions of heal wounds.
  9982 | Lair:1   | 9982 ||| Stepping ~*~*~tactically~*~*~ (stealth).
 10025 | Lair:1   | 10025 ||| INVOKING Heroism.
 10100 | Lair:1   | Reached **** piety under Okawaru
 10136 | Lair:1   | 10136 ||| Stepping ~*~*~tactically~*~*~ (stealth).
 10138 | Lair:1   | 10138 ||| Stepping ~*~*~tactically~*~*~ (hiding).
 10139 | Lair:1   | 10139 ||| INVOKING Heroism.
 10157 | Lair:1   | 10157 ||| INVOKING Heroism.
 10165 | Lair:1   | Killed Harold
 10403 | Lair:1   | 10403 ||| INVOKING Heroism.
 10713 | Lair:1   | 10713 ||| READING scroll labelled ZIF VOPIFU.
 10810 | Lair:2   | 10810 ||| INVOKING Heroism.
 10813 | Lair:2   | 10813 ||| STAIRDANCE
 10844 | Lair:2   | 10844 ||| INVOKING Heroism.
 10869 | Lair:2   | 10869 ||| INVOKING Heroism.
 10874 | Lair:2   | Reached skill level 6 in Invocations
 10916 | Lair:2   | 10916 ||| Stepping ~*~*~tactically~*~*~ (stealth).
 10917 | Lair:2   | 10917 ||| Stepping ~*~*~tactically~*~*~ (stealth).
 10918 | Lair:2   | 10918 ||| Stepping ~*~*~tactically~*~*~ (stealth).
 10936 | Lair:2   | 10936 ||| INVOKING Heroism.
 10971 | Lair:2   | 10971 ||| INVOKING Heroism.
 11010 | Lair:2   | 11010 ||| INVOKING Heroism.
 11027 | Lair:2   | 11027 ||| Stepping ~*~*~tactically~*~*~ (stealth).
 11138 | Lair:2   | 11138 ||| INVOKING Heroism.
 11170 | Lair:2   | 11170 ||| INVOKING Heroism.
 11197 | Lair:2   | Reached ***** piety under Okawaru
 11371 | Lair:2   | 11371 ||| INVOKING Heroism.
 11571 | Lair:2   | 11571 ||| INVOKING Heroism.
 11578 | Lair:2   | Reached XP level 12. HP: 73/73 MP: 14/18
 11634 | Lair:2   | 11634 ||| INVOKING Heroism.
 11653 | Lair:2   | HP: 13/73 [komodo dragon (18)]
 11654 | Lair:2   | 11654 ||| READING 3 scrolls of teleportation.
 11655 | Lair:2   | 11655 ||| DRINKING potion of heal wounds.
 11807 | Lair:2   | 11807 ||| INVOKING Heroism.
 11821 | Lair:2   | Reached skill level 9 in Invocations
 11835 | Lair:2   | Identified the +4 broad axe "Duaxaom" {spect, +Blink MP+9
                  | Str+2} (Okawaru gifted it to you on level 2 of the Lair of
                  | Beasts)
 11835 | Lair:2   | Received a gift from Okawaru
 11906 | Lair:2   | 11906 ||| SWAPPING to +4 broad axe "Duaxaom" {spect, +Blink
                  | MP+9 Str+2}.
 11907 | Lair:2   | 11907 ||| DROPPING +3 war axe.
 11970 | Lair:2   | Noticed an eight-headed hydra
 11971 | Lair:2   | 11971 ||| INVOKING Heroism.
 11972 | Lair:2   | 11972 ||| INVOKING Finesse.
 11973 | Lair:2   | 11973 ||| SWAPPING to +1 demon whip of venom.
 11984 | Lair:2   | Reached skill level 9 in Fighting
 11990 | Lair:2   | Killed an eight-headed hydra
 11991 | Lair:2   | 11991 ||| SWAPPING to +4 broad axe "Duaxaom" {spect, +Blink
                  | MP+9 Str+2}.
 11999 | Lair:2   | 11999 ||| INVOKING Heroism.
 12010 | Lair:2   | 12010 ||| Stepping ~*~*~tactically~*~*~ (stealth).
 12011 | Lair:2   | 12011 ||| Stepping ~*~*~tactically~*~*~ (stealth).
 12197 | Lair:2   | 12197 ||| Stepping ~*~*~tactically~*~*~ (stealth).
 12205 | Lair:2   | 12205 ||| INVOKING Heroism.
 12293 | Lair:2   | Noticed a boulder beetle
 12293 | Lair:2   | Noticed a boulder beetle
 12294 | Lair:2   | 12294 ||| INVOKING Heroism.
 12295 | Lair:2   | 12295 ||| INVOKING Finesse.
 12306 | Lair:2   | Killed a boulder beetle
 12307 | Lair:2   | Reached skill level 12 in Axes
 12326 | Lair:2   | Killed a boulder beetle
 12416 | Lair:2   | 12416 ||| INVOKING Heroism.
 12456 | Lair:2   | Reached XP level 13. HP: 80/80 MP: 20/20
 12457 | Lair:2   | Noticed Erica
 12458 | Lair:2   | 12458 ||| INVOKING Finesse.
 12464 | Lair:2   | 12464 ||| INVOKING Heroism.
 12470 | Lair:2   | Killed Erica
 12470 | Lair:2   | Received a gift from Okawaru
 12504 | Lair:2   | 12504 ||| Stepping ~*~*~tactically~*~*~ (stealth).
 12505 | Lair:2   | 12505 ||| Stepping ~*~*~tactically~*~*~ (stealth).
 12549 | Lair:2   | 12549 ||| INVOKING Heroism.
 12618 | Lair:2   | 12618 ||| FLEEEEING.
 12619 | Lair:2   | 12619 ||| FLEEEEING.
 12620 | Lair:2   | 12620 ||| FLEEEEING.
 12621 | Lair:2   | 12621 ||| FLEEEEING.
 12622 | Lair:2   | 12622 ||| FLEEEEING.
 12623 | Lair:2   | 12623 ||| FLEEEEING.
 12624 | Lair:2   | 12624 ||| FLEEEEING.
 12628 | Lair:2   | 12628 ||| STAIRDANCE
 12678 | Lair:1   | 12678 ||| UPGRADING to amulet of regeneration.
 12736 | Lair:2   | 12736 ||| Stepping ~*~*~tactically~*~*~ (stealth).
 12738 | Lair:2   | 12738 ||| INVOKING Heroism.
 12739 | Lair:2   | 12739 ||| INVOKING Finesse.
 12756 | Lair:2   | 12756 ||| Stepping ~*~*~tactically~*~*~ (stealth).
 12766 | Lair:2   | 12766 ||| Stepping ~*~*~tactically~*~*~ (stealth).
 12779 | Lair:2   | 12779 ||| INVOKING Heroism.
 12780 | Lair:2   | 12780 ||| INVOKING Finesse.
 12955 | Lair:2   | 12955 ||| Stepping ~*~*~tactically~*~*~ (stealth).
 12957 | Lair:2   | 12957 ||| Stepping ~*~*~tactically~*~*~ (stealth).
 12959 | Lair:2   | 12959 ||| INVOKING Heroism.
 12960 | Lair:2   | 12960 ||| SWAPPING to +1 demon whip of venom.
 12961 | Lair:2   | 12961 ||| INVOKING Finesse.
 12972 | Lair:2   | 12972 ||| SWAPPING to +4 broad axe "Duaxaom" {spect, +Blink
                  | MP+9 Str+2}.
 13208 | Lair:2   | Found a staircase to the Shoals.
 13304 | Lair:2   | 13304 ||| DROPPING amulet of magic regeneration.
 13319 | Lair:3   | 13319 ||| Stepping ~*~*~tactically~*~*~ (hiding).
 13323 | Lair:3   | 13323 ||| INVOKING Heroism.
 13348 | Lair:3   | 13348 ||| Stepping ~*~*~tactically~*~*~ (stealth).
 13378 | Lair:3   | 13378 ||| Stepping ~*~*~tactically~*~*~ (stealth).
 13380 | Lair:3   | 13380 ||| Stepping ~*~*~tactically~*~*~ (stealth).
 13382 | Lair:3   | 13382 ||| Stepping ~*~*~tactically~*~*~ (hiding).
 13383 | Lair:3   | 13383 ||| Stepping ~*~*~tactically~*~*~ (hiding).
 13385 | Lair:3   | 13385 ||| Stepping ~*~*~tactically~*~*~ (hiding).
 13387 | Lair:3   | 13387 ||| INVOKING Heroism.
 13404 | Lair:3   | Found a staircase to the Snake Pit.
 13406 | Lair:3   | 13406 ||| Stepping ~*~*~tactically~*~*~ (hiding).
 13407 | Lair:3   | 13407 ||| Stepping ~*~*~tactically~*~*~ (hiding).
 13419 | Lair:3   | 13419 ||| Stepping ~*~*~tactically~*~*~ (hiding).
 13420 | Lair:3   | 13420 ||| Stepping ~*~*~tactically~*~*~ (hiding).
 13426 | Lair:3   | 13426 ||| Stepping ~*~*~tactically~*~*~ (hiding).
 13541 | Lair:3   | 13541 ||| Stepping ~*~*~tactically~*~*~ (stealth).
 13542 | Lair:3   | 13542 ||| Stepping ~*~*~tactically~*~*~ (stealth).
 13548 | Lair:3   | Received a gift from Okawaru
 13549 | Lair:3   | Reached skill level 9 in Armour
 13565 | Lair:3   | 13565 ||| Stepping ~*~*~tactically~*~*~ (stealth).
 13568 | Lair:3   | 13568 ||| Stepping ~*~*~tactically~*~*~ (stealth).
 13570 | Lair:3   | 13570 ||| Stepping ~*~*~tactically~*~*~ (stealth).
 13575 | Lair:3   | 13575 ||| INVOKING Heroism.
 13576 | Lair:3   | 13576 ||| INVOKING Finesse.
 13578 | Lair:3   | 13578 ||| SWAPPING to +1 demon whip of venom.
 13589 | Lair:3   | Reached skill level 3 in Throwing
 13589 | Lair:3   | 13589 ||| Stepping ~*~*~tactically~*~*~ (outnumbered).
 13599 | Lair:3   | 13599 ||| SWAPPING to +4 broad axe "Duaxaom" {spect, +Blink
                  | MP+9 Str+2}.
 13637 | Lair:3   | 13637 ||| Stepping ~*~*~tactically~*~*~ (stealth).
 13638 | Lair:3   | 13638 ||| Stepping ~*~*~tactically~*~*~ (stealth).
 13690 | Lair:3   | 13690 ||| Stepping ~*~*~tactically~*~*~ (stealth).
 13715 | Lair:3   | 13715 ||| INVOKING Heroism.
 13716 | Lair:3   | 13716 ||| SWAPPING to +1 demon whip of venom.
 13717 | Lair:3   | 13717 ||| INVOKING Finesse.
 13718 | Lair:3   | 13718 ||| Stepping ~*~*~tactically~*~*~ (stealth).
 13729 | Lair:3   | Received a gift from Okawaru
 13730 | Lair:3   | 13730 ||| SWAPPING to +4 broad axe "Duaxaom" {spect, +Blink
                  | MP+9 Str+2}.
 13825 | Lair:3   | 13825 ||| Stepping ~*~*~tactically~*~*~ (hiding).
 13925 | Lair:3   | 13925 ||| Stepping ~*~*~tactically~*~*~ (stealth).
 13928 | Lair:3   | 13928 ||| Stepping ~*~*~tactically~*~*~ (stealth).
 13931 | Lair:3   | 13931 ||| INVOKING Heroism.
 13936 | Lair:3   | Identified the +1 buckler "Roune" {Will+} (Okawaru gifted
                  | it to you on level 3 of the Lair of Beasts)
 13936 | Lair:3   | Received a gift from Okawaru
 14202 | Lair:3   | Identified the +1 robe "Ybbifam" {Dex+3}
 14295 | Lair:3   | 14295 ||| INVOKING Heroism.
 14402 | Lair:3   | 14402 ||| Stepping ~*~*~tactically~*~*~ (stealth).
 14767 | Lair:4   | 14767 ||| INVOKING Heroism.
 14781 | Lair:4   | 14781 ||| INVOKING Finesse.
 14784 | Lair:4   | 14784 ||| SWAPPING to +1 demon whip of venom.
 14786 | Lair:4   | 14786 ||| SWAPPING to +4 broad axe "Duaxaom" {spect, +Blink
                  | MP+9 Str+2}.
 14788 | Lair:4   | 14788 ||| SWAPPING to +1 demon whip of venom.
 14789 | Lair:4   | 14789 ||| Stepping ~*~*~tactically~*~*~ (outnumbered).
 14790 | Lair:4   | 14790 ||| Stepping ~*~*~tactically~*~*~ (outnumbered).
 14791 | Lair:4   | 14791 ||| Stepping ~*~*~tactically~*~*~ (outnumbered).
 14792 | Lair:4   | 14792 ||| Stepping ~*~*~tactically~*~*~ (outnumbered).
 14793 | Lair:4   | 14793 ||| Stepping ~*~*~tactically~*~*~ (outnumbered).
 14799 | Lair:4   | 14799 ||| SWAPPING to +4 broad axe "Duaxaom" {spect, +Blink
                  | MP+9 Str+2}.
 14803 | Lair:4   | Gained mutation: Your large and strong wings let you fly.
                  | [Gargoyle growth]
 14803 | Lair:4   | Reached XP level 14. HP: 65/88 MP: 9/21
 14920 | Lair:4   | 14920 ||| Stepping ~*~*~tactically~*~*~ (stealth).
 14922 | Lair:4   | 14922 ||| INVOKING Heroism.
 14945 | Lair:4   | Found a viscous altar of Jiyva.
 14949 | Lair:4   | 14949 ||| Stepping ~*~*~tactically~*~*~ (stealth).
 14950 | Lair:4   | 14950 ||| Stepping ~*~*~tactically~*~*~ (stealth).
 14957 | Lair:4   | Found a staircase to the Slime Pits.
 14978 | Lair:4   | 14978 ||| INVOKING Heroism.
 14991 | Lair:4   | 14991 ||| Stepping ~*~*~tactically~*~*~ (stealth).
 14995 | Lair:4   | 14995 ||| Stepping ~*~*~tactically~*~*~ (hiding).
 15018 | Lair:4   | 15018 ||| Stepping ~*~*~tactically~*~*~ (stealth).
 15073 | Lair:4   | 15073 ||| Stepping ~*~*~tactically~*~*~ (stealth).
 15159 | Lair:4   | 15159 ||| INVOKING Heroism.
 15266 | Lair:4   | 15266 ||| Stepping ~*~*~tactically~*~*~ (hiding).
 15268 | Lair:4   | 15268 ||| Stepping ~*~*~tactically~*~*~ (hiding).
 15848 | Lair:4   | 15848 ||| UPGRADING to +0 pair of boots.
 15853 | Lair:4   | 15853 ||| READING scroll labelled WIPERCH WUCWUA.
 15878 | Lair:5   | Entered Level 5 of the Lair of Beasts
 15884 | Lair:5   | 15884 ||| INVOKING Heroism.
 15894 | Lair:5   | Reached skill level 12 in Shields
 15903 | Lair:5   | 15903 ||| INVOKING Finesse.
 15907 | Lair:5   | 15907 ||| SWAPPING to +1 demon whip of venom.
 15914 | Lair:5   | 15914 ||| SWAPPING to +4 broad axe "Duaxaom" {spect, +Blink
                  | MP+9 Str+2}.
 16047 | Lair:5   | 16047 ||| INVOKING Heroism.
 16049 | Lair:5   | 16049 ||| Stepping ~*~*~tactically~*~*~ (stealth).
 16077 | Lair:5   | 16077 ||| Stepping ~*~*~tactically~*~*~ (stealth).
 16080 | Lair:5   | 16080 ||| INVOKING Heroism.
 16081 | Lair:5   | 16081 ||| INVOKING Finesse.
 16086 | Lair:5   | 16086 ||| Stepping ~*~*~tactically~*~*~ (hiding).
 16121 | Lair:5   | 16121 ||| Stepping ~*~*~tactically~*~*~ (stealth).
 16123 | Lair:5   | 16123 ||| Stepping ~*~*~tactically~*~*~ (stealth).
 16192 | Lair:5   | 16192 ||| Stepping ~*~*~tactically~*~*~ (stealth).
 16194 | Lair:5   | Reached skill level 15 in Axes
 16212 | Lair:5   | Reached ****** piety under Okawaru
 16267 | Lair:5   | 16267 ||| INVOKING Heroism.
 16268 | Lair:5   | 16268 ||| SWAPPING to +1 demon whip of venom.
 16269 | Lair:5   | 16269 ||| INVOKING Finesse.
 16279 | Lair:5   | Identified the +7 hand axe of the Modern Beasts {drain,
                  | rN++ Dex+2} (Okawaru gifted it to you on level 5 of the
                  | Lair of Beasts)
 16279 | Lair:5   | Received a gift from Okawaru
 16280 | Lair:5   | 16280 ||| SWAPPING to +4 broad axe "Duaxaom" {spect, +Blink
                  | MP+9 Str+2}.
 16281 | Lair:5   | 16281 ||| Stepping ~*~*~tactically~*~*~ (stealth).
 16282 | Lair:5   | 16282 ||| Stepping ~*~*~tactically~*~*~ (stealth).
 16356 | Lair:5   | 16356 ||| Stepping ~*~*~tactically~*~*~ (stealth).
 16358 | Lair:5   | 16358 ||| Stepping ~*~*~tactically~*~*~ (stealth).
 16400 | Lair:5   | 16400 ||| Stepping ~*~*~tactically~*~*~ (stealth).
 16508 | Lair:5   | 16508 ||| Stepping ~*~*~tactically~*~*~ (stealth).
 16511 | Lair:5   | 16511 ||| Stepping ~*~*~tactically~*~*~ (stealth).
 16513 | Lair:5   | 16513 ||| Stepping ~*~*~tactically~*~*~ (stealth).
 16514 | Lair:5   | 16514 ||| Stepping ~*~*~tactically~*~*~ (stealth).
 16537 | Lair:5   | 16537 ||| INVOKING Heroism.
 16575 | Lair:5   | 16575 ||| Stepping ~*~*~tactically~*~*~ (stealth).
 16580 | Lair:5   | 16580 ||| Stepping ~*~*~tactically~*~*~ (stealth).
 16661 | Lair:5   | 16661 ||| Stepping ~*~*~tactically~*~*~ (stealth).
 16663 | Lair:5   | 16663 ||| Stepping ~*~*~tactically~*~*~ (stealth).
 16964 | Lair:5   | 16964 ||| PLANNING D:1-11
 17101 | D:9      | 17101 ||| INVOKING Heroism.
 17102 | D:9      | 17102 ||| STAIRDANCE
 17112 | D:9      | 17112 ||| STAIRDANCE
 17137 | D:9      | 17137 ||| Stepping ~*~*~tactically~*~*~ (stealth).
 17138 | D:9      | 17138 ||| Stepping ~*~*~tactically~*~*~ (stealth).
 17154 | D:9      | 17154 ||| Stepping ~*~*~tactically~*~*~ (stealth).
 17157 | D:9      | 17157 ||| Stepping ~*~*~tactically~*~*~ (stealth).
 17473 | D:9      | Found a glowing golden altar of the Shining One.
 17514 | D:9      | 17514 ||| Stepping ~*~*~tactically~*~*~ (stealth).
 17610 | D:9      | 17610 ||| Stepping ~*~*~tactically~*~*~ (hiding).
 17613 | D:9      | 17613 ||| Stepping ~*~*~tactically~*~*~ (hiding).
 17614 | D:9      | 17614 ||| Stepping ~*~*~tactically~*~*~ (hiding).
 17836 | D:10     | Entered Level 10 of the Dungeon
 17860 | D:10     | Noticed Grum
 17861 | D:10     | 17861 ||| INVOKING Heroism.
 17862 | D:10     | 17862 ||| INVOKING Finesse.
 17867 | D:10     | Reached XP level 15. HP: 95/95 MP: 22/22
 17870 | D:10     | Killed Grum
 17918 | D:10     | Noticed Josephine
 17919 | D:10     | 17919 ||| Stepping ~*~*~tactically~*~*~ (hiding).
 17923 | D:10     | 17923 ||| INVOKING Heroism.
 17927 | D:10     | Killed Josephine
 17971 | D:10     | 17971 ||| Stepping ~*~*~tactically~*~*~ (hiding).
 17975 | D:10     | Noticed Gastronok
 17976 | D:10     | 17976 ||| Stepping ~*~*~tactically~*~*~ (stealth).
 17995 | D:10     | 17995 ||| INVOKING Heroism.
 17996 | D:10     | Killed Gastronok
 17997 | D:10     | Reached skill level 12 in Fighting
 18066 | D:10     | Found a blossoming altar of Fedhas.
 18121 | D:10     | Found a transporter.
 18137 | D:10     | Noticed Vuocosy's ghost (journeyman HaHu)
 18141 | D:10     | Found a transporter.
 18145 | D:10     | Found a bloodstained altar of Trog.
 18168 | D:10     | 18168 ||| INVOKING Heroism.
 18170 | D:10     | Reached skill level 3 in Dodging
 18303 | D:10     | Noticed Joseph
 18305 | D:10     | 18305 ||| FLEEEEING.
 18309 | D:10     | 18309 ||| INVOKING Heroism.
 18310 | D:10     | Paralysed by Joseph for 2 turns
 18316 | D:10     | Killed Joseph
 18343 | D:10     | 18343 ||| Stepping ~*~*~tactically~*~*~ (hiding).
 18346 | D:10     | 18346 ||| Stepping ~*~*~tactically~*~*~ (hiding).
 18524 | D:10     | 18524 ||| INVOKING Heroism.
 18541 | D:10     | Identified the +1 chain mail of Servitude {Int+4} (Okawaru
                  | gifted it to you on level 10 of the Dungeon)
 18541 | D:10     | Received a gift from Okawaru
 18544 | D:10     | 18544 ||| INVOKING Heroism.
 18562 | D:10     | 18562 ||| Stepping ~*~*~tactically~*~*~ (stealth).
 18576 | D:10     | 18576 ||| Stepping ~*~*~tactically~*~*~ (hiding).
 18753 | D:10     | 18753 ||| DROPPING +1 chain mail of Servitude {Int+4}.
 18892 | D:11     | 18892 ||| Stepping randomly (disturbance).
 18969 | D:11     | 18969 ||| FLEEEEING.
 18970 | D:11     | 18970 ||| FLEEEEING.
 18972 | D:11     | 18972 ||| FLEEEEING.
 18973 | D:11     | 18973 ||| STAIRDANCE
 19077 | D:11     | 19077 ||| STAIRDANCE
 19084 | D:11     | 19084 ||| STAIRDANCE
 19095 | D:11     | 19095 ||| STAIRDANCE
 19100 | D:11     | 19100 ||| INVOKING Heroism.
 19101 | D:11     | 19101 ||| STAIRDANCE
 19114 | D:11     | 19114 ||| STAIRDANCE
 19125 | D:11     | 19125 ||| STAIRDANCE
 19135 | D:11     | 19135 ||| Stepping ~*~*~tactically~*~*~ (stealth).
 19157 | D:11     | 19157 ||| Stepping ~*~*~tactically~*~*~ (stealth).
 19164 | D:11     | 19164 ||| Stepping ~*~*~tactically~*~*~ (hiding).
 19167 | D:11     | 19167 ||| Stepping ~*~*~tactically~*~*~ (hiding).
 19178 | D:11     | 19178 ||| INVOKING Heroism.
 19223 | D:11     | 19223 ||| Stepping ~*~*~tactically~*~*~ (hiding).
 19287 | D:11     | 19287 ||| Stepping ~*~*~tactically~*~*~ (stealth).
 19334 | D:11     | 19334 ||| Stepping ~*~*~tactically~*~*~ (stealth).
 19362 | D:11     | Found a stormy altar of Qazlal.
 19568 | D:11     | 19568 ||| FLEEEEING.
 19569 | D:11     | 19569 ||| FLEEEEING.
 19570 | D:11     | 19570 ||| FLEEEEING.
 19571 | D:11     | 19571 ||| FLEEEEING.
 19572 | D:11     | 19572 ||| FLEEEEING.
 19577 | D:11     | 19577 ||| FLEEEEING.
 19578 | D:11     | 19578 ||| FLEEEEING.
 19579 | D:11     | 19579 ||| FLEEEEING.
 19580 | D:11     | 19580 ||| FLEEEEING.
 19961 | D:11     | Found a portal to a secret trove of treasure.
 20008 | D:11     | 20008 ||| PLANNING D
 20136 | D:12     | 20136 ||| INVOKING Heroism.
 20174 | D:12     | 20174 ||| READING scroll of enchant armour.
 20174 | D:12     | 20174 ||| ENCHANTING +1 helmet.
 20206 | D:12     | 20206 ||| INVOKING Heroism.
 20211 | D:12     | 20211 ||| Stepping ~*~*~tactically~*~*~ (hiding).
 20214 | D:12     | 20214 ||| Stepping ~*~*~tactically~*~*~ (hiding).
 20386 | D:12     | 20386 ||| Stepping ~*~*~tactically~*~*~ (stealth).
 20396 | D:12     | Identified the +6 falchion "Tovoabla" {vorpal, rPois rN+}
 20498 | D:12     | Found a staircase to the Orcish Mines.
 20609 | D:12     | Identified the +7 quick blade "Tucvadgh" {vorpal, Str+3
                  | SInv}
 20786 | D:13     | 20786 ||| READING 2 scrolls of enchant armour.
 20786 | D:13     | 20786 ||| ENCHANTING +0 pair of boots.
 20787 | D:13     | 20787 ||| READING scroll of enchant armour.
 20787 | D:13     | 20787 ||| ENCHANTING +1 pair of boots.
 20967 | D:13     | 20967 ||| Stepping ~*~*~tactically~*~*~ (stealth).
 20971 | D:13     | 20971 ||| Stepping ~*~*~tactically~*~*~ (stealth).
 20973 | D:13     | 20973 ||| Stepping ~*~*~tactically~*~*~ (hiding).
 21094 | D:13     | Found a gate to the Vaults.
 21218 | D:13     | 21218 ||| Stepping ~*~*~tactically~*~*~ (hiding).
 21219 | D:13     | 21219 ||| Stepping ~*~*~tactically~*~*~ (hiding).
 21389 | D:13     | 21389 ||| Stepping ~*~*~tactically~*~*~ (stealth).
 21392 | D:13     | 21392 ||| Stepping ~*~*~tactically~*~*~ (stealth).
 21486 | D:13     | 21486 ||| Stepping ~*~*~tactically~*~*~ (hiding).
 21487 | D:13     | 21487 ||| Stepping ~*~*~tactically~*~*~ (hiding).
 21784 | D:14     | Identified the +10 mace of the Fox {freeze, rPois} (Okawaru
                  | gifted it to you on level 14 of the Dungeon)
 21784 | D:14     | Received a gift from Okawaru
 21795 | D:14     | 21795 ||| FLEEEEING.
 21801 | D:14     | 21801 ||| FLEEEEING.
 21821 | D:14     | 21821 ||| INVOKING Heroism.
 21822 | D:14     | 21822 ||| INVOKING Finesse.
 21823 | D:14     | 21823 ||| SWAPPING to +1 demon whip of venom.
 21829 | D:14     | 21829 ||| SWAPPING to +4 broad axe "Duaxaom" {spect, +Blink
                  | MP+9 Str+2}.
 22026 | D:14     | 22026 ||| Stepping ~*~*~tactically~*~*~ (stealth).
 22029 | D:14     | 22029 ||| Stepping ~*~*~tactically~*~*~ (stealth).
 22031 | D:14     | 22031 ||| Stepping ~*~*~tactically~*~*~ (stealth).
 22033 | D:14     | 22033 ||| INVOKING Heroism.
 22043 | D:14     | Reached XP level 16. HP: 71/101 MP: 23/23
 22056 | D:14     | 22056 ||| Stepping ~*~*~tactically~*~*~ (stealth).
 22059 | D:14     | 22059 ||| Stepping ~*~*~tactically~*~*~ (stealth).
 22109 | D:14     | Identified the +8 hand axe "Xayg" {vorpal, Drain Int+6
                  | Dex+6} (Okawaru gifted it to you on level 14 of the
                  | Dungeon)
 22109 | D:14     | Received a gift from Okawaru
 22132 | D:14     | 22132 ||| Stepping ~*~*~tactically~*~*~ (hiding).
 22136 | D:14     | 22136 ||| INVOKING Heroism.
 22340 | D:14     | 22340 ||| DROPPING +2 pair of boots.
 22341 | D:14     | 22341 ||| UPGRADING to ring of willpower.
 22358 | D:15     | Entered Level 15 of the Dungeon
 22359 | D:15     | 22359 ||| STAIRDANCE
 22369 | D:15     | 22369 ||| STAIRDANCE
 22443 | D:15     | Found a staircase to the Depths.
 22444 | D:15     | 22444 ||| INVOKING Heroism.
 22446 | D:15     | Reached skill level 12 in Armour
 22446 | D:15     | 22446 ||| Stepping ~*~*~tactically~*~*~ (hiding).
 22466 | D:15     | 22466 ||| Stepping ~*~*~tactically~*~*~ (stealth).
 22480 | D:15     | 22480 ||| Stepping ~*~*~tactically~*~*~ (stealth).
 22482 | D:15     | 22482 ||| Stepping ~*~*~tactically~*~*~ (stealth).
 22500 | D:15     | 22500 ||| INVOKING Heroism.
 22613 | D:15     | 22613 ||| Stepping ~*~*~tactically~*~*~ (hiding).
 22613 | D:15     | Found Isinuk's Antique Armour Shop.
 22615 | D:15     | 22615 ||| INVOKING Heroism.
 22617 | D:15     | 22617 ||| Stepping ~*~*~tactically~*~*~ (hiding).
 22620 | D:15     | Noticed Louise
 22621 | D:15     | 22621 ||| INVOKING Finesse.
 22623 | D:15     | 22623 ||| Stepping ~*~*~tactically~*~*~ (hiding).
 22652 | D:15     | Received a gift from Okawaru
 22662 | D:15     | Killed Louise
 22709 | D:15     | Noticed Roxanne
 22710 | D:15     | 22710 ||| INVOKING Heroism.
 22711 | D:15     | 22711 ||| INVOKING Finesse.
 22721 | D:15     | Received a gift from Okawaru
 22721 | D:15     | Found the +14 obsidian axe {vorpal, Mesm Drain Fly SInv}
 22732 | D:15     | 22732 ||| INVOKING Heroism.
 22743 | D:15     | Killed Roxanne
 22773 | D:15     | 22773 ||| SWAPPING to +14 obsidian axe {vorpal, Mesm Drain
                  | Fly SInv}.
 22795 | D:15     | 22795 ||| INVOKING Heroism.
 22923 | D:15     | 22923 ||| INVOKING Heroism.
 22924 | D:15     | 22924 ||| INVOKING Finesse.
 22955 | D:15     | Reached skill level 6 in Throwing
 23140 | D:15     | 23140 ||| PLANNING ORC
 23140 | D:15     | 23140 ||| UPGRADING to +0 tower shield.
 23150 | D:15     | 23150 ||| DROPPING +0 kite shield.
 23263 | Orc:1    | Entered Level 1 of the Orcish Mines
 23270 | Orc:1    | 23270 ||| INVOKING Heroism.
 23557 | Orc:2    | Entered Level 2 of the Orcish Mines
 23577 | Orc:2    | Found a staircase to the Elven Halls.
 23608 | Orc:2    | 23608 ||| Stepping ~*~*~tactically~*~*~ (hiding).
 23611 | Orc:2    | 23611 ||| INVOKING Heroism.
 23615 | Orc:2    | 23615 ||| Stepping ~*~*~tactically~*~*~ (hiding).
 23626 | Orc:2    | Found Inuxt's Antique Armour Emporium.
 23638 | Orc:2    | 23638 ||| BUYING +3 pair of mountain boots {steadfast, rC+}
                  | (1239 gold).
 23638 | Orc:2    | Bought the +3 pair of mountain boots {steadfast, rC+} for
                  | 1239 gold pieces
 23638 | Orc:2    | Found the +3 pair of mountain boots {steadfast, rC+}
 23638 | Orc:2    | 23638 ||| BUYING cloak (166 gold).
 23638 | Orc:2    | Bought a cloak for 166 gold pieces
 23638 | Orc:2    | 23638 ||| SHOPLISTING pair of runed boots (277 gold, have
                  | 27).
 23653 | Orc:2    | 23653 ||| INVOKING Heroism.
 23699 | Orc:2    | 23699 ||| INVOKING Heroism.
 23829 | Orc:2    | 23829 ||| Stepping ~*~*~tactically~*~*~ (stealth).
 23831 | Orc:2    | 23831 ||| Stepping ~*~*~tactically~*~*~ (hiding).
 23837 | Orc:2    | 23837 ||| Stepping ~*~*~tactically~*~*~ (stealth).
 23909 | Orc:2    | 23909 ||| INVOKING Heroism.
 24024 | Orc:2    | 24024 ||| Stepping ~*~*~tactically~*~*~ (hiding).
 24025 | Orc:2    | 24025 ||| INVOKING Heroism.
 24032 | Orc:2    | 24032 ||| INVOKING Finesse.
 24049 | Orc:2    | Received a gift from Okawaru
 24165 | Orc:2    | 24165 ||| DROPPING +1 demon whip of venom.
 24166 | Orc:2    | Found Cakeune's Antique Weapon Emporium.
 24168 | Orc:2    | Found Ysas's Antique Armour Shoppe.
 24181 | Orc:2    | 24181 ||| SHOPLISTING embroidered cloak (292 gold, have
                  | 204).
 24181 | Orc:2    | 24181 ||| SHOPLISTING embroidered scarf (312 gold, have
                  | 204).
 24248 | Orc:2    | Found an iron altar of Okawaru.
 24503 | Orc:2    | 24503 ||| Stepping ~*~*~tactically~*~*~ (stealth).
 24508 | Orc:2    | 24508 ||| Stepping ~*~*~tactically~*~*~ (hiding).
 24528 | Orc:2    | Found Kotwuosmadea's Weapon Shoppe.
 24533 | Orc:2    | 24533 ||| SHOPLISTING +10 war axe of Arbitration {freeze,
                  | Drain rElec rC+ Dex+6} (1264 gold, have 227).
 24585 | Orc:2    | 24585 ||| Stepping ~*~*~tactically~*~*~ (stealth).
 24587 | Orc:2    | 24587 ||| Stepping ~*~*~tactically~*~*~ (hiding).
 24593 | Orc:2    | 24593 ||| INVOKING Heroism.
 24698 | Orc:2    | 24698 ||| UPGRADING to +3 pair of mountain boots
                  | {steadfast, rC+}.
 24708 | Orc:2    | 24708 ||| DROPPING +2 pair of boots.
 24709 | Orc:2    | 24709 ||| UPGRADING to +0 cloak.
 24765 | Orc:1    | Noticed Nergalle
 24766 | Orc:1    | 24766 ||| INVOKING Heroism.
 24768 | Orc:1    | Identified the +1 ring mail "Ittef" {rC- Regen+ Int+9
                  | Dex+3} (Okawaru gifted it to you on level 1 of the Orcish
                  | Mines)
 24768 | Orc:1    | Received a gift from Okawaru
 24785 | Orc:1    | Killed Nergalle
 24976 | Orc:1    | 24976 ||| PLANNING SNAKE:1-3
 25184 | Snake:1  | Entered Level 1 of the Snake Pit
 25272 | Snake:1  | 25272 ||| INVOKING Heroism.
 25406 | Snake:1  | Reached skill level 15 in Shields
 25710 | Snake:1  | 25710 ||| Stepping ~*~*~tactically~*~*~ (hiding).
 25711 | Snake:1  | 25711 ||| Stepping ~*~*~tactically~*~*~ (stealth).
 26214 | Snake:2  | 26214 ||| Stepping ~*~*~tactically~*~*~ (hiding).
 26215 | Snake:2  | 26215 ||| Stepping ~*~*~tactically~*~*~ (hiding).
 26230 | Snake:2  | 26230 ||| Stepping ~*~*~tactically~*~*~ (stealth).
 26232 | Snake:2  | 26232 ||| Stepping ~*~*~tactically~*~*~ (hiding).
 26346 | Snake:2  | Found Idazxaud's Weapon Shop.
 26354 | Snake:2  | Found Xeiguvvi's General Store.
 26358 | Snake:2  | 26358 ||| BUYING +1 pair of boots "Codd" {Rampage rCorr
                  | Int+7 Dex-5} (368 gold).
 26358 | Snake:2  | Bought the +1 pair of boots "Codd" {Rampage rCorr Int+7
                  | Dex-5} for 368 gold pieces
 26358 | Snake:2  | 26358 ||| BUYING scroll of enchant weapon (105 gold).
 26358 | Snake:2  | Bought a scroll of enchant weapon for 105 gold pieces
 26358 | Snake:2  | 26358 ||| BUYING scroll of teleportation (42 gold).
 26358 | Snake:2  | Bought a scroll of teleportation for 42 gold pieces
 26366 | Snake:2  | 26366 ||| Stepping ~*~*~tactically~*~*~ (stealth).
 26368 | Snake:2  | 26368 ||| INVOKING Heroism.
 26374 | Snake:2  | Reached XP level 17. HP: 108/108 MP: 22/24
 26442 | Snake:2  | 26442 ||| Stepping ~*~*~tactically~*~*~ (hiding).
 26480 | Snake:2  | 26480 ||| Stepping ~*~*~tactically~*~*~ (hiding).
 26481 | Snake:2  | 26481 ||| Stepping ~*~*~tactically~*~*~ (hiding).
 26484 | Snake:2  | 26484 ||| Stepping ~*~*~tactically~*~*~ (hiding).
 26487 | Snake:2  | 26487 ||| Stepping ~*~*~tactically~*~*~ (hiding).
 26502 | Snake:2  | 26502 ||| Stepping ~*~*~tactically~*~*~ (stealth).
 26504 | Snake:2  | 26504 ||| INVOKING Heroism.
 26617 | Snake:2  | 26617 ||| Stepping ~*~*~tactically~*~*~ (stealth).
 26664 | Snake:2  | 26664 ||| INVOKING Heroism.
 26839 | Snake:2  | 26839 ||| Stepping ~*~*~tactically~*~*~ (hiding).
 26840 | Snake:2  | 26840 ||| Stepping ~*~*~tactically~*~*~ (hiding).
 26841 | Snake:2  | 26841 ||| INVOKING Heroism.
 26905 | Snake:2  | 26905 ||| Stepping ~*~*~tactically~*~*~ (stealth).
 26906 | Snake:2  | 26906 ||| Stepping ~*~*~tactically~*~*~ (stealth).
 26907 | Snake:2  | 26907 ||| Stepping ~*~*~tactically~*~*~ (stealth).
 26910 | Snake:2  | 26910 ||| INVOKING Heroism.
 27069 | Snake:2  | 27069 ||| Stepping ~*~*~tactically~*~*~ (hiding).
 27213 | Snake:2  | Identified the +1 chain mail "Forget-Me-Not" {Harm rCorr
                  | Int+9 Slay-2}
 27377 | Snake:2  | 27377 ||| DROPPING +2 helmet.
 27460 | Snake:3  | 27460 ||| INVOKING Heroism.
 27511 | Snake:3  | 27511 ||| Stepping ~*~*~tactically~*~*~ (hiding).
 27512 | Snake:3  | 27512 ||| Stepping ~*~*~tactically~*~*~ (hiding).
 27539 | Snake:3  | 27539 ||| INVOKING Heroism.
 27543 | Snake:3  | Identified 3 scrolls of acquirement
 27548 | Snake:3  | Received a gift from Okawaru
 27561 | Snake:3  | 27561 ||| READING 3 scrolls of acquirement.
 27561 | Snake:3  | 27561 ||| ACQUIRING 692 gold pieces
 27561 | Snake:3  | Acquired 692 gold pieces
 27563 | Snake:3  | 27563 ||| READING 2 scrolls of acquirement.
 27563 | Snake:3  | 27563 ||| ACQUIRING amulet of reflection
 27563 | Snake:3  | Acquired an amulet of reflection
 27565 | Snake:3  | 27565 ||| UPGRADING to amulet of reflection.
 27575 | Snake:3  | 27575 ||| READING scroll of acquirement.
 27575 | Snake:3  | 27575 ||| ACQUIRING ring "Cuiploschuv" {rPois Str+5 Dex+6}
 27575 | Snake:3  | Acquired the ring "Cuiploschuv" {rPois Str+5 Dex+6}
 27577 | Snake:3  | 27577 ||| DROPPING ring of positive energy.
 27717 | Snake:3  | 27717 ||| READING scroll of enchant armour.
 27717 | Snake:3  | 27717 ||| ENCHANTING +0 cloak.
 27777 | Snake:3  | 27777 ||| INVOKING Heroism.
 27797 | Snake:3  | Found Udurio's Neck Hole.
 27822 | Snake:3  | 27822 ||| INVOKING Heroism.
 27902 | Snake:3  | 27902 ||| Stepping ~*~*~tactically~*~*~ (hiding).
 28139 | Snake:3  | 28139 ||| PLANNING SHOALS:1-3
 28139 | Snake:3  | 28139 ||| UPGRADING to +2 cloak of willpower.
 28149 | Snake:3  | 28149 ||| DROPPING +1 cloak.
 28150 | Snake:3  | 28150 ||| DROPPING amulet of regeneration.
 28151 | Snake:3  | 28151 ||| UPGRADING to ring "Cuiploschuv" {rPois Str+5
                  | Dex+6}.
 28153 | Snake:3  | 28153 ||| UPGRADING to +4 ring of protection.
 28155 | Snake:3  | 28155 ||| DROPPING ring of willpower.
 28296 | Shoals:1 | Entered Level 1 of the Shoals
 28296 | Shoals:1 | Found a transporter.
 28311 | Shoals:1 | Found a transporter.
 28312 | Shoals:1 | Found a transporter.
 28314 | Shoals:1 | Found a transporter.
 28341 | Shoals:1 | 28341 ||| INVOKING Heroism.
 28378 | Shoals:1 | 28378 ||| INVOKING Finesse.
 28412 | Shoals:1 | 28412 ||| INVOKING Heroism.
 28498 | Shoals:1 | 28498 ||| INVOKING Heroism.
 28801 | Shoals:1 | 28801 ||| INVOKING Heroism.
 28835 | Shoals:1 | Found Onluon's General Store.
 28837 | Shoals:1 | Found Ymiah's Magic Scroll Shoppe.
 28852 | Shoals:1 | 28852 ||| BUYING scroll of teleportation (39 gold).
 28852 | Shoals:1 | Bought a scroll of teleportation for 39 gold pieces
 28858 | Shoals:1 | 28858 ||| BUYING +7 chain mail of Lom Todi {Will+ rCorr
                  | Dex+2} (866 gold).
 28858 | Shoals:1 | Bought the +7 chain mail of Lom Todi {Will+ rCorr Dex+2}
                  | for 866 gold pieces
 28904 | Shoals:1 | Found a transporter.
 28912 | Shoals:1 | Found a transporter.
 28960 | Shoals:1 | 28960 ||| INVOKING Heroism.
 29236 | Shoals:1 | 29236 ||| DROPPING +1 cloak.
 29237 | Shoals:1 | 29237 ||| DROPPING +0 acid dragon scales.
 29238 | Shoals:1 | 29238 ||| UPGRADING to +7 chain mail of Lom Todi {Will+
                  | rCorr Dex+2}.
 29248 | Shoals:1 | 29248 ||| DROPPING +1 chain mail "Forget-Me-Not" {Harm
                  | rCorr Int+9 Slay-2}.
 29273 | Shoals:2 | 29273 ||| INVOKING Heroism.
 29274 | Shoals:2 | 29274 ||| INVOKING Finesse.
 29317 | Shoals:2 | Noticed qw's ghost (adept GrFi)
 29320 | Shoals:2 | Found a runed translucent door.
 29336 | Shoals:2 | 29336 ||| INVOKING Heroism.
 29537 | Shoals:2 | 29537 ||| INVOKING Heroism.
 29538 | Shoals:2 | 29538 ||| INVOKING Finesse.
 29741 | Shoals:2 | 29741 ||| Stepping ~*~*~tactically~*~*~ (hiding).
 29747 | Shoals:2 | 29747 ||| READING 11 scrolls of teleportation.
 29750 | Shoals:2 | Reached XP level 18. HP: 112/114 MP: 25/25
 29750 | Shoals:2 | 29750 ||| INVOKING Heroism.
 29757 | Shoals:2 | 29757 ||| DROPPING +1 broad axe of flaming.
 29799 | Shoals:2 | Reached skill level 6 in Dodging
 29817 | Shoals:2 | 29817 ||| FLEEEEING.
 29818 | Shoals:2 | 29818 ||| INVOKING Heroism.
 29939 | Shoals:2 | 29939 ||| INVOKING Heroism.
 30307 | Shoals:2 | 30307 ||| INVOKING Heroism.
 30315 | Shoals:2 | Identified the +0 hat of Sunlight {Rampage rN++ Will-}
                  | (Okawaru gifted it to you on level 2 of the Shoals)
 30315 | Shoals:2 | Received a gift from Okawaru
 30340 | Shoals:2 | 30340 ||| Stepping ~*~*~tactically~*~*~ (hiding).
 30342 | Shoals:2 | 30342 ||| Stepping ~*~*~tactically~*~*~ (hiding).
 30361 | Shoals:2 | Found Piext's Weapon Emporium.
 30714 | Shoals:2 | 30714 ||| DROPPING +0 hat of Sunlight {Rampage rN++ Will-}.
 30730 | Shoals:3 | 30730 ||| INVOKING Heroism.
 30732 | Shoals:3 | Reached skill level 18 in Axes
 30947 | Shoals:3 | 30947 ||| INVOKING Heroism.
 31041 | Shoals:3 | 31041 ||| INVOKING Heroism.
 31104 | Shoals:3 | 31104 ||| Stepping ~*~*~tactically~*~*~ (hiding).
 31106 | Shoals:3 | 31106 ||| INVOKING Heroism.
 31179 | Shoals:3 | 31179 ||| Stepping ~*~*~tactically~*~*~ (stealth).
 31213 | Shoals:3 | 31213 ||| INVOKING Heroism.
 31421 | Shoals:3 | 31421 ||| INVOKING Heroism.
 31437 | Shoals:3 | 31437 ||| Stepping ~*~*~tactically~*~*~ (hiding).
 31438 | Shoals:3 | 31438 ||| Stepping ~*~*~tactically~*~*~ (hiding).
 31768 | Shoals:3 | 31768 ||| PLANNING SNAKE:4
 31930 | Snake:4  | Entered Level 4 of the Snake Pit
 32013 | Snake:4  | 32013 ||| Stepping ~*~*~tactically~*~*~ (hiding).
 32014 | Snake:4  | 32014 ||| Stepping ~*~*~tactically~*~*~ (hiding).
 32015 | Snake:4  | 32015 ||| Stepping ~*~*~tactically~*~*~ (hiding).
 32132 | Snake:4  | 32132 ||| INVOKING Heroism.
 32144 | Snake:4  | Reached skill level 18 in Shields
 32169 | Snake:4  | 32169 ||| INVOKING Heroism.
 32188 | Snake:4  | 32188 ||| FLEEEEING.
 32202 | Snake:4  | 32202 ||| FLEEEEING.
 32211 | Snake:4  | 32211 ||| STAIRDANCE
 32516 | Snake:4  | 32516 ||| INVOKING Heroism.
 32549 | Snake:4  | Found Etih's Book Emporium.
 32604 | Snake:4  | 32604 ||| INVOKING Heroism.
 32880 | Snake:4  | 32880 ||| Stepping ~*~*~tactically~*~*~ (hiding).
 32891 | Snake:4  | 32891 ||| Stepping ~*~*~tactically~*~*~ (hiding).
 32932 | Snake:4  | 32932 ||| Stepping ~*~*~tactically~*~*~ (stealth).
 32934 | Snake:4  | 32934 ||| Stepping ~*~*~tactically~*~*~ (hiding).
 32940 | Snake:4  | 32940 ||| INVOKING Heroism.
 32945 | Snake:4  | 32945 ||| Stepping ~*~*~tactically~*~*~ (hiding).
 32957 | Snake:4  | Received a gift from Okawaru
 33109 | Snake:4  | Got a serpentine rune of Zot
 33544 | Snake:4  | 33544 ||| PLANNING VAULTS:1-4
 33564 | Snake:4  | 33564 ||| INVOKING Heroism.
 33570 | Snake:4  | Identified the +0 pair of boots "Worac" {Dex+4} (Okawaru
                  | gifted it to you on level 4 of the Snake Pit)
 33570 | Snake:4  | Received a gift from Okawaru
 33596 | Snake:4  | 33596 ||| DROPPING +0 pair of boots "Worac" {Dex+4}.
 33882 | Vaults:1 | Entered Level 1 of the Vaults
 33906 | Vaults:1 | 33906 ||| INVOKING Heroism.
 33994 | Vaults:1 | Found a one-way gate to the infinite horrors of the Abyss.
 33994 | Vaults:1 | Noticed qw's ghost (adept GrFi)
 34004 | Vaults:1 | Noticed a hellephant
 34066 | Vaults:1 | 34066 ||| INVOKING Heroism.
 34074 | Vaults:1 | Reached skill level 15 in Fighting
 34181 | Vaults:1 | 34181 ||| Stepping ~*~*~tactically~*~*~ (stealth).
 34182 | Vaults:1 | 34182 ||| Stepping ~*~*~tactically~*~*~ (stealth).
 34183 | Vaults:1 | 34183 ||| Stepping ~*~*~tactically~*~*~ (stealth).
 34272 | Vaults:1 | Reached XP level 19. HP: 124/124 MP: 26/26
 34282 | Vaults:1 | 34282 ||| Stepping ~*~*~tactically~*~*~ (stealth).
 34284 | Vaults:1 | 34284 ||| Stepping ~*~*~tactically~*~*~ (hiding).
 34286 | Vaults:1 | 34286 ||| INVOKING Heroism.
 34288 | Vaults:1 | 34288 ||| INVOKING Finesse.
 34364 | Vaults:1 | 34364 ||| Stepping ~*~*~tactically~*~*~ (hiding).
 34480 | Vaults:1 | 34480 ||| INVOKING Heroism.
 34542 | Vaults:1 | 34542 ||| INVOKING Heroism.
 34755 | Vaults:1 | Identified the +6 whip of Truth {flame, rC++}
 34780 | Vaults:1 | 34780 ||| Stepping ~*~*~tactically~*~*~ (hiding).
 34935 | Vaults:1 | Found a transporter.
 34954 | Vaults:1 | Found a transporter.
 35131 | Vaults:1 | 35131 ||| Stepping ~*~*~tactically~*~*~ (stealth).
 35134 | Vaults:1 | 35134 ||| INVOKING Heroism.
 35165 | Vaults:1 | Noticed Donald
 35166 | Vaults:1 | 35166 ||| INVOKING Finesse.
 35178 | Vaults:1 | Killed Donald
 35812 | Vaults:2 | 35812 ||| Stepping ~*~*~tactically~*~*~ (stealth).
 35892 | Vaults:2 | 35892 ||| Stepping ~*~*~tactically~*~*~ (hiding).
 35906 | Vaults:2 | Received a gift from Okawaru
 35992 | Vaults:2 | Noticed Aizul
 35993 | Vaults:2 | 35993 ||| Stepping ~*~*~tactically~*~*~ (hiding).
 35996 | Vaults:2 | 35996 ||| INVOKING Heroism.
 35997 | Vaults:2 | 35997 ||| INVOKING Finesse.
 36004 | Vaults:2 | Killed Aizul
 36567 | Vaults:2 | 36567 ||| Stepping ~*~*~tactically~*~*~ (hiding).
 36568 | Vaults:2 | 36568 ||| Stepping ~*~*~tactically~*~*~ (hiding).
 36856 | Vaults:2 | 36856 ||| Stepping ~*~*~tactically~*~*~ (stealth).
 36860 | Vaults:2 | 36860 ||| INVOKING Heroism.
 36991 | Vaults:3 | 36991 ||| INVOKING Heroism.
 37099 | Vaults:3 | 37099 ||| INVOKING Heroism.
 37119 | Vaults:3 | 37119 ||| Stepping ~*~*~tactically~*~*~ (hiding).
 37125 | Vaults:3 | Received a gift from Okawaru
 37239 | Vaults:3 | 37239 ||| INVOKING Heroism.
 37250 | Vaults:3 | Received a gift from Okawaru
 37414 | Vaults:3 | 37414 ||| Stepping ~*~*~tactically~*~*~ (hiding).
 37416 | Vaults:3 | 37416 ||| Stepping ~*~*~tactically~*~*~ (hiding).
 37428 | Vaults:3 | 37428 ||| Stepping ~*~*~tactically~*~*~ (hiding).
 37573 | Vaults:3 | 37573 ||| INVOKING Heroism.
 37584 | Vaults:3 | Received a gift from Okawaru
 37643 | Vaults:3 | 37643 ||| Stepping ~*~*~tactically~*~*~ (hiding).
 37777 | Vaults:3 | Found a staircase to the Crypt.
 37778 | Vaults:3 | 37778 ||| Stepping ~*~*~tactically~*~*~ (hiding).
 37957 | Vaults:3 | 37957 ||| Stepping ~*~*~tactically~*~*~ (stealth).
 37972 | Vaults:3 | Received a gift from Okawaru
 37993 | Vaults:3 | 37993 ||| INVOKING Heroism.
 38127 | Vaults:3 | Reached XP level 20. HP: 132/132 MP: 27/27
 38137 | Vaults:3 | 38137 ||| INVOKING Heroism.
 38150 | Vaults:3 | Reached skill level 9 in Throwing
 38177 | Vaults:3 | 38177 ||| INVOKING Heroism.
 38227 | Vaults:3 | 38227 ||| Stepping ~*~*~tactically~*~*~ (stealth).
 38513 | Vaults:3 | 38513 ||| INVOKING Heroism.
 38588 | Vaults:3 | 38588 ||| Stepping ~*~*~tactically~*~*~ (stealth).
 38590 | Vaults:3 | 38590 ||| Stepping ~*~*~tactically~*~*~ (stealth).
 38596 | Vaults:3 | 38596 ||| INVOKING Heroism.
 38844 | Vaults:3 | 38844 ||| DROPPING +6 ring of intelligence.
 38942 | Vaults:4 | Received a gift from Okawaru
 38954 | Vaults:4 | Noticed Margery
 38955 | Vaults:4 | 38955 ||| Stepping ~*~*~tactically~*~*~ (hiding).
 38956 | Vaults:4 | 38956 ||| Stepping ~*~*~tactically~*~*~ (hiding).
 38961 | Vaults:4 | 38961 ||| DRINKING 3 potions of resistance.
 38962 | Vaults:4 | 38962 ||| INVOKING Heroism.
 38963 | Vaults:4 | 38963 ||| INVOKING Finesse.
 38978 | Vaults:4 | Killed Margery
 38979 | Vaults:4 | Reached skill level 18 in Fighting
 39061 | Vaults:4 | 39061 ||| FLEEEEING.
 39065 | Vaults:4 | Received a gift from Okawaru
 39068 | Vaults:4 | 39068 ||| FLEEEEING.
 39231 | Vaults:4 | 39231 ||| Stepping ~*~*~tactically~*~*~ (hiding).
 39262 | Vaults:4 | 39262 ||| INVOKING Heroism.
 39315 | Vaults:4 | Received a gift from Okawaru
 39404 | Vaults:4 | 39404 ||| INVOKING Heroism.
 39524 | Vaults:4 | 39524 ||| INVOKING Heroism.
 39554 | Vaults:4 | 39554 ||| Stepping ~*~*~tactically~*~*~ (stealth).
 39746 | Vaults:4 | 39746 ||| INVOKING Heroism.
 39747 | Vaults:4 | 39747 ||| INVOKING Finesse.
 39781 | Vaults:4 | 39781 ||| Stepping ~*~*~tactically~*~*~ (stealth).
 39784 | Vaults:4 | 39784 ||| Stepping ~*~*~tactically~*~*~ (stealth).
 39822 | Vaults:4 | 39822 ||| Stepping ~*~*~tactically~*~*~ (stealth).
 39825 | Vaults:4 | 39825 ||| INVOKING Heroism.
 39826 | Vaults:4 | 39826 ||| INVOKING Finesse.
 39827 | Vaults:4 | Found Ecweefi's Armour Shop.
 39838 | Vaults:4 | Reached skill level 15 in Armour
 39896 | Vaults:4 | 39896 ||| SHOPLISTING +8 chain mail of Alouce {Will+} (1199
                  | gold, have 1139).
 39915 | Vaults:4 | Found Gozag's Antique Weapon Boutique.
 39917 | Vaults:4 | Found an opulent altar of Gozag.
 39922 | Vaults:4 | Found Gozag's Assorted Antiques.
 39925 | Vaults:4 | Found Gozag's Antique Weapon Shop.
 39926 | Vaults:4 | 39926 ||| INVOKING Heroism.
 39933 | Vaults:4 | Received a gift from Okawaru
 39933 | Vaults:4 | Found the +4 skin of Zhor {*Englaciate rC+++ SInv}
 39942 | Vaults:4 | 39942 ||| BUYING glowing helmet (750 gold).
 39942 | Vaults:4 | Bought a glowing helmet for 750 gold pieces
 39942 | Vaults:4 | 39942 ||| BUYING potion of attraction (300 gold).
 39942 | Vaults:4 | Bought a potion of attraction for 300 gold pieces
 39942 | Vaults:4 | 39942 ||| SHOPLISTING potion of curing (300 gold, have 89).
 39967 | Vaults:4 | 39967 ||| INVOKING Heroism.
 40223 | Vaults:4 | Found Feh Bile's General Store.
 40225 | Vaults:4 | 40225 ||| Stepping ~*~*~tactically~*~*~ (hiding).
 40227 | Vaults:4 | 40227 ||| INVOKING Heroism.
 40251 | Vaults:4 | Reached skill level 9 in Dodging
 40327 | Vaults:4 | 40327 ||| BUYING scroll of enchant weapon (82 gold).
 40327 | Vaults:4 | Bought a scroll of enchant weapon for 82 gold pieces
 40331 | Vaults:4 | 40331 ||| INVOKING Heroism.
 40409 | Vaults:4 | 40409 ||| PLANNING SHOALS:4
 40409 | Vaults:4 | 40409 ||| UPGRADING to +2 tower shield.
 40419 | Vaults:4 | 40419 ||| DROPPING +0 tower shield.
 40420 | Vaults:4 | 40420 ||| DROPPING +4 skin of Zhor {*Englaciate rC+++
                  | SInv}.
 40421 | Vaults:4 | 40421 ||| DROPPING +0 helmet of intelligence.
 40752 | Shoals:4 | Entered Level 4 of the Shoals
 40756 | Shoals:4 | 40756 ||| Stepping ~*~*~tactically~*~*~ (hiding).
 40757 | Shoals:4 | 40757 ||| Stepping ~*~*~tactically~*~*~ (hiding).
 40759 | Shoals:4 | 40759 ||| Stepping ~*~*~tactically~*~*~ (hiding).
 40760 | Shoals:4 | 40760 ||| Stepping ~*~*~tactically~*~*~ (hiding).
 40761 | Shoals:4 | 40761 ||| Stepping ~*~*~tactically~*~*~ (hiding).
 40814 | Shoals:4 | Noticed Ilsuiw
 40815 | Shoals:4 | 40815 ||| INVOKING Heroism.
 40827 | Shoals:4 | Killed Ilsuiw
 40831 | Shoals:4 | Reached XP level 21. HP: 137/141 MP: 28/28
 40870 | Shoals:4 | 40870 ||| INVOKING Finesse.
 40877 | Shoals:4 | 40877 ||| INVOKING Heroism.
 40983 | Shoals:4 | Found Baucy's Self-Improvement Boutique.
 41186 | Shoals:4 | 41186 ||| Stepping ~*~*~tactically~*~*~ (stealth).
 41187 | Shoals:4 | 41187 ||| Stepping ~*~*~tactically~*~*~ (stealth).
 41342 | Shoals:4 | Identified the ring of Zucsext {Fire rCorr}
 41385 | Shoals:4 | Identified the +1 shortbow of the Sun {venom, rElec rF+}
 41508 | Shoals:4 | 41508 ||| INVOKING Heroism.
 41652 | Shoals:4 | 41652 ||| Stepping ~*~*~tactically~*~*~ (hiding).
 41656 | Shoals:4 | 41656 ||| INVOKING Heroism.
 41798 | Shoals:4 | 41798 ||| Stepping ~*~*~tactically~*~*~ (stealth).
 41801 | Shoals:4 | 41801 ||| INVOKING Heroism.
 41899 | Shoals:4 | Got a barnacled rune of Zot
 41900 | Shoals:4 | 41900 ||| PLANNING DEPTHS
 41900 | Shoals:4 | 41900 ||| DROPPING ring of magical power.
 42214 | Depths:1 | Entered Level 1 of the Depths
 42215 | Depths:1 | 42215 ||| INVOKING Heroism.
 42216 | Depths:1 | 42216 ||| INVOKING Finesse.
 42310 | Depths:1 | Found a gateway to Hell.
 42431 | Depths:1 | 42431 ||| Stepping ~*~*~tactically~*~*~ (hiding).
 42432 | Depths:1 | 42432 ||| Stepping ~*~*~tactically~*~*~ (hiding).
 42435 | Depths:1 | 42435 ||| INVOKING Heroism.
 42436 | Depths:1 | 42436 ||| INVOKING Finesse.
 42598 | Depths:1 | 42598 ||| Stepping ~*~*~tactically~*~*~ (hiding).
 42599 | Depths:1 | 42599 ||| Stepping ~*~*~tactically~*~*~ (hiding).
 42608 | Depths:1 | Received a gift from Okawaru
 42648 | Depths:1 | Found a glowing silver altar of Zin.
 42730 | Depths:1 | 42730 ||| Stepping ~*~*~tactically~*~*~ (hiding).
 43336 | Depths:2 | 43336 ||| INVOKING Heroism.
 43337 | Depths:2 | 43337 ||| INVOKING Finesse.
 43396 | Depths:2 | 43396 ||| Stepping ~*~*~tactically~*~*~ (hiding).
 43405 | Depths:2 | Received a gift from Okawaru
 43409 | Depths:2 | 43409 ||| INVOKING Finesse.
 43410 | Depths:2 | 43410 ||| INVOKING Heroism.
 43434 | Depths:2 | 43434 ||| FLEEEEING.
 43457 | Depths:2 | 43457 ||| INVOKING Heroism.
 43458 | Depths:2 | 43458 ||| FLEEEEING.
 43459 | Depths:2 | 43459 ||| FLEEEEING.
 43461 | Depths:2 | 43461 ||| STAIRDANCE
 43674 | Depths:2 | Received a gift from Okawaru
 43726 | Depths:2 | Found a one-way gate leading to the halls of Pandemonium.
 43741 | Depths:2 | 43741 ||| Stepping ~*~*~tactically~*~*~ (stealth).
 43756 | Depths:2 | 43756 ||| INVOKING Heroism.
 43858 | Depths:2 | Identified the +6 chain mail of the Vaults {rPois rN+
                  | Str-2} (Okawaru gifted it to you on level 2 of the Depths)
 43858 | Depths:2 | Received a gift from Okawaru
 43873 | Depths:2 | Found a transporter.
 43874 | Depths:2 | Noticed a juggernaut
 43874 | Depths:2 | Noticed a caustic shrike
 43875 | Depths:2 | Found a transporter.
 43875 | Depths:2 | Noticed a golden dragon
 43899 | Depths:2 | 43899 ||| INVOKING Heroism.
 44059 | Depths:2 | Found a transporter.
 44061 | Depths:2 | Found a transporter.
 44061 | Depths:2 | Identified the amulet "Valisut" {Acrobat rF+}
 44063 | Depths:2 | Identified the ring "Vedepeav" {Fire rElec}
 44077 | Depths:2 | Found a transporter.
 44109 | Depths:2 | 44109 ||| Stepping ~*~*~tactically~*~*~ (hiding).
 44110 | Depths:2 | 44110 ||| Stepping ~*~*~tactically~*~*~ (hiding).
 44286 | Depths:2 | Noticed Asterion
 44287 | Depths:2 | 44287 ||| INVOKING Heroism.
 44288 | Depths:2 | 44288 ||| INVOKING Finesse.
 44299 | Depths:2 | Killed Asterion
 44365 | Depths:2 | 44365 ||| Stepping ~*~*~tactically~*~*~ (stealth).
 44366 | Depths:2 | 44366 ||| Stepping ~*~*~tactically~*~*~ (stealth).
 44368 | Depths:2 | 44368 ||| INVOKING Heroism.
 44369 | Depths:2 | 44369 ||| INVOKING Finesse.
 44470 | Depths:2 | 44470 ||| INVOKING Heroism.
 44566 | Depths:2 | 44566 ||| DROPPING +6 chain mail of the Vaults {rPois rN+
                  | Str-2}.
 44584 | Depths:3 | 44584 ||| PLANNING WIZLAB
 44616 | Depths:3 | 44616 ||| INVOKING Finesse.
 44658 | Depths:3 | 44658 ||| READING scroll of acquirement.
 44658 | Depths:3 | 44658 ||| ACQUIRING +4 pair of gloves of Instinct {Will-
                  | MP+9 Str+2 Int+3}
 44658 | Depths:3 | Acquired the +4 pair of gloves of Instinct {Will- MP+9
                  | Str+2 Int+3}
 44660 | Depths:3 | 44660 ||| UPGRADING to +4 pair of gloves of Instinct {Will-
                  | MP+9 Str+2 Int+3}.
 44719 | Depths:3 | 44719 ||| Stepping ~*~*~tactically~*~*~ (hiding).
 44723 | Depths:3 | Noticed a golden dragon
 44724 | Depths:3 | 44724 ||| INVOKING Heroism.
 44725 | Depths:3 | 44725 ||| INVOKING Finesse.
 44736 | Depths:3 | Killed a golden dragon
 44748 | Depths:3 | Reached XP level 22. HP: 141/149 MP: 29/29
 44775 | Depths:3 | Noticed the Enchantress
 44775 | Depths:3 | Noticed a golden dragon
 44780 | Depths:3 | 44780 ||| DRINKING 9 potions of curing.
 44780 | Depths:3 | 44780 ||| (to cure confusion)
 44798 | Depths:3 | Killed the Enchantress
 44805 | Depths:3 | Killed a golden dragon
 44817 | Depths:3 | Identified the +1 robe "Namilui" {Slay+2}
 44824 | Depths:3 | 44824 ||| INVOKING Heroism.
 44839 | Depths:3 | Received a gift from Okawaru
 44850 | Depths:3 | 44850 ||| INVOKING Heroism.
 44864 | Depths:3 | 44864 ||| FLEEEEING.
 44924 | Depths:3 | 44924 ||| Stepping ~*~*~tactically~*~*~ (stealth).
 45017 | Depths:3 | 45017 ||| FLEEEEING.
 45074 | Depths:3 | 45074 ||| INVOKING Heroism.
 45250 | Depths:3 | 45250 ||| DROPPING +0 ice dragon scales.
 45251 | Depths:3 | 45251 ||| DROPPING +1 plate armour of cold resistance.
 45286 | Depths:3 | 45286 ||| DROPPING +1 chain mail of willpower.
 45310 | Depths:3 | Identified the +0 robe of Hysteria {Dex+3}
 45366 | Depths:3 | 45366 ||| Stepping ~*~*~tactically~*~*~ (hiding).
 45373 | Depths:3 | 45373 ||| INVOKING Heroism.
 45374 | Depths:3 | 45374 ||| INVOKING Finesse.
 45385 | Depths:3 | Reached skill level 21 in Shields
 45388 | Depths:3 | Received a gift from Okawaru
 45421 | Depths:3 | 45421 ||| RIP WIZLAB
 45421 | Depths:3 | 45421 ||| PLANNING DEPTHS
 45492 | Depths:3 | 45492 ||| Stepping ~*~*~tactically~*~*~ (hiding).
 45495 | Depths:3 | 45495 ||| INVOKING Heroism.
 45496 | Depths:3 | 45496 ||| INVOKING Finesse.
 45642 | Depths:3 | Found a one-way gateway to a ziggurat.
 45752 | Depths:3 | Found a hazy altar of Hepliaklqana.
 45880 | Depths:3 | 45880 ||| Stepping ~*~*~tactically~*~*~ (stealth).
 45882 | Depths:3 | 45882 ||| INVOKING Heroism.
 45905 | Depths:3 | 45905 ||| Stepping ~*~*~tactically~*~*~ (stealth).
 45940 | Depths:3 | 45940 ||| Stepping ~*~*~tactically~*~*~ (stealth).
 45941 | Depths:3 | 45941 ||| Stepping ~*~*~tactically~*~*~ (stealth).
 45943 | Depths:3 | 45943 ||| Stepping ~*~*~tactically~*~*~ (stealth).
 46241 | Depths:4 | Entered Level 4 of the Depths
 46246 | Depths:4 | 46246 ||| Stepping ~*~*~tactically~*~*~ (hiding).
 46265 | Depths:4 | 46265 ||| FLEEEEING.
 46267 | Depths:4 | 46267 ||| STAIRDANCE
 46318 | Depths:4 | 46318 ||| Stepping ~*~*~tactically~*~*~ (stealth).
 46319 | Depths:4 | 46319 ||| Stepping ~*~*~tactically~*~*~ (stealth).
 46323 | Depths:4 | 46323 ||| INVOKING Heroism.
 46346 | Depths:4 | 46346 ||| Stepping ~*~*~tactically~*~*~ (hiding).
 46347 | Depths:4 | 46347 ||| INVOKING Finesse.
 46356 | Depths:4 | Received a gift from Okawaru
 46364 | Depths:4 | Reached skill level 18 in Armour
 46379 | Depths:4 | 46379 ||| INVOKING Heroism.
 46705 | Depths:4 | 46705 ||| Stepping ~*~*~tactically~*~*~ (hiding).
 46849 | Depths:4 | 46849 ||| INVOKING Finesse.
 46882 | Depths:4 | Received a gift from Okawaru
 46906 | Depths:4 | 46906 ||| INVOKING Heroism.
 46907 | Depths:4 | 46907 ||| INVOKING Finesse.
 46942 | Depths:4 | 46942 ||| INVOKING Heroism.
 47058 | Depths:4 | 47058 ||| INVOKING Heroism.
 47061 | Depths:4 | Reached skill level 21 in Fighting
 47108 | Depths:4 | 47108 ||| FLEEEEING.
 47194 | Depths:4 | 47194 ||| INVOKING Heroism.
 47195 | Depths:4 | 47195 ||| INVOKING Finesse.
 47245 | Depths:4 | Found a gate to the Realm of Zot.
 47246 | Depths:4 | 47246 ||| INVOKING Heroism.
 47262 | Depths:4 | Reached XP level 23. HP: 160/160 MP: 30/30
 47300 | Depths:4 | 47300 ||| INVOKING Finesse.
 47326 | Depths:4 | 47326 ||| Stepping ~*~*~tactically~*~*~ (stealth).
 47575 | Depths:4 | 47575 ||| INVOKING Heroism.
 47576 | Depths:4 | 47576 ||| INVOKING Finesse.
 47619 | Depths:4 | 47619 ||| INVOKING Heroism.
 47627 | Depths:4 | Received a gift from Okawaru
 47705 | Depths:4 | 47705 ||| INVOKING Heroism.
 47706 | Depths:4 | 47706 ||| Stepping ~*~*~tactically~*~*~ (stealth).
 47750 | Depths:4 | Noticed a caustic shrike
 47751 | Depths:4 | 47751 ||| INVOKING Finesse.
 47754 | Depths:4 | Noticed a caustic shrike
 47756 | Depths:4 | Noticed a caustic shrike
 47758 | Depths:4 | Killed a caustic shrike
 47767 | Depths:4 | Killed a caustic shrike
 47767 | Depths:4 | Received a gift from Okawaru
 47771 | Depths:4 | 47771 ||| INVOKING Heroism.
 47775 | Depths:4 | Killed a caustic shrike
 47817 | Depths:4 | 47817 ||| Stepping ~*~*~tactically~*~*~ (hiding).
 47818 | Depths:4 | 47818 ||| Stepping ~*~*~tactically~*~*~ (hiding).
 47829 | Depths:4 | 47829 ||| INVOKING Heroism.
 47837 | Depths:4 | 47837 ||| INVOKING Finesse.
 47897 | Depths:4 | 47897 ||| INVOKING Heroism.
 48017 | Depths:4 | 48017 ||| Stepping ~*~*~tactically~*~*~ (stealth).
 48102 | Depths:4 | 48102 ||| INVOKING Heroism.
 48323 | Depths:4 | 48323 ||| INVOKING Heroism.
 48412 | Depths:4 | 48412 ||| PLANNING VAULTS:5
 48412 | Depths:4 | 48412 ||| UPGRADING to +0 pair of gloves of Gaona {rC+
                  | Str+2}.
 48660 | Vaults:5 | Entered Level 5 of the Vaults
 48661 | Vaults:5 | 48661 ||| INVOKING Heroism.
 48673 | Vaults:5 | Reached skill level 12 in Throwing
 48673 | Vaults:5 | 48673 ||| INVOKING Finesse.
 48681 | Vaults:5 | Received a gift from Okawaru
 48709 | Vaults:5 | Received a gift from Okawaru
 48723 | Vaults:5 | 48723 ||| INVOKING Heroism.
 48736 | Vaults:5 | 48736 ||| Stepping ~*~*~tactically~*~*~ (hiding).
 48772 | Vaults:5 | Identified the ring "Ifad" {Will+ Int+3 Slay+3}
 48773 | Vaults:5 | Received a gift from Okawaru
 48785 | Vaults:5 | 48785 ||| INVOKING Finesse.
 48823 | Vaults:5 | Noticed an ancient lich
 48824 | Vaults:5 | 48824 ||| INVOKING Heroism.
 48841 | Vaults:5 | Killed an ancient lich
 48841 | Vaults:5 | Received a gift from Okawaru
 48864 | Vaults:5 | 48864 ||| Stepping ~*~*~tactically~*~*~ (stealth).
 48897 | Vaults:5 | 48897 ||| INVOKING Heroism.
 48935 | Vaults:5 | 48935 ||| Stepping ~*~*~tactically~*~*~ (stealth).
 48936 | Vaults:5 | 48936 ||| Stepping ~*~*~tactically~*~*~ (stealth).
 48937 | Vaults:5 | 48937 ||| Stepping ~*~*~tactically~*~*~ (stealth).
 48956 | Vaults:5 | 48956 ||| INVOKING Heroism.
 48962 | Vaults:5 | 48962 ||| INVOKING Finesse.
 49018 | Vaults:5 | 49018 ||| INVOKING Heroism.
 49022 | Vaults:5 | Reached XP level 24. HP: 103/168 MP: 28/30
 49044 | Vaults:5 | 49044 ||| Stepping ~*~*~tactically~*~*~ (stealth).
 49045 | Vaults:5 | 49045 ||| Stepping ~*~*~tactically~*~*~ (stealth).
 49053 | Vaults:5 | 49053 ||| Stepping ~*~*~tactically~*~*~ (stealth).
 49054 | Vaults:5 | 49054 ||| Stepping ~*~*~tactically~*~*~ (stealth).
 49055 | Vaults:5 | 49055 ||| Stepping ~*~*~tactically~*~*~ (stealth).
 49075 | Vaults:5 | 49075 ||| INVOKING Heroism.
 49082 | Vaults:5 | Received a gift from Okawaru
 49101 | Vaults:5 | 49101 ||| Stepping ~*~*~tactically~*~*~ (stealth).
 49171 | Vaults:5 | 49171 ||| Stepping ~*~*~tactically~*~*~ (stealth).
 49223 | Vaults:5 | 49223 ||| Stepping ~*~*~tactically~*~*~ (stealth).
 49224 | Vaults:5 | 49224 ||| Stepping ~*~*~tactically~*~*~ (stealth).
 49230 | Vaults:5 | 49230 ||| Stepping ~*~*~tactically~*~*~ (stealth).
 49232 | Vaults:5 | 49232 ||| Stepping ~*~*~tactically~*~*~ (hiding).
 49236 | Vaults:5 | 49236 ||| INVOKING Heroism.
 49289 | Vaults:5 | Received a gift from Okawaru
 49299 | Vaults:5 | 49299 ||| Stepping ~*~*~tactically~*~*~ (stealth).
 49368 | Vaults:5 | 49368 ||| INVOKING Heroism.
 49398 | Vaults:5 | 49398 ||| Stepping ~*~*~tactically~*~*~ (stealth).
 49511 | Vaults:5 | 49511 ||| Stepping ~*~*~tactically~*~*~ (stealth).
 49539 | Vaults:5 | 49539 ||| Stepping ~*~*~tactically~*~*~ (stealth).
 49608 | Vaults:5 | Received a gift from Okawaru
 49613 | Vaults:5 | 49613 ||| FLEEEEING.
 49614 | Vaults:5 | 49614 ||| INVOKING Heroism.
 49786 | Vaults:5 | 49786 ||| Stepping ~*~*~tactically~*~*~ (hiding).
 49788 | Vaults:5 | 49788 ||| Stepping ~*~*~tactically~*~*~ (hiding).
 49852 | Vaults:5 | Identified the +9 long sword of Piodworch {vamp, MP+9}
 49861 | Vaults:5 | Found Jazif's Book Boutique.
 49904 | Vaults:5 | Got a silver rune of Zot
 49920 | Vaults:5 | 49920 ||| Stepping ~*~*~tactically~*~*~ (stealth).
 49921 | Vaults:5 | 49921 ||| Stepping ~*~*~tactically~*~*~ (stealth).
 49956 | Vaults:5 | 49956 ||| INVOKING Heroism.
 49969 | Vaults:5 | Noticed an ancient lich
 49970 | Vaults:5 | 49970 ||| INVOKING Finesse.
 49976 | Vaults:5 | Killed an ancient lich
 49990 | Vaults:5 | Received a gift from Okawaru
 50053 | Vaults:5 | Identified the +2 mace "Hayroiph" {freeze, rF+ Str+2 Int+4}
 50314 | Vaults:5 | Found Oteduog's Antique Weapon Boutique.
 50316 | Vaults:5 | Identified the -1 pair of boots "Voafurit" {rCorr Dex-2
                  | SInv}
 50325 | Vaults:5 | Identified the +6 spear of Pain and Death {elec, Int+3
                  | SInv}
 50335 | Vaults:5 | 50335 ||| INVOKING Heroism.
 50519 | Vaults:5 | 50519 ||| Stepping ~*~*~tactically~*~*~ (stealth).
 50648 | Vaults:5 | 50648 ||| PLANNING SHOPPING SPREE
 50648 | Vaults:5 | 50648 ||| UPGRADING to +4 pair of gloves of Instinct {Will-
                  | MP+9 Str+2 Int+3}.
 50658 | Vaults:5 | 50658 ||| DROPPING scarf of invisibility.
 50693 | Vaults:5 | 50693 ||| UPGRADING to ring "Ifad" {Will+ Int+3 Slay+3}.
 51131 | D:1      | 51131 ||| BUYING scroll of enchant armour (75 gold).
 51131 | D:1      | Bought a scroll of enchant armour for 75 gold pieces
 51131 | D:1      | 51131 ||| BUYING scroll of teleportation (30 gold).
 51131 | D:1      | Bought a scroll of teleportation for 30 gold pieces
 51166 | D:2      | 51166 ||| BUYING scroll of teleportation (36 gold).
 51166 | D:2      | Bought a scroll of teleportation for 36 gold pieces
 51420 | Orc:2    | 51420 ||| BUYING pair of runed boots (277 gold).
 51420 | Orc:2    | Bought a pair of runed boots for 277 gold pieces
 51420 | Orc:2    | 51420 ||| DROPPING +1 pair of boots of flying.
 51482 | Orc:2    | 51482 ||| BUYING embroidered cloak (292 gold).
 51482 | Orc:2    | Bought an embroidered cloak for 292 gold pieces
 51482 | Orc:2    | 51482 ||| BUYING embroidered scarf (312 gold).
 51482 | Orc:2    | Bought an embroidered scarf for 312 gold pieces
 51482 | Orc:2    | 51482 ||| DROPPING +0 cloak of preservation.
 51483 | Orc:2    | 51483 ||| DROPPING scarf of repulsion.
 51713 | Vaults:4 | 51713 ||| BUYING potion of curing (300 gold).
 51713 | Vaults:4 | Bought a potion of curing for 300 gold pieces
 51742 | Vaults:4 | 51742 ||| BUYING +8 chain mail of Alouce {Will+} (1199
                  | gold).
 51742 | Vaults:4 | Bought the +8 chain mail of Alouce {Will+} for 1199 gold
                  | pieces
 51742 | Vaults:4 | 51742 ||| CLEARING SHOPPING LIST
 51742 | Vaults:4 | 51742 ||| PLANNING ZOT:1-4
 51742 | Vaults:4 | 51742 ||| READING 22 scrolls of teleportation.
 51745 | Vaults:4 | 51745 ||| UPGRADING to +3 plate armour of Soft Rains {rF+}.
 51755 | Vaults:4 | 51755 ||| UPGRADING to +0 gold dragon scales.
 51765 | Vaults:4 | 51765 ||| READING 4 scrolls of enchant armour.
 51765 | Vaults:4 | 51765 ||| ENCHANTING +0 gold dragon scales.
 51766 | Vaults:4 | 51766 ||| DROPPING +3 plate armour of Soft Rains {rF+}.
 51767 | Vaults:4 | 51767 ||| READING 3 scrolls of enchant armour.
 51767 | Vaults:4 | 51767 ||| ENCHANTING +1 gold dragon scales.
 51768 | Vaults:4 | 51768 ||| READING 2 scrolls of enchant armour.
 51768 | Vaults:4 | 51768 ||| ENCHANTING +2 gold dragon scales.
 51769 | Vaults:4 | 51769 ||| READING scroll of enchant armour.
 51769 | Vaults:4 | 51769 ||| ENCHANTING +3 gold dragon scales.
 51770 | Vaults:4 | 51770 ||| DROPPING +8 chain mail of Alouce {Will+}.
 51971 | Zot:1    | Entered Level 1 of the Realm of Zot
 51972 | Zot:1    | 51972 ||| INVOKING Heroism.
 51995 | Zot:1    | Received a gift from Okawaru
 52133 | Zot:1    | 52133 ||| INVOKING Heroism.
 52456 | Zot:1    | 52456 ||| Stepping ~*~*~tactically~*~*~ (hiding).
 52460 | Zot:1    | 52460 ||| INVOKING Heroism.
 52654 | Zot:1    | 52654 ||| INVOKING Heroism.
 52660 | Zot:1    | Received a gift from Okawaru
 52694 | Zot:1    | 52694 ||| Stepping ~*~*~tactically~*~*~ (stealth).
 52736 | Zot:1    | 52736 ||| INVOKING Heroism.
 52746 | Zot:1    | 52746 ||| Stepping ~*~*~tactically~*~*~ (hiding).
 52758 | Zot:1    | 52758 ||| INVOKING Heroism.
 52920 | Zot:1    | 52920 ||| READING scroll of enchant armour.
 52920 | Zot:1    | 52920 ||| ENCHANTING +4 gold dragon scales.
 53033 | Zot:1    | 53033 ||| INVOKING Heroism.
 53055 | Zot:1    | Identified the +2 pair of gloves of Okawaru {Str+2}
                  | (Okawaru gifted it to you on level 1 of the Realm of Zot)
 53055 | Zot:1    | Received a gift from Okawaru
 53083 | Zot:1    | Reached skill level 21 in Armour
 53597 | Zot:1    | 53597 ||| DROPPING +2 pair of gloves of Okawaru {Str+2}.
 53665 | Zot:2    | 53665 ||| Stepping ~*~*~tactically~*~*~ (hiding).
 53676 | Zot:2    | 53676 ||| INVOKING Heroism.
 53829 | Zot:2    | 53829 ||| Stepping ~*~*~tactically~*~*~ (hiding).
 53835 | Zot:2    | 53835 ||| INVOKING Heroism.
 53851 | Zot:2    | Noticed a curse toe
 53860 | Zot:2    | Reached XP level 25. HP: 129/175 MP: 30/30
 54190 | Zot:2    | 54190 ||| INVOKING Heroism.
 54209 | Zot:2    | 54209 ||| Stepping ~*~*~tactically~*~*~ (hiding).
 54211 | Zot:2    | 54211 ||| Stepping ~*~*~tactically~*~*~ (hiding).
 54214 | Zot:2    | 54214 ||| INVOKING Heroism.
 54235 | Zot:2    | 54235 ||| INVOKING Heroism.
 54258 | Zot:2    | 54258 ||| Stepping ~*~*~tactically~*~*~ (stealth).
 54284 | Zot:2    | 54284 ||| Stepping ~*~*~tactically~*~*~ (stealth).
 54287 | Zot:2    | 54287 ||| INVOKING Heroism.
 54328 | Zot:2    | 54328 ||| INVOKING Heroism.
 54686 | Zot:2    | 54686 ||| READING scroll of enchant armour.
 54686 | Zot:2    | 54686 ||| ENCHANTING +5 gold dragon scales.
 54959 | Zot:2    | 54959 ||| Stepping ~*~*~tactically~*~*~ (hiding).
 54965 | Zot:2    | 54965 ||| INVOKING Heroism.
 54985 | Zot:2    | 54985 ||| Stepping ~*~*~tactically~*~*~ (hiding).
 55006 | Zot:2    | Received a gift from Okawaru
 55186 | Zot:2    | 55186 ||| INVOKING Heroism.
 55256 | Zot:2    | 55256 ||| INVOKING Heroism.
 55270 | Zot:2    | Reached skill level 24 in Fighting
 55600 | Zot:2    | 55600 ||| INVOKING Heroism.
 55626 | Zot:2    | HP: 37/178 [??? (9)]
 55627 | Zot:2    | 55627 ||| READING 22 scrolls of teleportation.
 55628 | Zot:2    | 55628 ||| DRINKING 19 potions of heal wounds.
 55638 | Zot:2    | HP: 39/178 [??? (10)]
 55639 | Zot:2    | 55639 ||| DRINKING 18 potions of heal wounds.
 55969 | Zot:2    | 55969 ||| INVOKING Heroism.
 56273 | Zot:3    | Received a gift from Okawaru
 56296 | Zot:3    | 56296 ||| FLEEEEING.
 56301 | Zot:3    | 56301 ||| STAIRDANCE
 56372 | Zot:3    | 56372 ||| INVOKING Heroism.
 56409 | Zot:3    | 56409 ||| Stepping ~*~*~tactically~*~*~ (stealth).
 56413 | Zot:3    | 56413 ||| Stepping ~*~*~tactically~*~*~ (stealth).
 56554 | Zot:3    | 56554 ||| INVOKING Heroism.
 56606 | Zot:3    | Found a transporter.
 56628 | Zot:3    | Noticed an orb of fire
 56633 | Zot:3    | Found a transporter.
 56652 | Zot:3    | 56652 ||| INVOKING Heroism.
 56776 | Zot:3    | 56776 ||| INVOKING Heroism.
 56882 | Zot:3    | 56882 ||| INVOKING Heroism.
 57237 | Zot:3    | 57237 ||| Stepping ~*~*~tactically~*~*~ (cloud).
 57263 | Zot:4    | 57263 ||| Stepping ~*~*~tactically~*~*~ (hiding).
 57264 | Zot:4    | 57264 ||| Stepping ~*~*~tactically~*~*~ (hiding).
 57270 | Zot:4    | 57270 ||| INVOKING Heroism.
 57375 | Zot:4    | 57375 ||| INVOKING Heroism.
 57376 | Zot:4    | 57376 ||| READING 22 scrolls of teleportation.
 57617 | Zot:4    | 57617 ||| INVOKING Heroism.
 57692 | Zot:4    | 57692 ||| Stepping ~*~*~tactically~*~*~ (stealth).
 57694 | Zot:4    | 57694 ||| Stepping ~*~*~tactically~*~*~ (stealth).
 57695 | Zot:4    | 57695 ||| Stepping ~*~*~tactically~*~*~ (stealth).
 57753 | Zot:4    | 57753 ||| Stepping ~*~*~tactically~*~*~ (hiding).
 57763 | Zot:4    | Received a gift from Okawaru
 57800 | Zot:4    | 57800 ||| Stepping ~*~*~tactically~*~*~ (hiding).
 57804 | Zot:4    | 57804 ||| INVOKING Heroism.
 57836 | Zot:4    | 57836 ||| Stepping ~*~*~tactically~*~*~ (stealth).
 57838 | Zot:4    | 57838 ||| INVOKING Heroism.
 58004 | Zot:4    | 58004 ||| INVOKING Heroism.
 58099 | Zot:4    | Received a gift from Okawaru
 58101 | Zot:4    | 58101 ||| INVOKING Heroism.
 58109 | Zot:4    | Reached XP level 26. HP: 153/188 MP: 30/30
 58147 | Zot:4    | 58147 ||| Stepping ~*~*~tactically~*~*~ (hiding).
 58148 | Zot:4    | 58148 ||| Stepping ~*~*~tactically~*~*~ (hiding).
 58159 | Zot:4    | 58159 ||| Stepping ~*~*~tactically~*~*~ (hiding).
 58185 | Zot:4    | 58185 ||| Stepping ~*~*~tactically~*~*~ (hiding).
 58262 | Zot:4    | 58262 ||| DROPPING +0 broad axe of distortion.
 58337 | Zot:4    | 58337 ||| Stepping ~*~*~tactically~*~*~ (stealth).
 58339 | Zot:4    | 58339 ||| Stepping ~*~*~tactically~*~*~ (stealth).
 58436 | Zot:4    | Found a shimmering altar of Xom.
 58450 | Zot:4    | 58450 ||| Stepping ~*~*~tactically~*~*~ (hiding).
 58492 | Zot:4    | 58492 ||| INVOKING Heroism.
 58496 | Zot:4    | Noticed a Killer Klown
 58496 | Zot:4    | Noticed a Killer Klown
 58496 | Zot:4    | Noticed a Killer Klown
 58496 | Zot:4    | Noticed a Killer Klown
 58496 | Zot:4    | Noticed a Killer Klown
 58497 | Zot:4    | Noticed a Killer Klown
 58497 | Zot:4    | 58497 ||| INVOKING Finesse.
 58508 | Zot:4    | Killed a Killer Klown
 58509 | Zot:4    | Reached skill level 15 in Throwing
 58512 | Zot:4    | Killed a Killer Klown
 58515 | Zot:4    | Killed a Killer Klown
 58518 | Zot:4    | a Killer Klown changed into a shadow dragon
 58527 | Zot:4    | Killed a Killer Klown
 58528 | Zot:4    | Killed a Killer Klown
 58571 | Zot:4    | 58571 ||| Stepping ~*~*~tactically~*~*~ (stealth).
 58575 | Zot:4    | 58575 ||| Stepping ~*~*~tactically~*~*~ (stealth).
 58577 | Zot:4    | 58577 ||| INVOKING Heroism.
 59026 | Zot:4    | 59026 ||| INVOKING Heroism.
 59281 | Zot:4    | 59281 ||| PLANNING THE SHINING ONE WORSHIP
 59646 | D:9      | Fell from the grace of Okawaru
 59646 | D:9      | Became a worshipper of the Shining One
 59647 | D:9      | 59647 ||| PLANNING CRYPT
 59647 | D:9      | 59647 ||| SWAPPING to +4 broad axe "Duaxaom" {spect, +Blink
                  | MP+9 Str+2}.
 59648 | D:9      | 59648 ||| DROPPING +14 obsidian axe {vorpal, Mesm Drain Fly
                  | SInv}.
 59928 | Crypt:1  | Entered Level 1 of the Crypt
 59929 | Crypt:1  | 59929 ||| Stepping ~*~*~tactically~*~*~ (hiding).
 59953 | Crypt:1  | Reached * piety under the Shining One
 59977 | Crypt:1  | 59977 ||| Stepping ~*~*~tactically~*~*~ (stealth).
 59983 | Crypt:1  | Reached ** piety under the Shining One
 60221 | Crypt:1  | Reached *** piety under the Shining One
 60235 | Crypt:1  | Reached skill level 12 in Invocations
 60266 | Crypt:1  | 60266 ||| Stepping ~*~*~tactically~*~*~ (stealth).
 60301 | Crypt:1  | 60301 ||| INVOKING Cleansing Flame.
 60348 | Crypt:1  | Reached **** piety under the Shining One
 60514 | Crypt:1  | 60514 ||| Stepping ~*~*~tactically~*~*~ (stealth).
 60537 | Crypt:1  | 60537 ||| Stepping ~*~*~tactically~*~*~ (stealth).
 60915 | Crypt:1  | 60915 ||| Stepping ~*~*~tactically~*~*~ (stealth).
 60917 | Crypt:1  | 60917 ||| Stepping ~*~*~tactically~*~*~ (stealth).
 60972 | Crypt:1  | 60972 ||| DROPPING +0 war axe.
 60973 | Crypt:1  | 60973 ||| DROPPING +0 broad axe.
 61276 | Crypt:1  | 61276 ||| DROPPING -1 pair of boots "Voafurit" {rCorr Dex-2
                  | SInv}.
 61332 | Crypt:2  | 61332 ||| Stepping ~*~*~tactically~*~*~ (stealth).
 61368 | Crypt:2  | 61368 ||| INVOKING Cleansing Flame.
 61369 | Crypt:2  | 61369 ||| INVOKING Cleansing Flame.
 61373 | Crypt:2  | 61373 ||| INVOKING Cleansing Flame.
 61376 | Crypt:2  | 61376 ||| INVOKING Cleansing Flame.
 61379 | Crypt:2  | 61379 ||| INVOKING Cleansing Flame.
 61435 | Crypt:2  | 61435 ||| Stepping ~*~*~tactically~*~*~ (stealth).
 61540 | Crypt:2  | 61540 ||| Stepping ~*~*~tactically~*~*~ (hiding).
 61541 | Crypt:2  | 61541 ||| Stepping ~*~*~tactically~*~*~ (hiding).
 61544 | Crypt:2  | 61544 ||| Stepping ~*~*~tactically~*~*~ (hiding).
 61545 | Crypt:2  | 61545 ||| Stepping ~*~*~tactically~*~*~ (hiding).
 61546 | Crypt:2  | 61546 ||| Stepping ~*~*~tactically~*~*~ (hiding).
 61547 | Crypt:2  | 61547 ||| Stepping ~*~*~tactically~*~*~ (hiding).
 61670 | Crypt:2  | Reached ***** piety under the Shining One
 61705 | Crypt:2  | 61705 ||| Stepping ~*~*~tactically~*~*~ (hiding).
 62195 | Crypt:3  | Entered Level 3 of the Crypt
 62394 | Crypt:3  | 62394 ||| Stepping ~*~*~tactically~*~*~ (stealth).
 62395 | Crypt:3  | 62395 ||| Stepping ~*~*~tactically~*~*~ (stealth).
 62456 | Crypt:3  | Reached ****** piety under the Shining One
 62490 | Crypt:3  | 62490 ||| INVOKING Brand Weapon With Holy Wrath.
 62490 | Crypt:3  | Identified a +3 broad axe of holy wrath (a +1 broad axe of
                  | flaming blessed by the Shining One)
 62490 | Crypt:3  | Received a gift from the Shining One
 62495 | Crypt:3  | 62495 ||| READING 22 scrolls of teleportation.
 62636 | Crypt:3  | 62636 ||| Stepping ~*~*~tactically~*~*~ (hiding).
 62800 | Crypt:3  | 62800 ||| READING scroll of acquirement.
 62800 | Crypt:3  | 62800 ||| ACQUIRING 543 gold pieces
 62800 | Crypt:3  | Acquired 543 gold pieces
 62841 | Crypt:3  | 62841 ||| Stepping ~*~*~tactically~*~*~ (hiding).
 62855 | Crypt:3  | Reached skill level 15 in Invocations
 63207 | Crypt:3  | Found a staircase to the Tomb.
 63209 | Crypt:3  | Noticed an ancient lich
 63210 | Crypt:3  | 63210 ||| INVOKING Summon Divine Warrior.
 63213 | Crypt:3  | 63213 ||| INVOKING Cleansing Flame.
 63214 | Crypt:3  | Killed an ancient lich
 63220 | Crypt:3  | 63220 ||| INVOKING Cleansing Flame.
 63261 | Crypt:3  | Noticed an ancient lich
 63264 | Crypt:3  | Found the dreamshard necklace {*Dream Drain}
 63265 | Crypt:3  | 63265 ||| INVOKING Cleansing Flame.
 63268 | Crypt:3  | Killed an ancient lich
 63312 | Crypt:3  | Identified the amulet of the Final Decision {Acrobat rElec
                  | rPois Dex+3 Stlth-}
 63314 | Crypt:3  | Identified the ring of Xivifes {rElec rF+ rN+ Will-}
 63682 | Crypt:3  | Identified the +7 plate armour of Tiqyfe {rElec rPois
                  | Will+}
 63784 | Crypt:3  | Reached XP level 27. HP: 194/194 MP: 34/34
 63975 | Crypt:3  | 63975 ||| DROPPING +2 cloak of willpower.
 63976 | Crypt:3  | 63976 ||| DROPPING amulet of the Final Decision {Acrobat
                  | rElec rPois Dex+3 Stlth-}.
 63977 | Crypt:3  | 63977 ||| READING 21 scrolls of teleportation.
 63978 | Crypt:3  | 63978 ||| FLEEEEING.
 63979 | Crypt:3  | 63979 ||| FLEEEEING.
 64037 | Crypt:3  | 64037 ||| Stepping ~*~*~tactically~*~*~ (stealth).
 64071 | Crypt:3  | 64071 ||| READING 20 scrolls of teleportation.
 64078 | Crypt:3  | 64078 ||| READING 19 scrolls of teleportation.
 64131 | Crypt:3  | 64131 ||| READING 18 scrolls of teleportation.
 64227 | Crypt:3  | 64227 ||| Stepping ~*~*~tactically~*~*~ (stealth).
 64247 | Crypt:3  | 64247 ||| READING 17 scrolls of teleportation.
 64336 | Crypt:3  | 64336 ||| READING 16 scrolls of teleportation.
 64408 | Crypt:3  | 64408 ||| READING 15 scrolls of teleportation.
 64471 | Crypt:3  | 64471 ||| READING 14 scrolls of teleportation.
 64737 | Crypt:3  | Noticed an ancient lich
 64738 | Crypt:3  | 64738 ||| INVOKING Summon Divine Warrior.
 64742 | Crypt:3  | Killed an ancient lich
 64747 | Crypt:3  | 64747 ||| PLANNING TOMB
 64747 | Crypt:3  | 64747 ||| SWAPPING to +3 broad axe of holy wrath.
 64748 | Crypt:3  | 64748 ||| READING 5 scrolls of enchant weapon.
 64748 | Crypt:3  | 64748 ||| ENCHANTING +3 broad axe of holy wrath.
 64749 | Crypt:3  | 64749 ||| READING 4 scrolls of enchant weapon.
 64749 | Crypt:3  | 64749 ||| ENCHANTING +4 broad axe of holy wrath.
 64750 | Crypt:3  | 64750 ||| READING 3 scrolls of enchant weapon.
 64750 | Crypt:3  | 64750 ||| ENCHANTING +5 broad axe of holy wrath.
 64751 | Crypt:3  | 64751 ||| READING 2 scrolls of enchant weapon.
 64751 | Crypt:3  | 64751 ||| ENCHANTING +6 broad axe of holy wrath.
 64752 | Crypt:3  | 64752 ||| READING scroll of enchant weapon.
 64752 | Crypt:3  | 64752 ||| ENCHANTING +7 broad axe of holy wrath.
 64753 | Crypt:3  | 64753 ||| DROPPING +0 helmet of see invisible.
 64909 | Tomb:1   | Entered Level 1 of the Tomb of the Ancients
 64967 | Tomb:1   | 64967 ||| INVOKING Cleansing Flame.
 65340 | Tomb:1   | 65340 ||| INVOKING Cleansing Flame.
 65340 | Tomb:1   | Noticed a royal mummy
 65341 | Tomb:1   | 65341 ||| INVOKING Summon Divine Warrior.
 65346 | Tomb:1   | 65346 ||| INVOKING Cleansing Flame.
 65347 | Tomb:1   | 65347 ||| INVOKING Cleansing Flame.
 65348 | Tomb:1   | 65348 ||| INVOKING Cleansing Flame.
 65349 | Tomb:1   | 65349 ||| INVOKING Cleansing Flame.
 65350 | Tomb:1   | 65350 ||| INVOKING Cleansing Flame.
 65351 | Tomb:1   | 65351 ||| INVOKING Cleansing Flame.
 65354 | Tomb:1   | Killed a royal mummy
 65360 | Tomb:1   | Noticed a royal mummy
 65360 | Tomb:1   | Noticed a royal mummy
 65363 | Tomb:1   | 65363 ||| INVOKING Cleansing Flame.
 65364 | Tomb:1   | 65364 ||| INVOKING Cleansing Flame.
 65365 | Tomb:1   | 65365 ||| INVOKING Cleansing Flame.
 65365 | Tomb:1   | Killed a royal mummy
 65368 | Tomb:1   | Killed a royal mummy
 65376 | Tomb:1   | 65376 ||| INVOKING Cleansing Flame.
 65499 | Tomb:1   | 65499 ||| READING scroll of enchant armour.
 65499 | Tomb:1   | 65499 ||| ENCHANTING +6 gold dragon scales.
 65723 | Tomb:1   | 65723 ||| INVOKING Cleansing Flame.
 65724 | Tomb:1   | 65724 ||| INVOKING Cleansing Flame.
 65783 | Tomb:1   | 65783 ||| INVOKING Cleansing Flame.
 65784 | Tomb:1   | 65784 ||| INVOKING Cleansing Flame.
 66147 | Tomb:1   | 66147 ||| INVOKING Cleansing Flame.
 66148 | Tomb:1   | 66148 ||| INVOKING Cleansing Flame.
 66276 | Tomb:1   | 66276 ||| DROPPING +7 plate armour of Tiqyfe {rElec rPois
                  | Will+}.
 66450 | Tomb:2   | 66450 ||| DRINKING 9 potions of haste.
 66451 | Tomb:2   | 66451 ||| DRINKING 12 potions of attraction.
 66454 | Tomb:2   | Noticed a royal mummy
 66454 | Tomb:2   | Noticed a royal mummy
 66454 | Tomb:2   | Noticed a royal mummy
 66455 | Tomb:2   | 66455 ||| INVOKING Summon Divine Warrior.
 66457 | Tomb:2   | 66457 ||| INVOKING Cleansing Flame.
 66458 | Tomb:2   | 66458 ||| INVOKING Cleansing Flame.
 66459 | Tomb:2   | Noticed a royal mummy
 66460 | Tomb:2   | Reached skill level 18 in Invocations
 66461 | Tomb:2   | Killed a royal mummy
 66461 | Tomb:2   | Killed a royal mummy
 66462 | Tomb:2   | Killed a royal mummy
 66465 | Tomb:2   | Killed a royal mummy
 66557 | Tomb:2   | 66557 ||| INVOKING Cleansing Flame.
 66563 | Tomb:2   | 66563 ||| INVOKING Cleansing Flame.
 66591 | Tomb:2   | 66591 ||| INVOKING Cleansing Flame.
 66592 | Tomb:2   | 66592 ||| INVOKING Cleansing Flame.
 66901 | Tomb:1   | Noticed a royal mummy
 66902 | Tomb:1   | 66902 ||| Stepping ~*~*~tactically~*~*~ (hiding).
 66903 | Tomb:1   | Noticed a royal mummy
 66904 | Tomb:1   | 66904 ||| INVOKING Summon Divine Warrior.
 66905 | Tomb:1   | Noticed a royal mummy
 66905 | Tomb:1   | Noticed a royal mummy
 66905 | Tomb:1   | Noticed a royal mummy
 66915 | Tomb:1   | Noticed a royal mummy
 66920 | Tomb:1   | Noticed a royal mummy
 66926 | Tomb:1   | 66926 ||| INVOKING Cleansing Flame.
 66927 | Tomb:1   | 66927 ||| INVOKING Cleansing Flame.
 66928 | Tomb:1   | 66928 ||| INVOKING Cleansing Flame.
 66929 | Tomb:1   | 66929 ||| INVOKING Cleansing Flame.
 66929 | Tomb:1   | Killed a royal mummy
 66946 | Tomb:1   | HP: 43/194 [royal mummy/divine providence (13)]
 66947 | Tomb:1   | 66947 ||| READING 14 scrolls of teleportation.
 66948 | Tomb:1   | 66948 ||| DRINKING 17 potions of heal wounds.
 67613 | Tomb:1   | 67613 ||| Stepping ~*~*~tactically~*~*~ (hiding).
 67614 | Tomb:1   | 67614 ||| INVOKING Cleansing Flame.
 67615 | Tomb:1   | 67615 ||| INVOKING Cleansing Flame.
 67616 | Tomb:1   | 67616 ||| INVOKING Summon Divine Warrior.
 67618 | Tomb:1   | Killed a royal mummy
 67632 | Tomb:1   | HP: 46/194 [??? (8)]
 67633 | Tomb:1   | 67633 ||| READING 13 scrolls of teleportation.
 67634 | Tomb:1   | 67634 ||| DRINKING 16 potions of heal wounds.
 68065 | Tomb:1   | Noticed a royal mummy
 68066 | Tomb:1   | 68066 ||| INVOKING Summon Divine Warrior.
 68069 | Tomb:1   | 68069 ||| INVOKING Cleansing Flame.
 68073 | Tomb:1   | Killed a royal mummy
 68081 | Tomb:1   | 68081 ||| INVOKING Cleansing Flame.
 68081 | Tomb:1   | Killed a royal mummy
 68085 | Tomb:1   | Killed a royal mummy
 68088 | Tomb:1   | HP: 43/194 [emperor scorpion[a royal mummy] (6)]
 68089 | Tomb:1   | 68089 ||| READING 12 scrolls of teleportation.
 68090 | Tomb:1   | 68090 ||| DRINKING 15 potions of heal wounds.
 68091 | Tomb:1   | 68091 ||| DRINKING 14 potions of heal wounds.
 68192 | Tomb:1   | 68192 ||| INVOKING Summon Divine Warrior.
 68693 | Tomb:1   | 68693 ||| INVOKING Summon Divine Warrior.
 68697 | Tomb:1   | Killed a royal mummy
 68710 | Tomb:1   | 68710 ||| INVOKING Cleansing Flame.
 68710 | Tomb:1   | Killed a royal mummy
 68821 | Tomb:1   | Noticed a royal mummy
 68826 | Tomb:1   | 68826 ||| INVOKING Cleansing Flame.
 68829 | Tomb:1   | Killed a royal mummy
 68950 | Tomb:1   | Noticed a royal mummy
 68954 | Tomb:1   | Noticed a royal mummy
 68956 | Tomb:1   | 68956 ||| INVOKING Cleansing Flame.
 68957 | Tomb:1   | 68957 ||| INVOKING Cleansing Flame.
 68958 | Tomb:1   | 68958 ||| INVOKING Cleansing Flame.
 68958 | Tomb:1   | Noticed a royal mummy
 68959 | Tomb:1   | 68959 ||| INVOKING Cleansing Flame.
 68960 | Tomb:1   | 68960 ||| INVOKING Cleansing Flame.
 68961 | Tomb:1   | 68961 ||| INVOKING Cleansing Flame.
 68961 | Tomb:1   | Killed a royal mummy
 68963 | Tomb:1   | Noticed a royal mummy
 68964 | Tomb:1   | 68964 ||| INVOKING Cleansing Flame.
 68965 | Tomb:1   | 68965 ||| INVOKING Cleansing Flame.
 68965 | Tomb:1   | Killed a royal mummy
 68966 | Tomb:1   | Noticed a royal mummy
 68971 | Tomb:1   | Killed a royal mummy
 68975 | Tomb:1   | 68975 ||| INVOKING Cleansing Flame.
 68976 | Tomb:1   | 68976 ||| INVOKING Cleansing Flame.
 68977 | Tomb:1   | 68977 ||| INVOKING Cleansing Flame.
 68978 | Tomb:1   | 68978 ||| INVOKING Cleansing Flame.
 68978 | Tomb:1   | Killed a royal mummy
 68979 | Tomb:1   | 68979 ||| DRINKING 8 potions of magic.
 68980 | Tomb:1   | 68980 ||| INVOKING Cleansing Flame.
 68981 | Tomb:1   | 68981 ||| INVOKING Cleansing Flame.
 68984 | Tomb:1   | Killed a royal mummy
 68985 | Tomb:1   | 68985 ||| INVOKING Cleansing Flame.
 68986 | Tomb:1   | 68986 ||| INVOKING Cleansing Flame.
 68987 | Tomb:1   | Killed a royal mummy
 69068 | Tomb:1   | Was forgiven by Okawaru
 75933 | Tomb:1   | Glimpsed the power of Zot.
 76102 | Tomb:2   | 76102 ||| PLANNING TOMB
 76151 | Tomb:2   | 76151 ||| PLANNING TOMB
 76205 | Tomb:1   | Upgraded the game from 0.30-a0-162-g2ba88f6271 to
                  | 0.30-a0-164-g83d47c8028
 76205 | Tomb:1   | 76205 ||| PLANNING TOMB
 76328 | Tomb:2   | 76328 ||| INVOKING Cleansing Flame.
 76329 | Tomb:2   | 76329 ||| INVOKING Cleansing Flame.
 76334 | Tomb:2   | Reached skill level 21 in Invocations
 76434 | Tomb:2   | Glimpsed the power of Zot.
 76471 | Tomb:3   | Entered Level 3 of the Tomb of the Ancients
 76472 | Tomb:3   | 76472 ||| DRINKING 8 potions of haste.
 76473 | Tomb:3   | 76473 ||| DRINKING 11 potions of attraction.
 76485 | Tomb:3   | Noticed a royal mummy
 76486 | Tomb:3   | 76486 ||| INVOKING Summon Divine Warrior.
 76488 | Tomb:3   | 76488 ||| INVOKING Cleansing Flame.
 76489 | Tomb:3   | 76489 ||| INVOKING Cleansing Flame.
 76490 | Tomb:3   | 76490 ||| INVOKING Cleansing Flame.
 76490 | Tomb:3   | Noticed a royal mummy
 76491 | Tomb:3   | Killed a royal mummy
 76495 | Tomb:3   | Killed a royal mummy
 76496 | Tomb:3   | 76496 ||| INVOKING Cleansing Flame.
 76504 | Tomb:3   | Noticed a royal mummy
 76507 | Tomb:3   | Noticed a royal mummy
 76511 | Tomb:3   | 76511 ||| INVOKING Cleansing Flame.
 76511 | Tomb:3   | Killed a royal mummy
 76513 | Tomb:3   | Killed a royal mummy
 76557 | Tomb:3   | 76557 ||| INVOKING Cleansing Flame.
 76580 | Tomb:3   | 76580 ||| INVOKING Cleansing Flame.
 76905 | Tomb:3   | Found the +3 Elemental Staff {rElec rF++ rC++ AC+5}
 76909 | Tomb:3   | Found the +5 demon whip "Spellbinder" {antimagic, Will+}
 76914 | Tomb:3   | Found the amulet of the Air {Inacc Air Fly rElec RMsl}
 76964 | Tomb:3   | Identified the +2 quarterstaff of Internal Strife {pain,
                  | Str+3 Dex+2}
 76967 | Tomb:3   | Identified the +0 rapier of the Unseen Realm {freeze,
                  | Int+3}
 76976 | Tomb:3   | Identified the +1 flail "Ugras" {flame, Will+ Dex+3}
 77017 | Tomb:3   | Noticed a royal mummy
 77019 | Tomb:3   | 77019 ||| INVOKING Cleansing Flame.
 77021 | Tomb:3   | Killed a royal mummy
 77024 | Tomb:3   | Noticed a royal mummy
 77025 | Tomb:3   | 77025 ||| INVOKING Cleansing Flame.
 77025 | Tomb:3   | Noticed a royal mummy
 77032 | Tomb:3   | 77032 ||| INVOKING Cleansing Flame.
 77032 | Tomb:3   | Killed a royal mummy
 77033 | Tomb:3   | 77033 ||| INVOKING Summon Divine Warrior.
 77039 | Tomb:3   | 77039 ||| INVOKING Cleansing Flame.
 77040 | Tomb:3   | Killed a royal mummy
 77041 | Tomb:3   | 77041 ||| INVOKING Cleansing Flame.
 77047 | Tomb:3   | HP: 47/194 [??? (9)]
 77048 | Tomb:3   | 77048 ||| READING 11 scrolls of teleportation.
 77049 | Tomb:3   | 77049 ||| DRINKING 14 potions of heal wounds.
 77137 | Tomb:3   | Noticed a royal mummy
 77138 | Tomb:3   | 77138 ||| INVOKING Cleansing Flame.
 77139 | Tomb:3   | 77139 ||| INVOKING Cleansing Flame.
 77140 | Tomb:3   | 77140 ||| INVOKING Cleansing Flame.
 77141 | Tomb:3   | 77141 ||| INVOKING Cleansing Flame.
 77142 | Tomb:3   | 77142 ||| INVOKING Cleansing Flame.
 77142 | Tomb:3   | Killed a royal mummy
 77366 | Tomb:3   | 77366 ||| Stepping ~*~*~tactically~*~*~ (stealth).
 77367 | Tomb:3   | 77367 ||| Stepping ~*~*~tactically~*~*~ (stealth).
 77368 | Tomb:3   | 77368 ||| Stepping ~*~*~tactically~*~*~ (stealth).
 77370 | Tomb:3   | 77370 ||| INVOKING Cleansing Flame.
 77410 | Tomb:3   | Got a golden rune of Zot
 77435 | Tomb:3   | Noticed a royal mummy
 77436 | Tomb:3   | 77436 ||| Stepping ~*~*~tactically~*~*~ (hiding).
 77437 | Tomb:3   | 77437 ||| Stepping ~*~*~tactically~*~*~ (hiding).
 77438 | Tomb:3   | 77438 ||| Stepping ~*~*~tactically~*~*~ (hiding).
 77439 | Tomb:3   | 77439 ||| Stepping ~*~*~tactically~*~*~ (hiding).
 77440 | Tomb:3   | 77440 ||| Stepping ~*~*~tactically~*~*~ (hiding).
 77442 | Tomb:3   | 77442 ||| INVOKING Summon Divine Warrior.
 77447 | Tomb:3   | Killed a royal mummy
 77682 | Tomb:3   | 77682 ||| PLANNING PAN
 77682 | Tomb:3   | 77682 ||| DROPPING scarf of shadows.
 77683 | Tomb:3   | 77683 ||| DROPPING +0 helmet of see invisible.
 77684 | Tomb:3   | 77684 ||| DROPPING scarf of harm.
 77685 | Tomb:3   | 77685 ||| DROPPING +6 ring of dexterity.
 78215 | Pan      | Entered Pandemonium
 78220 | Pan      | Upgraded the game from 0.30-a0-164-g83d47c8028 to
                  | 0.30-a0-165-g1891117ce2
 78220 | Pan      | 78220 ||| PLANNING PAN
 78221 | Pan      | 78221 ||| Stepping ~*~*~tactically~*~*~ (hiding).
 78222 | Pan      | 78222 ||| Stepping ~*~*~tactically~*~*~ (hiding).
 78223 | Pan      | 78223 ||| Stepping ~*~*~tactically~*~*~ (hiding).
 78377 | Pan      | 78377 ||| Stepping ~*~*~tactically~*~*~ (stealth).
 78404 | Pan      | 78404 ||| Stepping ~*~*~tactically~*~*~ (stealth).
 78406 | Pan      | 78406 ||| Stepping ~*~*~tactically~*~*~ (hiding).
 78409 | Pan      | 78409 ||| Stepping ~*~*~tactically~*~*~ (hiding).
 78482 | Pan      | Noticed Ahainn the pandemonium lord
 78483 | Pan      | 78483 ||| Stepping ~*~*~tactically~*~*~ (stealth).
 78484 | Pan      | 78484 ||| Stepping ~*~*~tactically~*~*~ (stealth).
 78487 | Pan      | 78487 ||| INVOKING Cleansing Flame.
 78487 | Pan      | Killed Ahainn the pandemonium lord
 78499 | Pan      | 78499 ||| Stepping ~*~*~tactically~*~*~ (hiding).
 78505 | Pan      | 78505 ||| INVOKING Cleansing Flame.
 78506 | Pan      | 78506 ||| INVOKING Cleansing Flame.
 78507 | Pan      | 78507 ||| INVOKING Summon Divine Warrior.
 78510 | Pan      | Noticed Ignacio
 78520 | Pan      | 78520 ||| INVOKING Cleansing Flame.
 78521 | Pan      | 78521 ||| INVOKING Cleansing Flame.
 78522 | Pan      | 78522 ||| INVOKING Summon Divine Warrior.
 78523 | Pan      | Killed Ignacio
 78524 | Pan      | Reached skill level 24 in Invocations
 78534 | Pan      | Gained mutation: You are frail. (-10% HP) [a cacodemon]
 78536 | Pan      | Gained mutation: Your spells are a little easier to cast,
                  | but a little less powerful. [a cacodemon]
 78729 | Pan      | 78729 ||| DRINKING 5 potions of mutation.
 78729 | Pan      | Lost mutation: Your spells are a little easier to cast, but
                  | a little less powerful. [potion of mutation]
 78729 | Pan      | Lost mutation: You are frail. (-10% HP) [potion of
                  | mutation]
 78729 | Pan      | Gained mutation: You are clumsy. (Dex -2) [potion of
                  | mutation]
 78729 | Pan      | Gained mutation: Your muscles are strong. (Str +4, Int/Dex
                  | -1) [potion of mutation]
 79163 | Pan      | Identified the +4 trident of the Silent Majority {holy,
                  | Fly}
 79260 | Pan      | 79260 ||| Stepping ~*~*~tactically~*~*~ (hiding).
 79261 | Pan      | 79261 ||| Stepping ~*~*~tactically~*~*~ (hiding).
 79262 | Pan      | 79262 ||| Stepping ~*~*~tactically~*~*~ (hiding).
 79459 | Pan      | 79459 ||| DROPPING +1 pair of gloves.
 79505 | Pan      | 79505 ||| DRINKING 2 potions of resistance.
 79506 | Pan      | 79506 ||| INVOKING Summon Divine Warrior.
 79509 | Pan      | 79509 ||| INVOKING Cleansing Flame.
 79510 | Pan      | 79510 ||| INVOKING Summon Divine Warrior.
 79649 | Pan      | Found an exit through the horrors of the Abyss.
 79732 | Pan      | Noticed Iramnien the pandemonium lord
 79733 | Pan      | 79733 ||| INVOKING Cleansing Flame.
 79733 | Pan      | Killed Iramnien the pandemonium lord
 80049 | Pan      | 80049 ||| READING scroll of enchant armour.
 80049 | Pan      | 80049 ||| ENCHANTING +7 gold dragon scales.
 80244 | Pan      | 80244 ||| Stepping ~*~*~tactically~*~*~ (stealth).
 80300 | Pan      | 80300 ||| READING scroll of enchant armour.
 80300 | Pan      | 80300 ||| ENCHANTING +8 gold dragon scales.
 80307 | Pan      | Gained mutation: You are very clumsy. (Dex -4) [a
                  | cacodemon]
 80391 | Pan      | 80391 ||| INVOKING Summon Divine Warrior.
 80394 | Pan      | 80394 ||| INVOKING Cleansing Flame.
 80455 | Pan      | 80455 ||| Stepping ~*~*~tactically~*~*~ (stealth).
 80522 | Pan      | 80522 ||| INVOKING Summon Divine Warrior.
 80527 | Pan      | 80527 ||| INVOKING Cleansing Flame.
 80529 | Pan      | Noticed Imetsaba the pandemonium lord
 80535 | Pan      | Killed Imetsaba the pandemonium lord
 80537 | Pan      | 80537 ||| INVOKING Cleansing Flame.
 80538 | Pan      | 80538 ||| INVOKING Cleansing Flame.
 80540 | Pan      | 80540 ||| INVOKING Cleansing Flame.
 80541 | Pan      | 80541 ||| INVOKING Cleansing Flame.
 80545 | Pan      | 80545 ||| INVOKING Cleansing Flame.
 81012 | Pan      | 81012 ||| INVOKING Cleansing Flame.
 81133 | Pan      | 81133 ||| DROPPING +4 ring of evasion.
 81199 | Pan      | 81199 ||| Stepping ~*~*~tactically~*~*~ (stealth).
 81201 | Pan      | 81201 ||| Stepping ~*~*~tactically~*~*~ (stealth).
 81205 | Pan      | 81205 ||| Stepping ~*~*~tactically~*~*~ (stealth).
 81207 | Pan      | 81207 ||| Stepping ~*~*~tactically~*~*~ (stealth).
 81320 | Pan      | 81320 ||| Stepping ~*~*~tactically~*~*~ (hiding).
 81327 | Pan      | 81327 ||| INVOKING Summon Divine Warrior.
 81525 | Pan      | 81525 ||| Stepping ~*~*~tactically~*~*~ (stealth).
 81527 | Pan      | 81527 ||| INVOKING Summon Divine Warrior.
 81769 | Pan      | 81769 ||| Stepping ~*~*~tactically~*~*~ (hiding).
 81782 | Pan      | Noticed Zoupt the pandemonium lord
 81783 | Pan      | 81783 ||| Stepping ~*~*~tactically~*~*~ (hiding).
 81788 | Pan      | 81788 ||| INVOKING Summon Divine Warrior.
 81791 | Pan      | Killed Zoupt the pandemonium lord
 81850 | Pan      | Got a demonic rune of Zot
 81921 | Pan      | 81921 ||| Stepping ~*~*~tactically~*~*~ (stealth).
 81997 | Pan      | 81997 ||| Stepping ~*~*~tactically~*~*~ (hiding).
 82014 | Pan      | Noticed Guir the pandemonium lord
 82020 | Pan      | 82020 ||| INVOKING Summon Divine Warrior.
 82025 | Pan      | Killed Guir the pandemonium lord
 82304 | Pan      | 82304 ||| Stepping ~*~*~tactically~*~*~ (hiding).
 82466 | Pan      | 82466 ||| Stepping ~*~*~tactically~*~*~ (hiding).
 82467 | Pan      | 82467 ||| Stepping ~*~*~tactically~*~*~ (hiding).
 82593 | Pan      | 82593 ||| INVOKING Cleansing Flame.
 82593 | Pan      | Noticed Itiur the pandemonium lord
 82594 | Pan      | 82594 ||| INVOKING Summon Divine Warrior.
 82598 | Pan      | 82598 ||| INVOKING Cleansing Flame.
 82598 | Pan      | Killed Itiur the pandemonium lord
 82599 | Pan      | 82599 ||| INVOKING Cleansing Flame.
 82648 | Pan      | 82648 ||| Stepping ~*~*~tactically~*~*~ (hiding).
 82655 | Pan      | 82655 ||| Stepping ~*~*~tactically~*~*~ (hiding).
 82658 | Pan      | 82658 ||| INVOKING Cleansing Flame.
 82665 | Pan      | 82665 ||| Stepping ~*~*~tactically~*~*~ (stealth).
 82669 | Pan      | Noticed Teolefel the pandemonium lord
 82670 | Pan      | 82670 ||| INVOKING Cleansing Flame.
 82671 | Pan      | 82671 ||| INVOKING Summon Divine Warrior.
 82684 | Pan      | Killed Teolefel the pandemonium lord
 82733 | Pan      | 82733 ||| INVOKING Cleansing Flame.
 82734 | Pan      | Reached skill level 27 in Invocations
 82821 | Pan      | 82821 ||| Stepping ~*~*~tactically~*~*~ (hiding).
 82826 | Pan      | 82826 ||| Stepping ~*~*~tactically~*~*~ (hiding).
 82858 | Pan      | 82858 ||| Stepping ~*~*~tactically~*~*~ (hiding).
 82860 | Pan      | 82860 ||| Stepping ~*~*~tactically~*~*~ (hiding).
 82925 | Pan      | 82925 ||| Stepping ~*~*~tactically~*~*~ (stealth).
 82927 | Pan      | 82927 ||| Stepping ~*~*~tactically~*~*~ (hiding).
 82928 | Pan      | 82928 ||| Stepping ~*~*~tactically~*~*~ (hiding).
 82945 | Pan      | 82945 ||| INVOKING Cleansing Flame.
 83021 | Pan      | 83021 ||| INVOKING Summon Divine Warrior.
 83315 | Pan      | 83315 ||| INVOKING Summon Divine Warrior.
 83317 | Pan      | Gained mutation: You occasionally lose the ability to read
                  | scrolls when taking damage. [a cacodemon]
 83403 | Pan      | 83403 ||| INVOKING Cleansing Flame.
 83404 | Pan      | 83404 ||| INVOKING Cleansing Flame.
 83405 | Pan      | 83405 ||| DRINKING 6 potions of mutation.
 83405 | Pan      | Lost mutation: You occasionally lose the ability to read
                  | scrolls when taking damage. [potion of mutation]
 83405 | Pan      | Lost mutation: Your muscles are strong. (Str +4, Int/Dex
                  | -1) [potion of mutation]
 83405 | Pan      | Lost mutation: You are very clumsy. (Dex -4) [potion of
                  | mutation]
 83405 | Pan      | Gained mutation: You expend magic power (3 MP) to
                  | strengthen your wands. [potion of mutation]
 83414 | Pan      | Entered the realm of Cerebov.
 83702 | Pan      | Found an exit through the horrors of the Abyss.
 83797 | Pan      | Reached skill level 24 in Armour
 84144 | Pan      | 84144 ||| Stepping ~*~*~tactically~*~*~ (stealth).
 84146 | Pan      | 84146 ||| Stepping ~*~*~tactically~*~*~ (hiding).
 84152 | Pan      | 84152 ||| Stepping ~*~*~tactically~*~*~ (hiding).
 84156 | Pan      | 84156 ||| Stepping ~*~*~tactically~*~*~ (hiding).
 84158 | Pan      | 84158 ||| INVOKING Summon Divine Warrior.
 84170 | Pan      | 84170 ||| INVOKING Cleansing Flame.
 84171 | Pan      | 84171 ||| INVOKING Summon Divine Warrior.
 84185 | Pan      | 84185 ||| Stepping ~*~*~tactically~*~*~ (hiding).
 84186 | Pan      | 84186 ||| Stepping ~*~*~tactically~*~*~ (hiding).
 84289 | Pan      | Identified the +1 scale mail of the Past {rC+ MP-9 Int+3}
 84449 | Pan      | 84449 ||| INVOKING Summon Divine Warrior.
 84452 | Pan      | 84452 ||| INVOKING Cleansing Flame.
 84453 | Pan      | 84453 ||| INVOKING Cleansing Flame.
 84454 | Pan      | 84454 ||| INVOKING Cleansing Flame.
 84574 | Pan      | Identified the +7 trident "Biax" {freeze, *Rage rPois Int+3
                  | SInv}
 84578 | Pan      | Identified the +7 rapier "Ysac" {vamp, rElec}
 84581 | Pan      | Identified the +0 plate armour of the Equator {Regen+ Int+2
                  | Dex-4}
 84715 | Pan      | Identified the ring "Kasarphoe" {Fire Int+5}
 84724 | Pan      | Identified the ring of Balance {+Blink rF- rC+ Int+8 Dex+3}
 84838 | Pan      | Identified the ring "Umics" {rPois Dex+4}
 84850 | Pan      | Found the +6 sword of Cerebov {flame}
 84850 | Pan      | Noticed Cerebov
 84851 | Pan      | 84851 ||| DRINKING 10 potions of haste.
 84858 | Pan      | 84858 ||| DRINKING 2 potions of resistance.
 84859 | Pan      | 84859 ||| DRINKING 14 potions of might.
 84862 | Pan      | 84862 ||| INVOKING Cleansing Flame.
 84870 | Pan      | 84870 ||| INVOKING Summon Divine Warrior.
 84886 | Pan      | 84886 ||| INVOKING Summon Divine Warrior.
 84887 | Pan      | Killed Cerebov
 85097 | Pan      | 85097 ||| READING scroll of enchant armour.
 85097 | Pan      | 85097 ||| ENCHANTING +9 gold dragon scales.
 85126 | Pan      | Got a fiery rune of Zot
 85159 | Pan      | 85159 ||| Stepping ~*~*~tactically~*~*~ (hiding).
 85182 | Pan      | 85182 ||| Stepping ~*~*~tactically~*~*~ (hiding).
 85186 | Pan      | 85186 ||| Stepping ~*~*~tactically~*~*~ (hiding).
 85212 | Pan      | 85212 ||| Stepping ~*~*~tactically~*~*~ (stealth).
 85283 | Pan      | Entered the realm of Gloorx Vloq.
 85340 | Pan      | Found an exit through the horrors of the Abyss.
 85545 | Pan      | 85545 ||| Stepping ~*~*~tactically~*~*~ (stealth).
 85686 | Pan      | 85686 ||| Stepping ~*~*~tactically~*~*~ (stealth).
 85688 | Pan      | 85688 ||| Stepping ~*~*~tactically~*~*~ (hiding).
 85717 | Pan      | 85717 ||| Stepping ~*~*~tactically~*~*~ (stealth).
 85724 | Pan      | Noticed Gloorx Vloq
 85725 | Pan      | 85725 ||| INVOKING Cleansing Flame.
 85726 | Pan      | 85726 ||| INVOKING Summon Divine Warrior.
 85733 | Pan      | Killed Gloorx Vloq
 85737 | Pan      | 85737 ||| INVOKING Cleansing Flame.
 85751 | Pan      | Got a dark rune of Zot
 85812 | Pan      | Entered the realm of Mnoleg.
 85813 | Pan      | Gained mutation: Your body sometimes deteriorates upon
                  | taking damage. [a neqoxec]
 85820 | Pan      | 85820 ||| Stepping ~*~*~tactically~*~*~ (hiding).
 85825 | Pan      | 85825 ||| Stepping ~*~*~tactically~*~*~ (hiding).
 85865 | Pan      | 85865 ||| Stepping ~*~*~tactically~*~*~ (stealth).
 85875 | Pan      | Gained mutation: You are weak. (Str -2) [a neqoxec]
 85885 | Pan      | 85885 ||| Stepping ~*~*~tactically~*~*~ (stealth).
 85887 | Pan      | Noticed Mnoleg
 85888 | Pan      | 85888 ||| INVOKING Summon Divine Warrior.
 85893 | Pan      | 85893 ||| INVOKING Cleansing Flame.
 85896 | Pan      | 85896 ||| INVOKING Cleansing Flame.
 85897 | Pan      | 85897 ||| INVOKING Cleansing Flame.
 85898 | Pan      | 85898 ||| INVOKING Cleansing Flame.
 85899 | Pan      | 85899 ||| INVOKING Cleansing Flame.
 85902 | Pan      | Killed Mnoleg
 85934 | Pan      | Gained mutation: You are occasionally teleported next to
                  | monsters. [a neqoxec]
 85942 | Pan      | Gained mutation: You are very weak. (Str -4) [a neqoxec]
 85944 | Pan      | Gained mutation: Your body often deteriorates upon taking
                  | damage. [a cacodemon]
 85948 | Pan      | 85948 ||| DRINKING 6 potions of mutation.
 85948 | Pan      | Lost mutation: You expend magic power (3 MP) to strengthen
                  | your wands. [potion of mutation]
 85948 | Pan      | Lost mutation: Your body often deteriorates upon taking
                  | damage. [potion of mutation]
 85948 | Pan      | Lost mutation: Your body sometimes deteriorates upon taking
                  | damage. [potion of mutation]
 85948 | Pan      | Lost mutation: You are occasionally teleported next to
                  | monsters. [potion of mutation]
 85948 | Pan      | Gained mutation: Your natural rate of healing is unusually
                  | fast. [potion of mutation]
 85956 | Pan      | Got a glowing rune of Zot
 85969 | Pan      | 85969 ||| Stepping ~*~*~tactically~*~*~ (hiding).
 85972 | Pan      | 85972 ||| Stepping ~*~*~tactically~*~*~ (hiding).
 85976 | Pan      | 85976 ||| Stepping ~*~*~tactically~*~*~ (hiding).
 85982 | Pan      | Gained mutation: You are frail. (-10% HP) [a cacodemon]
 85988 | Pan      | 85988 ||| DRINKING 5 potions of mutation.
 85988 | Pan      | Lost mutation: Your natural rate of healing is unusually
                  | fast. [potion of mutation]
 85988 | Pan      | Lost mutation: You are very weak. (Str -4) [potion of
                  | mutation]
 85988 | Pan      | Lost mutation: You are clumsy. (Dex -2) [potion of
                  | mutation]
 85988 | Pan      | Gained mutation: Potions are less effective at restoring
                  | your health. [potion of mutation]
 85988 | Pan      | Gained mutation: Your spells are a little harder to cast,
                  | but a little more powerful. [potion of mutation]
 85989 | Pan      | 85989 ||| DRINKING 4 potions of mutation.
 85989 | Pan      | Lost mutation: Potions are less effective at restoring your
                  | health. [potion of mutation]
 85989 | Pan      | Lost mutation: You are weak. (Str -2) [potion of mutation]
 85989 | Pan      | Gained mutation: Your natural rate of healing is unusually
                  | fast. [potion of mutation]
 85990 | Pan      | 85990 ||| DRINKING 3 potions of mutation.
 85990 | Pan      | Lost mutation: Your natural rate of healing is unusually
                  | fast. [potion of mutation]
 85990 | Pan      | Lost mutation: Your spells are a little harder to cast, but
                  | a little more powerful. [potion of mutation]
 85990 | Pan      | Lost mutation: You are frail. (-10% HP) [potion of
                  | mutation]
 85990 | Pan      | Gained mutation: You have a beak for a mouth. [potion of
                  | mutation]
 86038 | Pan      | 86038 ||| Stepping ~*~*~tactically~*~*~ (stealth).
 86075 | Pan      | 86075 ||| Stepping ~*~*~tactically~*~*~ (stealth).
 86220 | Pan      | 86220 ||| Stepping ~*~*~tactically~*~*~ (stealth).
 86224 | Pan      | Entered the realm of Lom Lobon.
 86279 | Pan      | Noticed Lom Lobon
 86280 | Pan      | 86280 ||| DRINKING 9 potions of haste.
 86281 | Pan      | 86281 ||| INVOKING Summon Divine Warrior.
 86282 | Pan      | 86282 ||| DRINKING 13 potions of might.
 86306 | Pan      | 86306 ||| DROPPING amulet of guardian spirit.
 86307 | Pan      | 86307 ||| DROPPING ring of see invisible.
 86308 | Pan      | 86308 ||| INVOKING Cleansing Flame.
 86309 | Pan      | 86309 ||| INVOKING Cleansing Flame.
 86310 | Pan      | 86310 ||| INVOKING Cleansing Flame.
 86311 | Pan      | 86311 ||| INVOKING Summon Divine Warrior.
 86312 | Pan      | 86312 ||| DROPPING ring of ice.
 86313 | Pan      | 86313 ||| DROPPING ring of wizardry.
 86314 | Pan      | 86314 ||| Stepping randomly (cloudy).
 86315 | Pan      | 86315 ||| Stepping randomly (cloudy).
 86316 | Pan      | 86316 ||| Stepping randomly (cloudy).
 86324 | Pan      | 86324 ||| INVOKING Cleansing Flame.
 86325 | Pan      | 86325 ||| INVOKING Cleansing Flame.
 86326 | Pan      | 86326 ||| INVOKING Cleansing Flame.
 86327 | Pan      | 86327 ||| INVOKING Cleansing Flame.
 86328 | Pan      | 86328 ||| INVOKING Summon Divine Warrior.
 86332 | Pan      | 86332 ||| DRINKING 7 potions of magic.
 86333 | Pan      | 86333 ||| INVOKING Summon Divine Warrior.
 86335 | Pan      | 86335 ||| INVOKING Summon Divine Warrior.
 86339 | Pan      | Killed Lom Lobon
 86340 | Pan      | 86340 ||| Stepping randomly (cloudy).
 86342 | Pan      | 86342 ||| INVOKING Summon Divine Warrior.
 86344 | Pan      | 86344 ||| INVOKING Cleansing Flame.
 86532 | Pan      | Reached skill level 1 in Short Blades
 86579 | Pan      | Reached skill level 27 in Armour
 86580 | Pan      | 86580 ||| Stepping randomly (cloudy).
 86631 | Pan      | 86631 ||| Stepping randomly (cloudy).
 86632 | Pan      | 86632 ||| Stepping randomly (cloudy).
 86670 | Pan      | Identified the +1 leather armour of the Orb {-Tele Rampage
                  | Dex+4}
 86677 | Pan      | 86677 ||| READING scroll of enchant armour.
 86677 | Pan      | 86677 ||| ENCHANTING +10 gold dragon scales.
 86707 | Pan      | Got a magical rune of Zot
 86709 | Pan      | 86709 ||| Stepping ~*~*~tactically~*~*~ (stealth).
 86710 | Pan      | 86710 ||| Stepping ~*~*~tactically~*~*~ (stealth).
 86797 | Pan      | 86797 ||| Stepping ~*~*~tactically~*~*~ (hiding).
 86799 | Pan      | 86799 ||| Stepping ~*~*~tactically~*~*~ (hiding).
 86853 | Pan      | 86853 ||| Stepping ~*~*~tactically~*~*~ (cloud).
 86891 | Pan      | 86891 ||| Stepping ~*~*~tactically~*~*~ (hiding).
 86899 | Pan      | 86899 ||| Stepping ~*~*~tactically~*~*~ (stealth).
 86946 | Pan      | 86946 ||| Stepping ~*~*~tactically~*~*~ (stealth).
 87017 | Pan      | 87017 ||| Stepping ~*~*~tactically~*~*~ (hiding).
 87018 | Pan      | 87018 ||| Stepping ~*~*~tactically~*~*~ (hiding).
 87029 | Pan      | 87029 ||| Stepping ~*~*~tactically~*~*~ (hiding).
 87275 | Pan      | 87275 ||| Stepping ~*~*~tactically~*~*~ (hiding).
 87309 | Pan      | Found an exit through the horrors of the Abyss.
 87386 | Pan      | 87386 ||| Stepping randomly (cloudy).
 87422 | Pan      | 87422 ||| Stepping ~*~*~tactically~*~*~ (stealth).
 87426 | Pan      | 87426 ||| Stepping ~*~*~tactically~*~*~ (hiding).
 87489 | Pan      | 87489 ||| Stepping ~*~*~tactically~*~*~ (stealth).
 87491 | Pan      | 87491 ||| Stepping ~*~*~tactically~*~*~ (hiding).
 87627 | Pan      | Reached skill level 3 in Short Blades
 87633 | Pan      | 87633 ||| PLANNING SLIME:5
 87633 | Pan      | 87633 ||| SWAPPING to +4 broad axe "Duaxaom" {spect, +Blink
                  | MP+9 Str+2}.
 87659 | Pan      | 87659 ||| DROPPING +2 helmet.
 87660 | Pan      | 87660 ||| DROPPING +1 pair of gloves.
 87661 | Pan      | 87661 ||| UPGRADING to +1 pair of boots "Codd" {Rampage
                  | rCorr Int+7 Dex-5}.
 87671 | Pan      | 87671 ||| UPGRADING to ring of Balance {+Blink rF- rC+
                  | Int+8 Dex+3}.
 87673 | Pan      | 87673 ||| UPGRADING to +4 ring of protection.
 87773 | Pan      | 87773 ||| Stepping ~*~*~tactically~*~*~ (stealth).
 87774 | Pan      | 87774 ||| Stepping ~*~*~tactically~*~*~ (hiding).
 87856 | Pan      | 87856 ||| Stepping ~*~*~tactically~*~*~ (hiding).
 88009 | Pan      | 88009 ||| Stepping ~*~*~tactically~*~*~ (hiding).
 88010 | Pan      | 88010 ||| Stepping ~*~*~tactically~*~*~ (hiding).
 88027 | Pan      | 88027 ||| Stepping ~*~*~tactically~*~*~ (stealth).
 88148 | Pan      | 88148 ||| Stepping ~*~*~tactically~*~*~ (stealth).
 88161 | Pan      | Noticed Foab the pandemonium lord
 88162 | Pan      | 88162 ||| INVOKING Summon Divine Warrior.
 88177 | Pan      | Killed Foab the pandemonium lord
 88202 | Pan      | 88202 ||| Stepping randomly (cloudy).
 88203 | Pan      | 88203 ||| Stepping ~*~*~tactically~*~*~ (hiding).
 88221 | Pan      | 88221 ||| INVOKING Cleansing Flame.
 88223 | Pan      | Reached skill level 27 in Fighting
 88284 | Pan      | 88284 ||| Stepping ~*~*~tactically~*~*~ (hiding).
 88286 | Pan      | Gained mutation: You are dopey. (Int -2) [a neqoxec]
 88288 | Pan      | 88288 ||| Stepping ~*~*~tactically~*~*~ (hiding).
 88385 | Pan      | 88385 ||| Stepping ~*~*~tactically~*~*~ (stealth).
 88520 | Pan      | Found an exit through the horrors of the Abyss.
 88749 | Depths:2 | Escaped Pandemonium
 89070 | Slime:1  | Entered Level 1 of the Pits of Slime
 89094 | Slime:2  | 89094 ||| STAIRDANCE
 89101 | Slime:2  | 89101 ||| STAIRDANCE
 89107 | Slime:2  | 89107 ||| STAIRDANCE
 89170 | Slime:2  | You are sucked into a shaft and drop 1 floor!
 89234 | Slime:3  | 89234 ||| INVOKING Summon Divine Warrior.
 89236 | Slime:3  | 89236 ||| READING 14 scrolls of teleportation.
 89237 | Slime:3  | 89237 ||| Stepping randomly (stuck).
 89238 | Slime:3  | 89238 ||| Stepping randomly (stuck).
 89240 | Slime:3  | 89240 ||| READING 13 scrolls of teleportation.
 89241 | Slime:3  | 89241 ||| Stepping randomly (stuck).
 89241 | Slime:3  | HP: 49/199 [acid (11)]
 89242 | Slime:3  | 89242 ||| Stepping randomly (stuck).
 89243 | Slime:3  | 89243 ||| READING 12 scrolls of teleportation.
 89244 | Slime:3  | 89244 ||| DRINKING 13 potions of heal wounds.
 89255 | Slime:3  | 89255 ||| INVOKING Summon Divine Warrior.
 89605 | Slime:4  | Gained mutation: You occasionally lose the ability to drink
                  | potions when taking damage. [a shining eye]
 89607 | Slime:4  | Gained mutation: You are clumsy. (Dex -2) [a shining eye]
 89612 | Slime:4  | 89612 ||| DRINKING 2 potions of mutation.
 89612 | Slime:4  | Lost mutation: You are dopey. (Int -2) [potion of mutation]
 89612 | Slime:4  | Lost mutation: You occasionally lose the ability to drink
                  | potions when taking damage. [potion of mutation]
 89612 | Slime:4  | Lost mutation: You have a beak for a mouth. [potion of
                  | mutation]
 89612 | Slime:4  | Gained mutation: Armour fits poorly on your strangely
                  | shaped body. [potion of mutation]
 89612 | Slime:4  | Gained mutation: You are frail. (-10% HP) [potion of
                  | mutation]
 89612 | Slime:4  | Gained mutation: You possess an exceptional clarity of
                  | mind. [potion of mutation]
 89613 | Slime:4  | 89613 ||| DRINKING potion of mutation.
 89613 | Slime:4  | Lost mutation: You are frail. (-10% HP) [potion of
                  | mutation]
 89613 | Slime:4  | Lost mutation: You are clumsy. (Dex -2) [potion of
                  | mutation]
 89613 | Slime:4  | Gained mutation: Your mind is acute. (Int +4, Str/Dex -1)
                  | [potion of mutation]
 89613 | Slime:4  | Gained mutation: Your magical capacity is low. (-10% MP)
                  | [potion of mutation]
 89613 | Slime:4  | Gained mutation: You are frail. (-10% HP) [potion of
                  | mutation]
 89613 | Slime:4  | Gained mutation: You have a pair of small horns on your
                  | head. [potion of mutation]
 89614 | Slime:4  | 89614 ||| READING 11 scrolls of teleportation.
 89615 | Slime:4  | 89615 ||| Stepping randomly (stuck).
 89616 | Slime:4  | 89616 ||| Stepping randomly (stuck).
 89617 | Slime:4  | 89617 ||| Stepping randomly (stuck).
 89812 | Slime:5  | Entered Level 5 of the Pits of Slime
 89831 | Slime:5  | Paralysed by a floating eye for 2 turns
 89845 | Slime:5  | Reached skill level 24 in Shields
 89860 | Slime:5  | 89860 ||| INVOKING Summon Divine Warrior.
 90124 | Slime:5  | Noticed the Royal Jelly
 90126 | Slime:5  | 90126 ||| INVOKING Summon Divine Warrior.
 90143 | Slime:5  | 90143 ||| INVOKING Summon Divine Warrior.
 90150 | Slime:5  | HP: 33/179 [acid blob (20)]
 90151 | Slime:5  | 90151 ||| READING 10 scrolls of teleportation.
 90152 | Slime:5  | 90152 ||| DRINKING 12 potions of heal wounds.
 90153 | Slime:5  | 90153 ||| DRINKING 11 potions of heal wounds.
 90160 | Slime:5  | 90160 ||| INVOKING Summon Divine Warrior.
 90175 | Slime:5  | HP: 43/179 [acid blob (10)]
 90176 | Slime:5  | 90176 ||| READING 9 scrolls of teleportation.
 90177 | Slime:5  | 90177 ||| DRINKING 10 potions of heal wounds.
 90190 | Slime:5  | 90190 ||| INVOKING Summon Divine Warrior.
 90197 | Slime:5  | HP: 44/179 [acid blob[the Royal Jelly] (4)]
 90198 | Slime:5  | 90198 ||| READING 8 scrolls of teleportation.
 90198 | Slime:5  | HP: 17/179 [acid blob[the Royal Jelly] (8)]
 90199 | Slime:5  | 90199 ||| DRINKING 9 potions of heal wounds.
 90199 | Slime:5  | HP: 1/179 [rockslime[the Royal Jelly] (18)]
 90200 | Slime:5  | 90200 ||| DRINKING 8 potions of heal wounds.
 90201 | Slime:5  | 90201 ||| DRINKING 7 potions of heal wounds.
 90333 | Slime:5  | 90333 ||| INVOKING Summon Divine Warrior.
 90609 | Slime:5  | Found a viscous altar of Jiyva.
 90626 | Slime:5  | Lost mutation: You possess an exceptional clarity of mind.
                  | [a shining eye]
 90639 | Slime:5  | 90639 ||| INVOKING Summon Divine Warrior.
 90653 | Slime:5  | 90653 ||| INVOKING Summon Divine Warrior.
 90653 | Slime:5  | HP: 30/179 [rockslime[the Royal Jelly] (24)]
 90654 | Slime:5  | 90654 ||| READING 7 scrolls of teleportation.
 90655 | Slime:5  | 90655 ||| DRINKING 6 potions of heal wounds.
 90658 | Slime:5  | 90658 ||| DRINKING 5 potions of heal wounds.
 90658 | Slime:5  | HP: 29/179 [azure jelly[the Royal Jelly] (22)]
 90659 | Slime:5  | 90659 ||| DRINKING 4 potions of heal wounds.
 90668 | Slime:5  | 90668 ||| DRINKING 3 potions of heal wounds.
 90674 | Slime:5  | HP: 39/179 [quicksilver ooze[the Royal Jelly] (6)]
 90675 | Slime:5  | 90675 ||| READING 6 scrolls of teleportation.
 90676 | Slime:5  | 90676 ||| DRINKING 2 potions of heal wounds.
 90679 | Slime:5  | HP: 44/179 [acid[the Royal Jelly] (1)]
 90680 | Slime:5  | 90680 ||| DRINKING potion of heal wounds.
 90681 | Slime:5  | 90681 ||| DRINKING 5 potions of cancellation.
 90682 | Slime:5  | 90682 ||| INVOKING Summon Divine Warrior.
 90695 | Slime:5  | 90695 ||| INVOKING Summon Divine Warrior.
 91227 | Slime:5  | 91227 ||| INVOKING Summon Divine Warrior.
 91239 | Slime:5  | 91239 ||| DRINKING 4 potions of cancellation.
 91244 | Slime:5  | HP: 36/179 [rockslime[the Royal Jelly] (16)]
 91245 | Slime:5  | 91245 ||| READING 5 scrolls of teleportation.
 91247 | Slime:5  | HP: 14/179 [azure jelly[the Royal Jelly] (4)]
 91248 | Slime:5  | Slain by a quicksilver ooze

Levels and vault maps discovered:
D:1:      denvon_arrival_waterhouse, layout_basic, shapermc_ecumenical_altar_gd,
          serial_shops, shop_fountains, st_stairs_4
D:2:      layout_basic, basic_altar, serial_shops, shop, minmay_split_cup_large
D:3:      layout_loops_corners, kennysheep_orc_sif_temple,
          amcnicky_altar_gilded, cheibrodos_sewer_entry_drain
D:4:      layout_loops_cross, yredelemnul_altar_generic,
          grunt_dithmenos_smoke_and_mirrors, mainiacjoe_overflow_catwalk_spiral,
          chequers_avenue, corexii_mini_fake_secret_closet,
          kennysheep_generic_room_6, uniq_robin, uniq_grinder
D:5:      layout_basic, mainiacjoe_overflow_brackets,
          mainiacjoe_overflow_small_starburst, kennysheep_mini_moat,
          dreamdust_princess_corridor, minmay_chambers_of_fives
D:6:      layout_basic
D:7:      layout_cave_pools, elyvilon_altar_5, minmay_temple_entry_butterflies,
          enter_ossuary_1, serial_bayou_pond_b
D:8:      layout_loops_ring, slow_altar_2, grunt_lair_entry_orc_guard_hut
D:9:      layout_basic, tso_metal_star
D:10:     layout_roguey, lemuel_coloured_pillars_altar,
          gammafunk_ghost_wrathful_warriors, serial_ice, serial_ice_f,
          serial_ice_k, serial_ice_b, serial_ice_c, minivault_25, uniq_joseph,
          uniq_gastronok, uniq_grum, uniq_josephine
D:11:     minmay_quarter_circles, layout_small_grid, trove_entry_hex_spiral,
          nicolae_qazlal_eye_of_the_storm
D:12:     layout_big_octagon, orc_0_dummy, serial_demonic, serial_demonic_f,
          serial_demonic_f, serial_demonic_f, serial_demonic_c,
          hellmonk_guarded_unrand_gyre_and_gimble
D:13:     layout_stronghold, david_vaults_2
D:14:     layout_cave_pools, hex_medium
D:15:     hangedman_depths_entry_civil_slaughter, layout_basic, serial_shops,
          nicolae_shop_statue_plus, uniq_roxanne, uniq_louise
Lair:1:   layout_regular_city, basic_altar, uniq_amaemon, uniq_harold
Lair:2:   nzn_winding_woodlands_large [nzn_winding_woodlands_5x5_three,
          nzn_winding_woodlands_5x15_crooked,
          nzn_winding_woodlands_5x5_closed_star,
          nzn_winding_woodlands_center_pierced_h,
          nzn_winding_woodlands_15x15_thick_spiral,
          nzn_winding_woodlands_center_lodge,
          nzn_winding_woodlands_5x5_checkerboard,
          nzn_winding_woodlands_5x15_sidewinder,
          nzn_winding_woodlands_5x5_cross], layout_misc_corridors,
          minmay_shoals_entry_hut, special_room [special_room_bee],
          serial_bayou_shore_b, uniq_erica
Lair:3:   layout_cave_pods, guppyfry_snake_entry_island,
          grunt_forest_small_clearing_treed, grunt_megastairs_5,
          infiniplex_staircase_pool_2
Lair:4:   layout_roguey [special_room_mythical_zoo],
          nicolae_slime_entry_slimehenge, grunt_megastairs_4,
          lemuel_fruit_fields, lemuel_fruit_tree
Lair:5:   gammafunk_lair_ancient_temple, layout_regular_city
Shoals:1: cheibrodos_shoals_baths, layout_shoals, serial_shops,
          nicolae_shop_statue_plus, shop,
          nicolae_shoals_lost_giant_amphitheater, serial_nicolae_subway,
          nicolae_sub_station_crystal, nicolae_sub_station_metal,
          nicolae_sub_station_stone
Shoals:2: layout_shoals, hellmonk_ghost_happy_afterlife, serial_shops,
          nicolae_shop_hallway_plus, nicolae_shoals_aquamancer_cove
Shoals:3: layout_shoals, hangedman_shoals_cup_caves
Shoals:4: shoals_end_hangedman, layout_shoals, shoal_ilsuiw,
          nicolae_shop_self_help
Snake:1:  layout_chambers, nicolae_snake_squiggles
Snake:2:  layout_onion, minmay_shop_star, grunt_megastairs_1,
          serial_bayou_shore_a
Snake:3:  layout_onion, nicolae_shop_sticking_my_neck_out
Snake:4:  snake_pit, layout_chambers, serial_shops, nicolae_shop_crystal,
          serial_bayou_shore_b
Slime:1:  layout_caves
Slime:2:  layout_caves
Slime:3:  cheibrodos_slime_lost_civilization_8, layout_caves
Slime:4:  layout_caves
Slime:5
Orc:1:    layout_caves, basic_altar, uniq_nergalle
Orc:2:    grunt_orc_community_town_hall, layout_caves,
          grunt_orc_community_big_house_1, grunt_orc_community_big_house_2,
          grunt_orc_community_house_3, grunt_orc_community_house_3,
          grunt_orc_community_house_2, grunt_orc_community_house_2,
          grunt_orc_community_house_3, nicolae_orc_damp_corner,
          nicolae_orc_bridge_out, okawaru_metal_pillars_3
Vaults:1: gammafunk_ghost_abyssal_escape, vaults_room_door_hall, st_hourglassy,
          v_rooms_3, vaults_dpeg_encased_lava, vaults_dpeg_diagonal,
          vaults_room_pools, vaults_dpeg_ring, nicolae_vaults_shelves_hall,
          nicolae_vaults_little_squares_3, layout_vaults_chaotic_city,
          uniq_donald
Vaults:2: nicolae_vaults_ninety_degrees, vaults_room_fancy_cross,
          vaults_room_grid, nicolae_vaults_circle_grid_b,
          nicolae_vaults_network_barrier, v_misc_15, ontoclasm_vaults_spin,
          v_alt_pattern_2, v_pattern_5, layout_vaults_omnigrid, uniq_aizul
Vaults:3: minmay_crypt_entry_vampire_xt, serial_ice_g,
          vaults_standard_mumra_lines, grunt_vaults_trifunnel,
          nicolae_vaults_network_quincunx
          [nicolae_vaults_network_quincunx_subvault,
          nicolae_vaults_network_quincunx_subvault,
          nicolae_vaults_network_quincunx_subvault,
          nicolae_vaults_network_quincunx_subvault,
          nicolae_vaults_network_quincunx_subvault],
          nicolae_vaults_three_branches, nicolae_vaults_what_the_h,
          nicolae_vaults_network_s, v_misc_19, vaults_dpeg_hooks,
          ontoclasm_vaults_pinch, vaults_room_stairs_pillars,
          layout_vaults_omnibox
Vaults:4: v_misc_12, v_rooms_2, v_misc_26, v_misc_12,
          kennysheep_vaults_gozag_temple, dpeg_vaults_monster_box, v_misc_16,
          v_misc_17, layout_vaults_omnicross, serial_shops, nicolae_shop_stone,
          uniq_margery
Vaults:5
Crypt:1:  layout_basic
Crypt:2:  layout_gridlike
Crypt:3:  quadcrypt_mu
Tomb:1
Tomb:2
Tomb:3
Depths:1: layout_forbidden_donut, grunt_decor_one_mirror, serial_column_ruins,
          column_ruins_pillar_2, column_ruins_pillar_6, column_ruins_pillar_3,
          column_ruins_pillar_3, column_ruins_pillar_11, column_ruins_pillar_2,
          column_ruins_pillar_3, column_ruins_pillar_4, column_ruins_pillar_2,
          column_ruins_pillar_2, column_ruins_pillar_7, column_ruins_portal_hut,
          hell_entry, minmay_misc_feat_encased, minmay_splitting_lines,
          zin_academy, serial_bayou_shore_b
Depths:2: gammafunk_the_bubble [the_bubble_gammafunk_roulette], layout_gridlike,
          nicolae_hell_entry_hellmouth_sunbeams, rand_demon_pan_entry_7,
          uniq_asterion
Depths:3: minmay_the_grid_octo_tiled_squarecenter_mashed
          [minmay_the_grid_octo_empty, minmay_the_grid_octo_odd_swirl,
          minmay_the_grid_octo_77, minmay_the_grid_octo_horde,
          minmay_the_grid_square_5x5_megaprize_diamond,
          minmay_the_grid_square_5x5_hourglass, minmay_the_grid_square_5x5_mess,
          minmay_the_grid_square_5x5_bridge, minmay_the_grid_square_5x5_lines],
          layout_basic, enter_ziggurat_e, grunt_pan_entry_sceptre, hell_entry,
          nzn_hepliaklqana_mist_gate, infiniplex_enter_wizlab_glasses,
          abyss_entry_glasseish, uniq_enchantress
Depths:4: grunt_zot_entry_funnels, layout_gridlike, abyss_entry, hell_entry,
          grunt_pan_entry_in_and_out, grunt_megastairs_2
Zot:1:    layout_concentric_octagons, zot_minivault_7
Zot:2:    kennysheep_bubbly, layout_basic
Zot:3:    gammafunk_sealed_arena, layout_misc_corridors, grunt_ministairs_4,
          lemuel_elevator
Zot:4:    layout_twisted_circle, basic_altar, drop_trap

Skill      XL: |  1  2  3  4  5  6  7  8  9 10 11 12 13 14 15 16 17 18 19 20 21 22 23 24 25 26 27 |
---------------+----------------------------------------------------------------------------------+-----
Axes           | 2 3 4 5 6 8 9 11 12 14 15 17 18 | 18.7
Throwing       | 1 2 4 5 6 7 8 10 11 12 13 14 15 | 15.0
Fighting       | 4 5 6 7 8 9 10 11 12 13 15 16 18 19 21 22 25 27 | 27.0
Dodging        | 2 3 5 7 8 9 10 11 | 11.0
Armour         | 4 5 6 7 8 9 11 12 13 14 15 16 18 19 21 22 27 | 27.0
Invocations    | 1 4 8 10 15 27 | 27.0
Shields        | 5 9 10 11 12 13 15 17 18 19 20 21 22 24 | 24.0
Short Blades   | 5 |  5.3

Action                   |  1- 3 |  4- 6 |  7- 9 | 10-12 | 13-15 | 16-18 | 19-21 | 22-24 | 25-27 || total
-------------------------+-------+-------+-------+-------+-------+-------+-------+-------+-------++-------
Melee: War axe           |    56 |   174 |   280 |   436 |       |       |       |       |       ||   946
       Broad axe         |       |       |       |    58 |   694 |  1068 |  1108 |  1096 |  2782 ||  6806
       Demon whip        |       |       |       |    15 |    64 |       |       |       |       ||    79
       Peck              |       |       |       |       |       |       |       |       |   125 ||   125
       Headbutt          |       |       |       |       |       |       |       |       |    79 ||    79
Throw: Javelin           |    13 |    26 |    34 |     3 |    76 |    30 |    64 |   120 |   240 ||   606
       Boomerang         |       |       |     6 |    46 |   144 |   100 |    64 |    32 |   197 ||   589
Invok: Heroism           |       |       |    10 |    32 |    34 |    52 |    41 |    42 |    25 ||   236
       Finesse           |       |       |       |     2 |    12 |     7 |    15 |    14 |     1 ||    51
       Cleansing Flame   |       |       |       |       |       |       |       |       |   124 ||   124
       Summon Divine War |       |       |       |       |       |       |       |       |    53 ||    53
       Brand Weapon With |       |       |       |       |       |       |       |       |     1 ||     1
  Use: Scroll            |     3 |    11 |    12 |     5 |     4 |     5 |     1 |     6 |    37 ||    84
       Potion            |       |     3 |     4 |     2 |       |       |     1 |     1 |    42 ||    53
 Stab: Distracted        |       |       |       |     1 |    14 |     3 |       |       |       ||    18
       Paralysed         |       |       |       |       |     1 |       |       |       |       ||     1
       Held in net/web   |       |       |       |       |       |     1 |       |       |       ||     1
       Confused          |       |       |       |       |       |       |       |       |     4 ||     4
Armor: Scale mail        |    31 |    41 |       |       |       |       |       |       |       ||    72
       Chain mail        |       |    38 |     6 |       |       |   128 |   230 |   248 |       ||   650
       Plate armour      |       |       |   226 |   209 |   307 |   260 |       |       |       ||  1002
       Gold dragon scale |       |       |       |       |       |       |       |    96 |  1212 ||  1308
Dodge: Dodged            |    26 |    64 |   110 |   128 |   129 |   174 |   185 |   241 |   564 ||  1621
Block: Buckler           |    20 |    28 |    55 |       |       |       |       |       |       ||   103
       Kite shield       |       |       |     3 |   236 |   257 |    70 |       |       |       ||   566
       Tower shield      |       |       |       |       |       |   891 |   844 |   979 |  2819 ||  5533
       Reflection        |       |       |       |       |       |    85 |    57 |    25 |    91 ||   258

Table legend:
 A = Non-vault XP
 B = Vault XP
 C = Vault XP percentage of total XP
 D = Non-vault monster count
 E = Vault monster count
 F = Vault count percentage of total count
                 A         B        C        D         E       F
            +---------+---------+-------+---------+---------+-------
      Total | 1045411 |  978468 |  48.3 |    1777 |    1306 |  42.4
            +---------+---------+-------+---------+---------+-------
        D:1 |      24 |       4 |  14.3 |      12 |       2 |  14.3
        D:2 |      46 |       8 |  14.8 |      10 |       4 |  28.6
        D:3 |      94 |      78 |  45.3 |      14 |       5 |  26.3
        D:4 |     314 |     366 |  53.8 |      24 |      16 |  40.0
        D:5 |     602 |     158 |  20.8 |      20 |       5 |  20.0
        D:6 |     830 |       0 |   0.0 |      14 |       0 |   0.0
        D:7 |    1817 |       3 |   0.2 |      38 |       1 |   2.6
        D:8 |     825 |     904 |  52.3 |      14 |       6 |  30.0
        D:9 |    1230 |       0 |   0.0 |      20 |       0 |   0.0
       D:10 |    2821 |    6303 |  69.1 |      28 |      24 |  46.2
       D:11 |    2158 |    5495 |  71.8 |       5 |      21 |  80.8
       D:12 |    2744 |    6876 |  71.5 |      14 |      13 |  48.1
       D:13 |    5214 |    1127 |  17.8 |      12 |       3 |  20.0
       D:14 |   15344 |       0 |   0.0 |      28 |       0 |   0.0
       D:15 |   11466 |    7253 |  38.7 |      27 |       8 |  22.9
     Lair:1 |    4353 |    2056 |  32.1 |      16 |       3 |  15.8
     Lair:2 |    9660 |   17663 |  64.6 |      40 |      62 |  60.8
     Lair:3 |    9992 |    1792 |  15.2 |      35 |       8 |  18.6
     Lair:4 |    4735 |    7446 |  61.1 |      20 |      37 |  64.9
     Lair:5 |   11344 |    9860 |  46.5 |      43 |      24 |  35.8
   Shoals:1 |   12573 |    2227 |  15.0 |      24 |       6 |  20.0
   Shoals:2 |   17760 |    3177 |  15.2 |      33 |       4 |  10.8
   Shoals:3 |   15112 |    6062 |  28.6 |      29 |      12 |  29.3
   Shoals:4 |    5243 |   23502 |  81.8 |      12 |      41 |  77.4
    Snake:1 |    8345 |       0 |   0.0 |      16 |       0 |   0.0
    Snake:2 |   21405 |     620 |   2.8 |      38 |       2 |   5.0
    Snake:3 |   20494 |       0 |   0.0 |      37 |       0 |   0.0
    Snake:4 |    7002 |   20246 |  74.3 |      17 |      34 |  66.7
    Slime:1 |    5956 |       0 |   0.0 |      12 |       0 |   0.0
    Slime:2 |    8526 |       0 |   0.0 |      15 |       0 |   0.0
    Slime:3 |    8122 |       0 |   0.0 |      16 |       0 |   0.0
    Slime:4 |    5965 |       0 |   0.0 |       7 |       0 |   0.0
    Slime:5 |   18043 |   17886 |  49.8 |      27 |      17 |  38.6
      Orc:1 |    3223 |     785 |  19.6 |      43 |       1 |   2.3
      Orc:2 |    4349 |    8743 |  66.8 |      27 |      73 |  73.0
   Vaults:1 |   25442 |   10689 |  29.6 |      38 |      15 |  28.3
   Vaults:2 |    6763 |   10162 |  60.0 |       9 |      14 |  60.9
   Vaults:3 |   26197 |   44533 |  63.0 |      33 |      57 |  63.3
   Vaults:4 |   19377 |   39293 |  67.0 |      26 |      48 |  64.9
   Vaults:5 |   11888 |  111968 |  90.4 |      14 |     102 |  87.9
    Crypt:1 |   38839 |       0 |   0.0 |      51 |       0 |   0.0
    Crypt:2 |   22086 |       0 |   0.0 |      35 |       0 |   0.0
    Crypt:3 |       0 |   54874 | 100.0 |       0 |      81 | 100.0
     Tomb:1 |    8751 |  103883 |  92.2 |      24 |      73 |  75.3
     Tomb:2 |   15933 |   28226 |  63.9 |      28 |      50 |  64.1
     Tomb:3 |   10121 |   63484 |  86.2 |      16 |      58 |  78.4
   Depths:1 |   17367 |       0 |   0.0 |      19 |       0 |   0.0
   Depths:2 |   41048 |   11469 |  21.8 |      53 |      15 |  22.1
   Depths:3 |   26990 |   46242 |  63.1 |      31 |      44 |  58.7
   Depths:4 |   59433 |   38971 |  39.6 |      65 |      46 |  41.4
      Zot:1 |   39716 |   21980 |  35.6 |      34 |      18 |  34.6
      Zot:2 |   74994 |   17113 |  18.6 |      64 |      12 |  15.8
      Zot:3 |   26543 |    8583 |  24.4 |      21 |       7 |  25.0
      Zot:4 |   80298 |       0 |   0.0 |      63 |       0 |   0.0
        Pan |  245894 |  216289 |  46.8 |     366 |     224 |  38.0
      Sewer |       0 |      69 | 100.0 |       0 |      10 | 100.0
            +---------+---------+-------+---------+---------+-------
